 Dungeon Crawl Stone Soup version 0.31-a0-18-gea43df2a32 (webtiles) character file.

Game seed: 1791348720396003795

9962514 scionoferis the Planerender (level 27, 292/294 HPs)
             Began as a Naga Ice Elementalist on May 5, 2023.
             Was the Champion of Cheibriados.
             Escaped with the Orb
             ... and 15 runes on May 11, 2023!
             The game lasted 18:25:18 (170464 turns).

scionoferis the Planerender (NaIE)                Turns: 170464, Time: 18:25:18

Health: 292/294    AC: 50    Str: 39    XL:     27
Magic:  50/50      EV: 36    Int: 49    God:    Cheibriados [******]
Gold:   14682      SH: 39    Dex: 36    Spells: 7/72 levels left

rFire   + + +        a - +9 demon trident (flame)
rCold   + + .        Y - +6 tower shield of Inviolability {rC+ Int+4 SInv}
rNeg    + + .        v - +9 scale mail "Zamp" {rF+++ Dex+5 SInv}
rPois   +            e - +2 helmet {Int+3}
rElec   .            j - +4 cloak of the Trees {Fly Dex+4}
rCorr   +            h - +0 pair of gloves of Demons {Slay+6}
SInv    +            i - +4 barding of Noon {rCorr Str+3}
Will    +++..        d - amulet of Attitude {Reflect rC+ rN++ Str-4 SH+5 SInv}
Stlth   ++++         w - ring of the Mage {Wiz Archmagi}
HPRegen 0.69/turn    I - ring "Xaum" {Str+6 Int+6}
MPRegen 0.32/turn

%: reflection, clarity, wizardry (x1), archmagi
@: flying, studying Unarmed Combat, very slow
A: AC +9, large, see invisible, deformed body, poison resistance, slowness 2,
spit poison 1, naga tail 2, claws 1, stinger 1, iridescent scales 1, camouflage
1, clarity
0: Orb of Zot
}: 15/15 runes: decaying, serpentine, slimy, silver, golden, iron, obsidian,
icy, bone, abyssal, demonic, glowing, magical, fiery, dark
a: Spit Poison, Renounce Religion, Bend Time, Temporal Distortion, Slouch, Step
From Time


You escaped.
You worshipped Cheibriados.
Cheibriados was exalted by your worship.
You visited 18 branches of the dungeon, and saw 88 of its levels.
You visited Pandemonium 4 times, and saw 16 of its levels.
You visited the Abyss 5 times.
You visited 1 ziggurat, and saw 15 of its levels.
You also visited: Trove, Bailey and Ice Cave.

You collected 21571 gold pieces.
You spent 6889 gold pieces at shops.


Innate Abilities, Weirdness & Mutations

Your serpentine skin is tough. (AC +9)
You have supernaturally acute eyesight. (SInv)
Armour fits poorly on your strangely shaped body.
Your system is resistant to poisons. (rPois)
You cover ground very slowly.
You can spit poison.
You can use your snake-like lower body to constrict enemies.
You have sharp fingernails.
Your tail ends in a venomous barb.
You are partially covered in iridescent scales. (AC +2)
Your skin changes colour to match your surroundings (Stealth+).
You possess an exceptional clarity of mind.


   Skills:
 - Level 26.0 Fighting
 - Level 18.0 Polearms
 - Level 20.0 Throwing
 - Level 18.0 Armour
 + Level 25.2 Dodging
 - Level 26.0 Stealth
 - Level 21.0 Shields
 - Level 23.0 Spellcasting
 - Level 3.0 Conjurations
 O Level 27 Summonings
 - Level 12.0 Necromancy
 - Level 18.0 Fire Magic
 - Level 18.0 Ice Magic
 - Level 3.0 Air Magic
 - Level 8.0 Earth Magic
 - Level 3.0 Poison Magic
 - Level 18.0 Invocations
 - Level 18.0 Evocations


You had 7 spell levels left.
You knew the following spells:

 Your Spells              Type           Power      Damage    Failure   Level
a - Apportation           Tloc           100%       N/A       1%          1
b - Sublimation of Blood  Necr           100%       N/A       0%          2
c - Borgnjor's Vile Clut  Necr/Erth      62%        N/A       1%          5
d - Animate Dead          Necr           100%       N/A       1%          4
e - Death Channel         Necr           65%        N/A       1%          6
f - Blink                 Tloc           100%       N/A       1%          2
g - Summon Horrible Thin  Summ           85%        N/A       1%          8
h - Hailstorm             Conj/Ice       100%       3d20      0%          3
i - Dragon's Call         Summ           85%        N/A       1%          9
j - Ignition              Fire           74%        3d19      1%          8
k - Lesser Beckoning      Tloc           100%       N/A       1%          2
n - Lee's Rapid Deconstr  Erth           58%        3d27*     1%          5
o - Ozocubu's Armour      Ice            100%       N/A       0%          3
r - Ozocubu's Refrigerat  Ice            74%        4d24      1%          7

Your spell library contained the following spells:

 Spells                   Type           Power      Damage    Failure   Level
 Foxfire                  Conj/Fire      100%       2x1d9     0%          1
 Freeze                   Ice            100%       1d10      0%          1
 Kiss of Death            Conj/Necr      100%       2d13      0%          1
 Necrotise                Necr           100%       1d9       0%          1
 Sandblast                Erth           100%       2d20      0%          1
 Summon Small Mammal      Summ           100%       N/A       0%          1
 Call Imp                 Summ           100%       N/A       0%          2
 Ensorcelled Hibernation  Hex/Ice        100%       N/A       0%          2
 Scorch                   Fire           100%       2d9       0%          2
 Call Canine Familiar     Summ           100%       N/A       0%          3
 Frozen Ramparts          Ice            100%       1d16      0%          3
 Summon Guardian Golem    Hex/Summ       100%       N/A       0%          3
 Vampiric Draining        Necr           100%       2d13      0%          3
 Animate Armour           Summ/Erth      100%       N/A       0%          4
 Summon Ice Beast         Ice/Summ       100%       N/A       0%          4
 Summon Lightning Spire   Summ/Air       100%       N/A       0%          4
 Summon Cactus Giant      Summ           85%        N/A       0%          6
 Monstrous Menagerie      Summ           85%        N/A       0%          7
 Summon Hydra             Summ           85%        N/A       0%          7
 Beastly Appendage        Tmut           100%       N/A       1%          1
 Magic Dart               Conj           100%       1d8       1%          1
 Shock                    Conj/Air       100%       1d9       1%          1
 Slow                     Hex            100%       N/A       1%          1
 Sting                    Tmut/Pois      100%       1d8       1%          1
 Cigotuvi's Dreadful Rot  Necr/Pois/Air  100%       N/A       1%          2
 Momentum Strike          Conj/Tloc      100%       3d10      1%          2
 Passwall                 Tmut/Erth      80%        N/A       1%          2
 Poisonous Vapours        Pois/Air       100%       N/A       1%          2
 Searing Ray              Conj           100%       2d8       1%          2
 Static Discharge         Conj/Air       100%       2-7/arc   1%          2
 Wereblood                Tmut           71%        N/A       1%          2
 Confusing Touch          Hex            71%        N/A       1%          3
 Dazzling Flash           Conj/Hex       100%       N/A       1%          3
 Ignite Poison            Fire/Tmut/Pois 100%       N/A       1%          3
 Inner Flame              Hex/Fire       100%       N/A       1%          3
 Mephitic Cloud           Conj/Pois/Air  91%        N/A       1%          3
 Portal Projectile        Hex/Tloc       100%       N/A       1%          3
 Spider Form              Tmut/Pois      82%        N/A       1%          3
 Stone Arrow              Conj/Erth      100%       3d13      1%          3
 Swiftness                Air            91%        N/A       1%          3
 Tukima's Dance           Hex            71%        N/A       1%          3
 Vhi's Electric Charge    Tloc/Air       100%       N/A       1%          3
 Volatile Blastmotes      Fire/Tloc      100%       2d18      1%          3
 Airstrike                Air            45%        2d(7-23)  1%          4
 Anguish                  Hex/Necr       53%        N/A       1%          4
 Cause Fear               Hex            35%        N/A       1%          4
 Dispel Undead            Necr           100%       3d31      1%          4
 Flame Wave               Conj/Fire      100%       2d21      1%          4
 Fulminant Prism          Conj/Hex       41%        3d19      1%          4
 Ice Form                 Ice/Tmut       100%       N/A       1%          4
 Iskenderun's Mystic Bla  Conj/Tloc      82%        2d16      1%          4
 Leda's Liquefaction      Hex/Erth       48%        N/A       1%          4
 Olgreb's Toxic Radiance  Pois           91%        N/A       1%          4
 Passage of Golubria      Tloc           71%        N/A       1%          4
 Petrify                  Tmut/Erth      97%        N/A       1%          4
 Sticky Flame             Conj/Fire      100%       2d11      1%          4
 Agony                    Necr           100%       N/A       1%          5
 Fireball                 Conj/Fire      63%        3d24      1%          5
 Freezing Cloud           Conj/Ice/Air   58%        6-21      1%          5
 Iskenderun's Battlesphe  Conj           91%        2d14      1%          5
 Metabolic Englaciation   Hex/Ice        60%        N/A       1%          5
 Summon Forest            Summ/Tloc      68%        N/A       1%          5
 Plasma Beam              Fire/Air       63%        2x1d86    1%          6
 Simulacrum               Ice/Necr       70%        N/A       1%          6
 Starburst                Conj/Fire      63%        6d17      1%          6
 Haunt                    Necr/Summ      76%        N/A       1%          7
 Malign Gateway           Summ/Tloc      68%        N/A       1%          7
 Spellforged Servitor     Conj/Summ      70%        N/A       1%          7
 Alistair's Intoxication  Tmut/Pois      54%        N/A       2%          5
 Irradiate                Conj/Tmut      41%        3d25      2%          5
 Silence                  Hex/Air        41%        N/A       2%          5
 Iron Shot                Conj/Erth      52%        9d10      3%          6
 Blade Hands              Tmut           35%        N/A       5%          5
 Yara's Violent Unravell  Hex/Tmut       35%        3d14      5%          5
 Statue Form              Tmut/Erth      64%        N/A       6%          6
 Conjure Ball Lightning   Conj/Air       45%        3x3d16    9%          6
 Eringya's Noxious Bog    Tmut/Pois      41%        N/A       16%         6
 Dispersal                Tloc           35%        N/A       28%         6
 Orb of Destruction       Conj           45%        9d12      41%         7
 Dragon Form              Tmut           35%        N/A       82%         7
 Enfeeble                 Hex            35%        N/A       82%         7
 Infestation              Necr           65%        N/A       9%          8
 Polar Vortex             Ice            74%        N/A       12%         9
 Lehudib's Crystal Spear  Conj/Erth      52%        10d12     75%         8
 Maxwell's Capacitive Co  Air            45%        ∞         97%         8
 Shatter                  Erth           58%        3d43*     99%         9
 Discord                  Hex            35%        N/A       100%        8
 Disjunction              Tloc           35%        N/A       100%        8

Inventory:

Hand Weapons
 a - a +9 demon trident of flaming (weapon)
   (You took it off Margery on level 2 of the Vaults)
 A - a +9 antimagic demon trident
   (You took it off a demonspawn corrupter in Pandemonium)
Missiles
 m - 10 curare-tipped darts
 t - 8 javelins
 C - 7 silver javelins
 N - 15 poisoned darts
 P - 4 boomerangs
 Q - a throwing net
 T - 10 silver boomerangs (quivered)
Armour
 e - a +2 helmet of intelligence (worn)
   (You found it on level 3 of the Elven Halls)
 h - the +0 pair of gloves of Demons (worn) {Slay+6}
   (You found it on level 4 of a ziggurat)

   Slay:      It affects your accuracy & damage with ranged weapons and melee
   (+6).
 i - the +4 barding of Noon (worn) {rCorr Str+3}
   (You acquired it on level 9 of the Dungeon)

   Str:       It affects your strength (+3).
   rCorr:     It protects you from acid and corrosion.
 j - the +4 cloak of the Trees (worn) {Fly Dex+4}
   (You found it in Pandemonium)

   Dex:       It affects your dexterity (+4).
   Fly:       It grants you flight.
 v - the +9 scale mail "Zamp" (worn) {rF+++ Dex+5 SInv}
   (You found it on level 5 of the Pits of Slime)

   Dex:       It affects your dexterity (+5).
   rF:        It renders you almost immune to fire.
   SInv:      It lets you see invisible.
 S - the orb of Dispater {+Damnation *Corrode AC+5}
   (You took it off Dispater on level 7 of the Iron City of Dis)

   +Damnation: It grants the ability to hurl damnation at the cost of health and
   magic, with strength depending on Evocations skill.
   AC:        It affects your AC (+5).
   *Corrode:  It may corrode you when you take damage.
 Y - the +6 tower shield of Inviolability (worn) {rC+ Int+4 SInv}
   (You took it off a daeva in Pandemonium)

   Int:       It affects your intelligence (+4).
   rC:        It protects you from cold.
   SInv:      It lets you see invisible.
Magical Staves
 b - a staff of cold
   (You found it in an ice cave)
Jewellery
 c - the ring of Fipnirr {Will+ Int+4}
   (You found it in Pandemonium)

   [ring of willpower]

   Int:       It affects your intelligence (+4).
   Will:      It increases your willpower.
 d - the amulet of Attitude (around neck) {Reflect rC+ rN++ Str-4 SH+5 SInv}
   (You took it off a mummy priest on level 3 of the Crypt)

   [amulet of reflection]

   It reflects blocked missile attacks.
   Str:       It affects your strength (-4).
   rC:        It protects you from cold.
   rN:        It greatly protects you from negative energy.
   SInv:      It lets you see invisible.
   SH:        It affects your SH (+5).
 n - the ring of Shadows {Umbra +Inv Stlth+}
   (You found it on level 7 of the Iron City of Dis)

   [ring of stealth]

   Umbra:     It surrounds you with an aura of shadow, increasing your stealth
   and reducing the accuracy of all others within it.
   +Inv:      It lets you turn invisible.
   Stlth:     It makes you more stealthy.
 w - the ring of the Mage (left hand) {Wiz Archmagi}
   (You took it off a deep elf zephyrmancer on level 3 of the Elven Halls)

   [ring of wizardry]

   It improves your spell success rate.
   Archmagi:  It increases the power of your magical spells.
 I - the ring "Xaum" (right hand) {Str+6 Int+6}
   (You found it on level 9 of a ziggurat)

   [ring of intelligence]

   Str:       It affects your strength (+6).
   Int:       It affects your intelligence (+6).
 V - the ring "Urirch" {Wiz rElec}
   (You took it off a tengu reaver on level 5 of the Vaults)

   [ring of wizardry]

   It improves your spell success rate.
   rElec:     It insulates you from electricity.
Wands
 k - a wand of iceblast (119)
   (You found it in a treasure trove)
 F - a wand of digging (38)
   (You found it on level 15 of a ziggurat)
 X - a wand of acid (65)
   (You found it in an ice cave)
Scrolls
 f - 8 scrolls of blinking
 g - 14 scrolls of magic mapping
 o - 8 scrolls of immolation
 s - a scroll of amnesia
 u - 7 scrolls of summoning
 y - 43 scrolls of teleportation
 J - 28 scrolls of fog
 M - 7 scrolls of poison
Potions
 q - 8 potions of brilliance
 x - 2 potions of ambrosia
 z - 2 potions of invisibility
 B - 41 potions of curing
 D - 10 potions of flight
 E - 11 potions of mutation
 G - 6 potions of cancellation
 H - 7 potions of resistance
 O - 4 potions of heal wounds
 U - 5 potions of magic
 Z - 15 potions of might
Miscellaneous
 l - a figurine of a ziggurat
 p - a tin of tremorstones (2/2)
   (You found it in a treasure trove)
 r - the horn of Geryon
   (You took it off Geryon in the Vestibule of Hell)
 K - a condenser vane
   (You bought it in a shop on level 2 of the Orcish Mines)
 L - a lightning rod (4/4)
   (You found it on level 1 of the Snake Pit)
 R - a phantom mirror (inert)
   (You found it on level 12 of the Dungeon)
 W - a box of beasts
   (You found it on level 12 of the Dungeon)

Dungeon Overview and Level Annotations

Branches:
Dungeon (15/15)            Temple (1/1) D:5            Lair (5/5) D:9
  Swamp (4/4) Lair:3        Snake (4/4) Lair:3        Slime (5/5) Lair:4
    Orc (2/2) D:10            Elf (3/3) Orc:2        Vaults (5/5) D:13
  Crypt (3/3) Vaults:3       Tomb (3/3) Crypt:3      Depths (4/4) D:15
   Hell (visited)             Dis (7/7) Hell            Geh (7/7) Hell
    Coc (7/7) Hell            Tar (7/7) Hell            Zot (5/5) Depths:4
 Bailey (visited)           IceCv (visited)

Altars:
Ashenzari
Cheibriados
Dithmenos
Elyvilon
Fedhas
Gozag
Hepliaklqana
Kikubaaqudgha
Makhleb
Nemelex Xobeh
Okawaru
Qazlal
Ru
Sif Muna
Trog
Uskayaw
Vehumet
Wu Jian
Xom
Yredelemnul
Zin
The Shining One
Jiyva

Shops:
D:5 *:   D:7 (   Orc:2 ??(*[   Elf:1 *   Elf:3 [   Snake:4 !   Vaults:1 =
Vaults:2 :=*!   Depths:1 :*=(   Depths:3 *

Portals:
Hell: Depths:1 Depths:2 Depths:3 Depths:4
Abyss: Depths:1 Depths:2 Depths:3
Pandemonium: Depths:2 Depths:3 Depths:4

Annotations:
D:8 Boris

#####.....#..........#.........##
.........#############.........#
######################.........#
....................##.........#
....................##.........#
#####...####...##...######.#####
# #...# #...##...# #.# #
#...####........# ##.######
#####...........@...# #........
...........1........# #........
..........#######...# #........
..#####..[# #...# #........ ..#
#..)# #...# #........ ..# #...#
#...# ##)######
..#####...#######...# ##.#
....................#####..######
....................#...........#


You could see an Executioner (wandering).


Message History

The iron giant is severely wounded.
You block the iron giant's attack.
You block the ancient champion's attack.
You impale the iron giant!! You burn the iron giant.
The iron giant is almost dead.
You block the iron giant's attack.
The ancient champion casts a spell at you.
The iron shot hits you!!!
You hit the iron giant.
The iron giant is almost dead.
The iron giant gestures at you while chanting.
You block iron shot... and reflect it back!
The iron shot hits the iron giant!!
You kill the iron giant!
Cheibriados appreciates the change of pace.
The ancient champion casts a spell at you.
You block iron shot... and reflect it back!
The iron shot hits the ancient champion!!
You impale the ancient champion!! You burn the ancient champion.
You destroy the ancient champion!
Cheibriados appreciates the change of pace.
Things that are here:
a +2 great mace of flaming; a +0 chain mail You start resting.
HP restored.
You see here a +0 giant club.
Save game and exit?
Welcome back, scionoferis the Naga Ice Elementalist.
Cheibriados says: Take it easy.
Press ? for a list of commands and other information.
You feel very mighty all of a sudden.
You feel clever all of a sudden.
Cast which spell? (? or * to list)
Okay, then.
Unknown command.
You reach down and open the large door.
Dispater and a Hell Sentinel come into view.
Dispater is wearing the orb of Dispater {+Damnation *Corrode AC+5}.
The Hell Sentinel roars!
Found 28 gold pieces.
The Hell Sentinel gestures at you.
The sphere of damnation explodes!
The damnation engulfs you!!
You reach to attack!
You hit the Hell Sentinel.
The Hell Sentinel is lightly wounded.
You spit the Hell Sentinel like a pig!!!
You grab the Hell Sentinel.
The Hell Sentinel is moderately wounded.
You constrict the Hell Sentinel. You impale the Hell Sentinel!!
The Hell Sentinel is heavily wounded.
You constrict the Hell Sentinel, but do no damage.
The Hell Sentinel gestures at you.
You block iron shot... and reflect it back!
The iron shot hits the Hell Sentinel!!!
You perforate the Hell Sentinel like a sieve!!!
You kill the Hell Sentinel!
Cheibriados thoroughly appreciates the change of pace.
You start resting.
You feel a little less clever now.
Throw: throwing net
Press: ? - help, Q - select action, (/) - cycle Shift-Dir - straight line, f - Dispater
Aim: Dispater, wearing the orb of Dispater {+Damnation *Corrode AC+5} (wandering, hasn't noticed you, 93% to hit)
You throw a throwing net. The throwing net hits Dispater.
Dispater is caught in the net!
Dispater gestures at you.
You block crystal spear... and reflect it back!
The crystal spear hits Dispater!!!
Dispater struggles against the net.
Aiming: Phantom Mirror
Press: ? - help, Dir - move target, f/p - Dispater
Aim: Dispater, wearing the orb of Dispater {+Damnation *Corrode AC+5} (lightly wounded, entangled in a net)
You reflect Dispater with the mirror!
The mirror clouds!
Unknown command.
Cast which spell? (? or * to list)
You feel a surge of power!
Dispater hits Dispater.
Dispater gestures at you.
You block iron shot... and reflect it back!
The iron shot hits Dispater!!!
Unknown command.
You hit Dispater but do no damage. You grab Dispater.
Dispater is moderately wounded.
You constrict Dispater, but do no damage.
Unknown command.
Press: ? - help, v - describe, . - travel, g - get item
Here: Dispater, wearing the orb of Dispater {+Damnation *Corrode AC+5} (moderately wounded, constricted by you, ally target) Item here: a throwing net.
The floor.
Unknown command.
Unknown command.
Throw: 10 boomerangs (silver)
Press: ? - help, Q - select action, (/) - cycle Shift-Dir - straight line, f/p - Dispater
Aim: Dispater, wearing the orb of Dispater {+Damnation *Corrode AC+5} (moderately wounded, constricted by you, ally target, 98% to hit)
You throw a silver boomerang. The silver boomerang hits Dispater!!!
Dispater is moderately wounded.
You constrict Dispater, but do no damage.
Dispater hits Dispater but does no damage.
Your tentacled monstrosity tentacle-slaps Dispater but does no damage. x3
Throw: 10 boomerangs (silver)
Press: ? - help, Q - select action, (/) - cycle Shift-Dir - straight line, f/p - Dispater
Aim: Dispater, wearing the orb of Dispater {+Damnation *Corrode AC+5} (moderately wounded, constricted by you, ally target, 98% to hit)
You throw a silver boomerang.
The silver boomerang hits Dispater but does no damage.
Dispater is moderately wounded.
You constrict Dispater.
Dispater gestures.
You block Dispater's attack.
Your tentacled monstrosity tentacle-slaps Dispater!
Your tentacled monstrosity tentacle-slaps Dispater but does no damage. x2
Throw: 10 boomerangs (silver)
Press: ? - help, Q - select action, (/) - cycle Shift-Dir - straight line, f/p - Dispater
Aim: Dispater, wearing the orb of Dispater {+Damnation *Corrode AC+5} (moderately wounded, constricted by you, ally target, 98% to hit)
You throw a silver boomerang. The silver boomerang hits Dispater!!
Dispater is heavily wounded.
You constrict Dispater, but do no damage.
Your large abomination hits Dispater!!
Dispater hits Dispater!
You block Dispater's attack.
Unknown command.
Throw: 10 boomerangs (silver)
Press: ? - help, Q - select action, (/) - cycle Shift-Dir - straight line, f/p - Dispater
Aim: Dispater, wearing the orb of Dispater {+Damnation *Corrode AC+5} (heavily wounded, constricted by you, ally target, 98% to hit)
You throw a silver boomerang. The silver boomerang hits Dispater!!!
Dispater is severely wounded.
You constrict Dispater.
Your tentacled monstrosity tentacle-slaps Dispater!
Your tentacled monstrosity tentacle-slaps Dispater but does no damage. x2
Your tentacled monstrosity tentacle-slaps Dispater.
Your tentacled monstrosity tentacle-slaps Dispater but does no damage. x2
Your large abomination hits Dispater.
Throw: 10 boomerangs (silver)
Press: ? - help, Q - select action, (/) - cycle Shift-Dir - straight line, f/p - Dispater
Aim: Dispater, wearing the orb of Dispater {+Damnation *Corrode AC+5} (severely wounded, constricted by you, not watching you, ally target, 98% to hit)
You throw a silver boomerang. The silver boomerang hits Dispater!!
Dispater is severely wounded.
You constrict Dispater.
Dispater gestures at Dispater.
The iron shot hits Dispater but does no damage.
Dispater hits Dispater.
Your Hell Sentinel hits Dispater!
Your Hell Sentinel hits Dispater but does no damage.
Your tentacled monstrosity tentacle-slaps Dispater!
Your tentacled monstrosity tentacle-slaps Dispater but does no damage. x5
Throw: 10 boomerangs (silver)
Press: ? - help, Q - select action, (/) - cycle Shift-Dir - straight line, f/p - Dispater
Aim: Dispater, wearing the orb of Dispater {+Damnation *Corrode AC+5} (almost dead, constricted by you, not watching you, ally target, 98% to hit)
You throw a silver boomerang. The silver boomerang hits Dispater!!!
Dispater is almost dead.
You constrict Dispater.
Dispater hits Dispater but does no damage. x2
Your large abomination hits Dispater!
Your tentacled monstrosity tentacle-slaps Dispater but does no damage. x5
Your tentacled monstrosity tentacle-slaps Dispater.
Your Hell Sentinel hits Dispater!!
Dispater dies!
Cheibriados thoroughly appreciates the change of pace.
You swap places.
Dispater shimmers and vanishes!
Your Hell Sentinel disappears in a puff of smoke!
Q - a throwing net You see here the orb of Dispater {+Damnation *Corrode AC+5}.
S - the orb of Dispater {+Damnation *Corrode AC+5} You feel a little less mighty now.
Found 112 gold pieces, an encrusted helmet and a wand of acid (4).
There is a large open door here.
Found a glowing rapier and a runed leather armour.
Your large abomination disappears in a puff of smoke! x2
Found a wand of mindburst (7).
Your tentacled monstrosity disappears in a puff of smoke!
You swap places.
Your large abomination disappears in a puff of smoke!
You see here the +0 helmet of the Game Afoot {rPois rC- Int+6 Dex+3}.
Found a staff of fire, the +10 dark maul {heavy} and an iron rune of Zot.
Your large abomination disappears in a puff of smoke!
Your tentacled monstrosity disappears in a puff of smoke!
You see here a +0 rapier of protection.
You see here the +0 helmet of the Game Afoot {rPois rC- Int+6 Dex+3}.
Unknown command.
You see here a +0 rapier of protection.
You see here a wand of mindburst (7).
You see here a staff of fire.
Found a staff of air and a runed broad axe.
You see here the +10 dark maul {heavy}.
You pick up the iron rune and feel its power.
You have collected all the runes!
Now go and win!
Press } to see all the runes you have collected.
You see here a staff of air.
You see here a +1 broad axe of freezing.
You see here a +2 leather armour of willpower.
X - a wand of acid (65) (gained 4 charges)
You now have 14570 gold pieces (gained 28).
You now have 14589 gold pieces (gained 19).
You now have 14623 gold pieces (gained 34).
You now have 14639 gold pieces (gained 16).
You now have 14675 gold pieces (gained 36).
You now have 14682 gold pieces (gained 7).
There is a large open door here.
There is an open door here.
There is an open door here.
There is an open door here.
There is an open door here.
You see here a +4 dire flail of protection.
Unknown command.
There is an open door, spattered with blood here.
There is an open door here.
There is a gateway leading out of Dis, spattered with blood here.
You fly up through the gate.
Welcome back to the Vestibule of Hell!
There is a gateway to the Iron City of Dis here.
(D) Dungeon (T) Temple (L) Lair (S) Swamp (P) Snake Pit (M) Slime Pits (O) Orcish Mines (E) Elven Halls (V) Vaults (C) Crypt (W) Tomb (U) Depths (H) Hell (I) Dis (G) Gehenna (X) Cocytus (Y) Tartarus (Z) Zot
Where to? (Enter - Dis:7 @ (x,y), ? - help)
What level of the Realm of Zot? (default 1, ? - help)
There is an open gate here.
There is a gateway back to the Dungeon, spattered with blood here.
Thank you for visiting Hell.
Please come again soon.
You fly up through the gate.
Welcome back to the Depths!
There is a gateway to Hell here.
You see here a +0 robe.
There is a stone staircase leading down here.
You fly downwards.
There is a stone staircase leading up here.
You see here a +2 vampiric falchion.
There is a stone staircase leading down here.
You fly downwards.
There is a stone staircase leading up here.
You see here a +0 war axe.
There is an open door here.
You see here a wand of flame (41).
You see here a +0 dire flail.
Things that are here:
a +0 cloak; a +0 short sword; a +0 war axe
There is an open door, spattered with blood here.
You see here +0 ice dragon scales.
You see here 5 large rocks.
You see here +0 gold dragon scales.
There is a gate to the Realm of Zot here.
You fly down through the gate.
Welcome back to the Realm of Zot!
There is a gate leading back out of this place here.
There is an open door here.
There is a stone staircase leading down here.
You fly downwards.
There is a stone staircase leading up here.
There is a stone staircase leading down here.
You fly downwards.
There is a stone staircase leading up here.
There is a stone staircase leading down here.
You fly downwards.
There is a stone staircase leading up here.
There is a stone staircase leading down here.
You fly downwards.
Level annotation: 1 exclusion
There is a stone staircase leading up here.
You see here a +2 heavy long sword.
You see here a +0 halberd.
You see here a +9 antimagic club.
Things that are here:
a +0 glaive; a scroll of identify; a +1 cloak of preservation Save game and exit?
Level annotation: 1 exclusion Welcome back, scionoferis the Naga Ice Elementalist.
Cheibriados says: Take it easy.
Press ? for a list of commands and other information.
Really fly into a travel-excluded area?
You see here the Orb of Zot.
Press: ? - help, v - describe, . - travel, g - get item Item here: the Orb of Zot.
The floor.
Removed exclusion.
You pick up the Orb of Zot!
The Orb lets out a hideous shriek!
The lords of Pandemonium are not amused.
Beware!
Cheibriados tells them not to hurry.
Now all you have to do is get back out of the dungeon!
A hellephant comes into view.
The hellephant moves out of view.
The hellephant blinks!
The hellephant sets off the alarm!
The alarm trap emits a blaring wail!
A sentinel's mark forms upon you. The hellephant breathes flames at you.
The blast of flame misses you.
The hellephant blinks!
Really fly into that permanent teleport trap?
Okay, then.
Really fly into that permanent teleport trap?
You enter a permanent teleport trap!
Your surroundings suddenly seem different.
An Orb Guardian comes into view.
You block the Orb Guardian's attack. The Orb Guardian misses you.
You perforate the Orb Guardian like a sieve!!!
You burn the Orb Guardian!!
The Orb Guardian is almost dead.
You block the Orb Guardian's attack.
You spit the Orb Guardian like a pig!!! You burn the Orb Guardian.
You kill the Orb Guardian!
Cheibriados thoroughly appreciates the change of pace.
No target in view!
The hellephant sets off the alarm!
The alarm trap emits a blaring wail!
The mark upon you grows brighter.
The hellephant blinks!
The hellephant fails to trigger a net trap.
The hellephant blinks!
Really fly into that permanent teleport trap?
You enter a permanent teleport trap!
Your surroundings suddenly seem different.
The hellephant blinks!
The hellephant breathes flames at you. The blast of flame hits you! You resist.
The hellephant tramples you but does no damage.
You block the hellephant's attack. x2
Really fly into that permanent teleport trap?
You enter a permanent teleport trap!
Your surroundings suddenly seem different.
The sentinel's mark upon you fades away.
There is a stone staircase leading up, spattered with blood here.
You fly upwards.
There is a stone staircase leading down, spattered with blood here.
(D) Dungeon (T) Temple (L) Lair (S) Swamp (P) Snake Pit (M) Slime Pits (O) Orcish Mines (E) Elven Halls (V) Vaults (C) Crypt (W) Tomb (U) Depths (H) Hell (I) Dis (G) Gehenna (X) Cocytus (Y) Tartarus (Z) Zot
Where to? (? - help)
What level of the Dungeon? (default 15, ? - help)
A profane servitor comes into view. It is wielding a +3 whip of venom.
You perforate the profane servitor like a sieve!!!
You burn the profane servitor! Your grab misses the profane servitor.
The profane servitor is heavily damaged.
You hit the profane servitor. You burn the profane servitor.
Your grab misses the profane servitor.
The profane servitor is heavily damaged.
You perforate the profane servitor like a sieve!!!
You burn the profane servitor. You grab the profane servitor.
The profane servitor is almost destroyed.
You constrict the profane servitor.
You block the profane servitor's attack.
The profane servitor barely misses you.
You impale the profane servitor!! You burn the profane servitor.
You destroy the profane servitor!
Cheibriados thoroughly appreciates the change of pace.
(D) Dungeon (T) Temple (L) Lair (S) Swamp (P) Snake Pit (M) Slime Pits (O) Orcish Mines (E) Elven Halls (V) Vaults (C) Crypt (W) Tomb (U) Depths (H) Hell (I) Dis (G) Gehenna (X) Cocytus (Y) Tartarus (Z) Zot
Where to? (Enter - D:1 @ (x,y), ? - help)
What level of the Dungeon? (default 15, ? - help)
You see here a +0 scimitar.
There is a stone staircase leading up here.
You fly upwards.
There is a stone staircase leading down here.
There is a stone staircase leading up here.
You fly upwards.
There is a stone staircase leading down here.
A rakshasa comes into view. It is wielding a +0 trident.
You see here 7 stones.
The rakshasa completely misses you. You block the rakshasa's attack. x2
You block the rakshasa's attack. x2; The rakshasa completely misses you. 4 golden eyes come into view.
You block the rakshasa's attack. x2; The golden eye moves out of view.
The golden eye turns its gaze towards you.
The rakshasa gestures at you.
You block lance of force... and reflect it back!
The lance of force hits the rakshasa!!
The rakshasa is knocked back by the lance of force.
The rakshasa slams into the translucent stone wall!
The rakshasa is severely wounded.
The injured rakshasa weaves a defensive illusion!
A golden eye comes into view. x2
The golden eye blinks at you. You resist with almost no effort.
The golden eye blinks at you. You resist with almost no effort.
The golden eye blinks!
The golden eye blinks at you. You resist with almost no effort.
You block the rakshasa's attack.
The rakshasa weaves an illusion.
The golden eye shimmers and seems to become two!
The golden eye blinks at you. You resist with almost no effort.
The golden eye blinks at you. You resist with almost no effort.
The golden eye blinks at you. You resist with almost no effort.
You block the rakshasa's attack. x2
The rakshasa blinks!
The golden eye blinks at you. You resist with almost no effort.
The golden eye blinks at you. You resist with almost no effort.
The golden eye blinks at you. You resist with almost no effort.
The golden eye blinks at you. You resist with almost no effort.
The golden eye blinks at you. You resist with almost no effort.
The rakshasa gestures at you.
You block lance of force... and reflect it back!
The lance of force misses the rakshasa.
The rakshasa hits you but does no damage.
The golden eye blinks at you. You resist with almost no effort.
The golden eye blinks at you. You resist with almost no effort.
The golden eye blinks!
Unknown command.
The golden eye blinks at you. You resist with almost no effort.
The golden eye blinks at you. You resist with almost no effort.
The golden eye blinks!
You block the rakshasa's attack. x2
The golden eye blinks at you. You resist with almost no effort.
The golden eye blinks at you. You resist with almost no effort.
The golden eye blinks at you. You resist with almost no effort.
The golden eye blinks at you. You resist with almost no effort.
The rakshasa gestures at you.
You block lance of force... and reflect it back!
The lance of force hits the rakshasa!!
The rakshasa is knocked back by the lance of force.
The rakshasa slams into the translucent stone wall!
The rakshasa dies!
Cheibriados thoroughly appreciates the change of pace.
The rakshasa shimmers and vanishes! x2; The golden eye shimmers and vanishes!
The golden eye blinks at you. You resist with almost no effort.
The golden eye blinks at you. You resist with almost no effort.
The golden eye blinks at you. You resist with almost no effort.
There is a stone staircase leading up here.
Unknown command.
Unknown command.
Unknown command.
The golden eye blinks at you. You resist with almost no effort.
The golden eye blinks at you. You resist with almost no effort.
The golden eye blinks at you. You resist with almost no effort.
You fly upwards.
There is a stone staircase leading down here.
You closely miss the golden eye. You grab the golden eye.
You constrict the golden eye. The golden eye blinks at you.
You resist with almost no effort.
You perforate the golden eye like a sieve!!!
You burn the golden eye.
You kill the golden eye!
Cheibriados thoroughly appreciates the change of pace.
You miss the golden eye. Your grab misses the golden eye.
The golden eye blinks at you. You resist with almost no effort.
You miss the golden eye. You grab the golden eye. You constrict the golden eye.
The golden eye blinks at you. You resist with almost no effort.
You closely miss the golden eye.
The golden eye is heavily wounded.
You constrict the golden eye!
You kill the golden eye!
Cheibriados thoroughly appreciates the change of pace.
(D) Dungeon (T) Temple (L) Lair (S) Swamp (P) Snake Pit (M) Slime Pits (O) Orcish Mines (E) Elven Halls (V) Vaults (C) Crypt (W) Tomb (U) Depths (H) Hell (I) Dis (G) Gehenna (X) Cocytus (Y) Tartarus (Z) Zot
Where to? (Enter - D:1 @ (x,y), ? - help)
What level of the Dungeon? (default 15, ? - help)
There is an open door here.
There is a gate leading back out of this place here.
You fly up through the gate.
Welcome back to the Depths!
There is a gate to the Realm of Zot here.
You see here +0 gold dragon scales.
You see here 5 large rocks.
There is an open door, spattered with blood here.
You see here +0 ice dragon scales.
Things that are here:
a +0 cloak; a +0 short sword; a +0 war axe
There is an open door here.
There is a stone staircase leading up here.
You fly upwards.
There is a stone staircase leading down here.
A Tzitzimitl comes into view.
Unknown command.
Throw: 10 boomerangs (silver)
Press: ? - help, Q - select action, (/) - cycle Shift-Dir - straight line, f - Tzitzimitl
Aim: a Tzitzimitl (73% to hit)
You throw a silver boomerang.
The silver boomerang hits the Tzitzimitl but does no damage.
The Tzitzimitl is lightly wounded.
Throw: 10 boomerangs (silver)
Press: ? - help, Q - select action, (/) - cycle Shift-Dir - straight line, f/p - Tzitzimitl
Aim: a Tzitzimitl (lightly wounded, 73% to hit)
You throw a silver boomerang.
The silver boomerang hits the Tzitzimitl.
The Tzitzimitl is lightly wounded.
Throw: 10 boomerangs (silver)
Press: ? - help, Q - select action, (/) - cycle Shift-Dir - straight line, f/p - Tzitzimitl
Aim: a Tzitzimitl (lightly wounded, 73% to hit)
You throw a silver boomerang.
The silver boomerang closely misses the Tzitzimitl.
Unknown command.
Throw: 10 boomerangs (silver)
Press: ? - help, Q - select action, (/) - cycle Shift-Dir - straight line, f/p - Tzitzimitl
Aim: a Tzitzimitl (lightly wounded, 73% to hit)
You throw a silver boomerang.
The silver boomerang hits the Tzitzimitl!
The Tzitzimitl is moderately wounded.
Throw: 10 boomerangs (silver)
Press: ? - help, Q - select action, (/) - cycle Shift-Dir - straight line, f/p - Tzitzimitl
Aim: a Tzitzimitl (moderately wounded, 73% to hit)
You throw a silver boomerang.
The silver boomerang hits the Tzitzimitl.
The Tzitzimitl is moderately wounded.
The Tzitzimitl gestures at you. The bolt of negative energy misses you.
Throw: 10 boomerangs (silver)
Press: ? - help, Q - select action, (/) - cycle Shift-Dir - straight line, f/p - Tzitzimitl
Aim: a Tzitzimitl (moderately wounded, 73% to hit)
You throw a silver boomerang.
The silver boomerang hits the Tzitzimitl!!!
The Tzitzimitl is severely wounded.
Throw: 10 boomerangs (silver)
Press: ? - help, Q - select action, (/) - cycle Shift-Dir - straight line, f/p - Tzitzimitl
Aim: a Tzitzimitl (severely wounded, 73% to hit)
You throw a silver boomerang.
The silver boomerang hits the Tzitzimitl but does no damage.
The Tzitzimitl is severely wounded.
Throw: 10 boomerangs (silver)
Press: ? - help, Q - select action, (/) - cycle Shift-Dir - straight line, f/p - Tzitzimitl
Aim: a Tzitzimitl (severely wounded, 73% to hit)
You throw a silver boomerang.
The silver boomerang hits the Tzitzimitl!!
You kill the Tzitzimitl!
Cheibriados thoroughly appreciates the change of pace.
(D) Dungeon (T) Temple (L) Lair (S) Swamp (P) Snake Pit (M) Slime Pits (O) Orcish Mines (E) Elven Halls (V) Vaults (C) Crypt (W) Tomb (U) Depths (H) Hell (I) Dis (G) Gehenna (X) Cocytus (Y) Tartarus (Z) Zot
Where to? (Enter - D:1 @ (x,y), ? - help)
What level of the Dungeon? (default 15, ? - help)
There is a stone staircase leading up here.
You fly upwards.
There is a stone staircase leading down here.
There is a stone staircase leading up here.
You fly upwards.
There is a stone staircase leading down here.
You see here a wand of mindburst (73).
You see here a +0 troll leather armour.
There is a staircase back to the Dungeon here.
You fly upwards.
Welcome back to the Dungeon!
There is a staircase to the Depths here.
A Ruhuqigo and a lich come into view.
Press: ? - help, v - describe, . - travel
Here: Ruhuqigo The floor.
You reach to attack!
You puncture the lich! You burn the lich!
The lich is moderately damaged.
You reach to attack!
You impale the lich!! You burn the lich.
The lich is severely damaged.
You reach to attack!
You impale the lich!! You burn the lich!
You destroy the lich!
Cheibriados thoroughly appreciates the change of pace.
Cast which spell? (? or * to list)
You feel a surge of power! Ruhuqigo hits your large abomination!!!
Ruhuqigo drains your large abomination's vigour!
Your large abomination seems to slow down.
You could not reach far enough!
Ruhuqigo hits your large abomination!
You reach to attack!
You impale Ruhuqigo!! You burn Ruhuqigo.
Ruhuqigo is lightly wounded.
Ruhuqigo hits your large abomination.
Your large abomination is destroyed!
Your large abomination disappears in a puff of smoke!
Your large abomination closely misses Ruhuqigo.
You reach to attack!
You hit Ruhuqigo. You burn Ruhuqigo.
Ruhuqigo is lightly wounded.
You impale Ruhuqigo!! You burn Ruhuqigo. You grab Ruhuqigo.
Ruhuqigo is moderately wounded.
You constrict Ruhuqigo.
Your tentacled monstrosity tentacle-slaps Ruhuqigo!!
Your tentacled monstrosity tentacle-slaps Ruhuqigo!
Your tentacled monstrosity tentacle-slaps Ruhuqigo but does no damage.
You block Ruhuqigo's attack.
Your large abomination hits Ruhuqigo!!
You hit Ruhuqigo. You burn Ruhuqigo.
Ruhuqigo is heavily wounded.
You constrict Ruhuqigo. You block Ruhuqigo's attack.
You puncture Ruhuqigo! You burn Ruhuqigo.
Ruhuqigo is heavily wounded.
You constrict Ruhuqigo, but do no damage.
Your large abomination hits Ruhuqigo but does no damage.
You block Ruhuqigo's attack.
You hit Ruhuqigo but do no damage.
Ruhuqigo is heavily wounded.
You constrict Ruhuqigo.
Your tentacled monstrosity tentacle-slaps Ruhuqigo!
Your tentacled monstrosity tentacle-slaps Ruhuqigo.
Your tentacled monstrosity tentacle-slaps Ruhuqigo but does no damage.
Ruhuqigo hits your tentacled monstrosity!!
You catch the helpless Ruhuqigo completely off-guard!
You puncture Ruhuqigo! You burn Ruhuqigo.
Ruhuqigo is heavily wounded.
You constrict Ruhuqigo, but do no damage.
Your large abomination hits Ruhuqigo!!!
Your large abomination hits Ruhuqigo!!
You block Ruhuqigo's attack.
Your tentacled monstrosity tentacle-slaps Ruhuqigo but does no damage. x2
Your tentacled monstrosity tentacle-slaps Ruhuqigo.
You catch the helpless Ruhuqigo completely off-guard!
You impale Ruhuqigo!! You burn Ruhuqigo.
Ruhuqigo is almost dead.
You constrict Ruhuqigo! You block Ruhuqigo's attack.
You hit Ruhuqigo. You burn Ruhuqigo.
Ruhuqigo is almost dead.
You constrict Ruhuqigo.
Your large abomination hits Ruhuqigo.
Your large abomination hits Ruhuqigo but does no damage.
Your tentacled monstrosity completely misses Ruhuqigo.
Your tentacled monstrosity tentacle-slaps Ruhuqigo but does no damage. x2
Ruhuqigo hits your tentacled monstrosity!!!
You catch the helpless Ruhuqigo completely off-guard!
You hit Ruhuqigo. You burn Ruhuqigo.
Ruhuqigo is almost dead.
You constrict Ruhuqigo!
Your large abomination hits Ruhuqigo!
Ruhuqigo dies!
Cheibriados thoroughly appreciates the change of pace.
Your Dodging skill increases to level 25!
(D) Dungeon (T) Temple (L) Lair (S) Swamp (P) Snake Pit (M) Slime Pits (O) Orcish Mines (E) Elven Halls (V) Vaults (C) Crypt (W) Tomb (U) Depths (H) Hell (I) Dis (G) Gehenna (X) Cocytus (Y) Tartarus (Z) Zot
Where to? (Enter - D:1 @ (x,y), ? - help)
What level of the Dungeon? (default 1, ? - help)
Okay, then.
(D) Dungeon (T) Temple (L) Lair (S) Swamp (P) Snake Pit (M) Slime Pits (O) Orcish Mines (E) Elven Halls (V) Vaults (C) Crypt (W) Tomb (U) Depths (H) Hell (I) Dis (G) Gehenna (X) Cocytus (Y) Tartarus (Z) Zot
Where to? (Enter - D:1 @ (x,y), ? - help)
What level of the Dungeon? (default 1, ? - help)
You swap places.
There is a stone staircase leading up here.
You fly upwards.
Your summoned allies are left behind.
Magic restored.
There is a stone staircase leading down here.
A reaper comes into view. It is wielding a +1 heavy scythe.
You puncture the reaper! You burn the reaper. You grab the reaper.
The reaper is moderately wounded.
You constrict the reaper. You hit the reaper. You burn the reaper.
The reaper is moderately wounded.
You constrict the reaper. You impale the reaper!! You burn the reaper.
The reaper is severely wounded.
You constrict the reaper! You block the reaper's attack.
You impale the reaper!! You burn the reaper!
You kill the reaper!
Cheibriados appreciates the change of pace.
No target in view!
(D) Dungeon (T) Temple (L) Lair (S) Swamp (P) Snake Pit (M) Slime Pits (O) Orcish Mines (E) Elven Halls (V) Vaults (C) Crypt (W) Tomb (U) Depths (H) Hell (I) Dis (G) Gehenna (X) Cocytus (Y) Tartarus (Z) Zot
Where to? (Enter - D:1 @ (x,y), ? - help)
What level of the Dungeon? (default 1, ? - help)
There is a stone staircase leading up here.
You fly upwards.
There is a stone staircase leading down here.
There is an open door here.
There is an open door here.
A shadow demon comes into view.
Throw: 10 boomerangs (silver)
Press: ? - help, Q - select action, (/) - cycle Shift-Dir - straight line, f - shadow demon
Aim: a shadow demon (79% to hit)
You throw a silver boomerang.
The silver boomerang closely misses the shadow demon.
Unknown command.
Throw: 10 boomerangs (silver)
Press: ? - help, Q - select action, (/) - cycle Shift-Dir - straight line, f/p - shadow demon
Aim: a shadow demon (79% to hit)
You throw a silver boomerang.
The silver boomerang hits the shadow demon!!!
The shadow demon is almost dead.
Throw: 10 boomerangs (silver)
Press: ? - help, Q - select action, (/) - cycle Shift-Dir - straight line, f/p - shadow demon
Aim: a shadow demon (almost dead, 79% to hit)
You throw a silver boomerang.
The silver boomerang hits the shadow demon!!!
You kill the shadow demon!
Cheibriados thoroughly appreciates the change of pace.
(D) Dungeon (T) Temple (L) Lair (S) Swamp (P) Snake Pit (M) Slime Pits (O) Orcish Mines (E) Elven Halls (V) Vaults (C) Crypt (W) Tomb (U) Depths (H) Hell (I) Dis (G) Gehenna (X) Cocytus (Y) Tartarus (Z) Zot
Where to? (Enter - D:1 @ (x,y), ? - help)
What level of the Dungeon? (default 1, ? - help)
A hellwing comes into view.
The hellwing swoops through the air toward you!
You block the hellwing's attack. The hellwing completely misses you. x2
You block the hellwing's attack. The hellwing completely misses you.
You block the hellwing's attack.
You impale the hellwing!! You burn the hellwing! You grab the hellwing.
The hellwing is almost dead.
You constrict the hellwing. You block the hellwing's attack. x2
You impale the hellwing!! You burn the hellwing.
You kill the hellwing!
Cheibriados thoroughly appreciates the change of pace.
No target in view!
There is a stone staircase leading up here.
You fly upwards.
There is a stone staircase leading down here.
(D) Dungeon (T) Temple (L) Lair (S) Swamp (P) Snake Pit (M) Slime Pits (O) Orcish Mines (E) Elven Halls (V) Vaults (C) Crypt (W) Tomb (U) Depths (H) Hell (I) Dis (G) Gehenna (X) Cocytus (Y) Tartarus (Z) Zot
Where to? (Enter - D:1 @ (x,y), ? - help)
What level of the Dungeon? (default 1, ? - help)
There is a stone staircase leading up here.
You fly upwards.
There is a stone staircase leading down here.
You see here a +0 helmet.
Things that are here:
a +0 club; a +0 ring mail; a +0 spear You see here a +0 club.
There is a stone staircase leading up, spattered with blood here.
You fly upwards.
There is a stone staircase leading down here.
A hellion comes into view.
Throw: 10 boomerangs (silver)
Press: ? - help, Q - select action, (/) - cycle Shift-Dir - straight line, f - hellion
Aim: a hellion (82% to hit)
You throw a silver boomerang. The silver boomerang hits the hellion!
The hellion is moderately wounded.
Unknown command.
Throw: 10 boomerangs (silver)
Press: ? - help, Q - select action, (/) - cycle Shift-Dir - straight line, f/p - hellion
Aim: a hellion (moderately wounded, 82% to hit)
You throw a silver boomerang. The silver boomerang hits the hellion.
The hellion is heavily wounded.
Unknown command.
Throw: 10 boomerangs (silver)
Press: ? - help, Q - select action, (/) - cycle Shift-Dir - straight line, f/p - hellion
Aim: a hellion (heavily wounded, 82% to hit)
You throw a silver boomerang. The silver boomerang hits the hellion!!
You kill the hellion!
Cheibriados thoroughly appreciates the change of pace.
(D) Dungeon (T) Temple (L) Lair (S) Swamp (P) Snake Pit (M) Slime Pits (O) Orcish Mines (E) Elven Halls (V) Vaults (C) Crypt (W) Tomb (U) Depths (H) Hell (I) Dis (G) Gehenna (X) Cocytus (Y) Tartarus (Z) Zot
Where to? (Enter - D:1 @ (x,y), ? - help)
What level of the Dungeon? (default 1, ? - help)
There is a stone staircase leading up here.
You fly upwards.
There is a stone staircase leading down, spattered with blood here.
There is a stone staircase leading up here.
You fly upwards.
There is a stone staircase leading down here.
Boris, Master of Life and Death comes into view.
He is wearing a +0 robe of willpower.
Boris is empowered by the presence of the orb!
Boris mumbles some strange words.
Boris flickers and vanishes for a moment.
There is a stone staircase leading up here.
You fly upwards.
There is a stone staircase leading down here.
(D) Dungeon (T) Temple (L) Lair (S) Swamp (P) Snake Pit (M) Slime Pits (O) Orcish Mines (E) Elven Halls (V) Vaults (C) Crypt (W) Tomb (U) Depths (H) Hell (I) Dis (G) Gehenna (X) Cocytus (Y) Tartarus (Z) Zot
Where to? (Enter - D:1 @ (x,y), ? - help)
What level of the Dungeon? (default 1, ? - help)
There is a stone staircase leading up here.
You fly upwards.
There is a stone staircase leading down here.
There is a stone staircase leading down here.
There is a stone staircase leading up here.
You fly upwards.
There is a stone staircase leading down here.
A demonspawn corrupter comes into view.
It is wielding a +0 demon whip of electrocution.
Items here: ))) [.
Throw: 10 boomerangs (silver)
Press: ? - help, Q - select action, (/) - cycle Shift-Dir - straight line, f - demonspawn corrupter
Aim: a demonspawn corrupter, wielding a +0 demon whip of electrocution, wearing a +0 scale mail and wearing a +0 kite shield (78% to hit, chaotic)
You throw a silver boomerang.
The silver boomerang hits the demonspawn corrupter!!
The silver sears the demonspawn corrupter!
The demonspawn corrupter is heavily wounded.
Throw: 10 boomerangs (silver)
Press: ? - help, Q - select action, (/) - cycle Shift-Dir - straight line, f/p - demonspawn corrupter
Aim: a demonspawn corrupter, wielding a +0 demon whip of electrocution, wearing a +0 scale mail and wearing a +0 kite shield (heavily wounded, 78% to hit, chaotic)
You throw a silver boomerang.
The silver boomerang hits the demonspawn corrupter!
The silver sears the demonspawn corrupter!
The demonspawn corrupter is almost dead.
Throw: 10 boomerangs (silver)
Press: ? - help, Q - select action, (/) - cycle Shift-Dir - straight line, f/p - demonspawn corrupter
Aim: a demonspawn corrupter, wielding a +0 demon whip of electrocution, wearing a +0 scale mail and wearing a +0 kite shield (almost dead, 78% to hit, chaotic)
You throw a silver boomerang.
The silver boomerang closely misses the demonspawn corrupter.
Throw: 10 boomerangs (silver)
Press: ? - help, Q - select action, (/) - cycle Shift-Dir - straight line, f/p - demonspawn corrupter
Aim: a demonspawn corrupter, wielding a +0 demon whip of electrocution, wearing a +0 scale mail and wearing a +0 kite shield (almost dead, 78% to hit, chaotic)
You throw a silver boomerang.
The demonspawn corrupter blocks the silver boomerang.
A shadow demon comes into view.
Throw: 10 boomerangs (silver)
Press: ? - help, Q - select action, (/) - cycle Shift-Dir - straight line, f/p - demonspawn corrupter
Aim: a demonspawn corrupter, wielding a +0 demon whip of electrocution, wearing a +0 scale mail and wearing a +0 kite shield (almost dead, 78% to hit, chaotic)
You throw a silver boomerang.
The demonspawn corrupter blocks the silver boomerang.
The demonspawn corrupter calls forth creatures from the Abyss!
Throw: 10 boomerangs (silver)
Press: ? - help, Q - select action, (/) - cycle Shift-Dir - straight line, f - shadow demon, p - demonspawn corrupter
Aim: a shadow demon (79% to hit, chaotic)
You throw a silver boomerang.
The silver boomerang hits the demonspawn corrupter!!
The silver sears the demonspawn corrupter!
You kill the demonspawn corrupter!
Cheibriados appreciates the change of pace.
The apocalypse crab disappears in a puff of smoke!
The starcursed mass disappears in a puff of smoke!
The apocalypse crab disappears in a puff of smoke!
Throw: 10 boomerangs (silver)
Press: ? - help, Q - select action, (/) - cycle Shift-Dir - straight line, f/p - shadow demon
Aim: a shadow demon (79% to hit, chaotic)
You throw a silver boomerang.
The silver boomerang hits the shadow demon!
The silver sears the shadow demon!
The shadow demon is heavily wounded.
Throw: 10 boomerangs (silver)
Press: ? - help, Q - select action, (/) - cycle Shift-Dir - straight line, f/p - shadow demon
Aim: a shadow demon (heavily wounded, 79% to hit, chaotic)
You throw a silver boomerang.
The silver boomerang hits the shadow demon!!!
The silver sears the shadow demon!
You kill the shadow demon!
Cheibriados appreciates the change of pace.
(D) Dungeon (T) Temple (L) Lair (S) Swamp (P) Snake Pit (M) Slime Pits (O) Orcish Mines (E) Elven Halls (V) Vaults (C) Crypt (W) Tomb (U) Depths (H) Hell (I) Dis (G) Gehenna (X) Cocytus (Y) Tartarus (Z) Zot
Where to? (Enter - D:1 @ (x,y), ? - help)
What level of the Dungeon? (default 1, ? - help)
Items here: )))) [[[[[.
There is an open door here.
There is a stone staircase leading up here.
You fly upwards.
There is a stone staircase leading down here.
An efreet comes into view.
It is wielding a +2 scimitar of flaming.
The efreet gestures at you.
The bolt of fire hits you but does no damage.
You resist. The efreet gestures at you. The bolt of fire misses you.
There is an open door here.
The efreet gestures at you.
The fireball explodes!
The fireball engulfs you but does no damage.
You reach to attack!
You impale the efreet!!
The efreet is almost dead.
You reach to attack!
You puncture the efreet!
You kill the efreet!
Cheibriados thoroughly appreciates the change of pace.
(D) Dungeon (T) Temple (L) Lair (S) Swamp (P) Snake Pit (M) Slime Pits (O) Orcish Mines (E) Elven Halls (V) Vaults (C) Crypt (W) Tomb (U) Depths (H) Hell (I) Dis (G) Gehenna (X) Cocytus (Y) Tartarus (Z) Zot
Where to? (Enter - D:1 @ (x,y), ? - help)
What level of the Dungeon? (default 1, ? - help)
An Orb Guardian comes into view.
The Orb Guardian moves out of view.
You block the Orb Guardian's attack.
You puncture the Orb Guardian! You burn the Orb Guardian.
The Orb Guardian is lightly wounded.
You block the Orb Guardian's attack.
You hit the Orb Guardian. You burn the Orb Guardian.
The Orb Guardian is moderately wounded.
You block the Orb Guardian's attack.
You puncture the Orb Guardian! You burn the Orb Guardian.
The Orb Guardian is heavily wounded.
You block the Orb Guardian's attack.
You impale the Orb Guardian!! You burn the Orb Guardian!
The Orb Guardian is almost dead.
You block the Orb Guardian's attack.
You impale the Orb Guardian!! You burn the Orb Guardian.
You kill the Orb Guardian!
Cheibriados thoroughly appreciates the change of pace.
There is a stone staircase leading up here.
You fly upwards.
There is a stone staircase leading down here.
(D) Dungeon (T) Temple (L) Lair (S) Swamp (P) Snake Pit (M) Slime Pits (O) Orcish Mines (E) Elven Halls (V) Vaults (C) Crypt (W) Tomb (U) Depths (H) Hell (I) Dis (G) Gehenna (X) Cocytus (Y) Tartarus (Z) Zot
Where to? (Enter - D:1 @ (x,y), ? - help)
What level of the Dungeon? (default 1, ? - help)
There is an open door here.
There is a stone staircase leading up here.
You fly upwards.
There is a stone staircase leading down here.
A balrug and 4 sun demons come into view.
You reach to attack!
You spit the sun demon like a pig!!!
The sun demon is almost dead.
You reach to attack!
You impale the sun demon!!
You kill the sun demon!
Cheibriados appreciates the change of pace.
The balrug gestures at you. Something smites you!
You block the sun demon's attack. x2
The balrug gestures at you. The bolt of fire misses you.
You block the sun demon's attack. The sun demon completely misses you.
You barely miss the balrug. You grab the balrug. You constrict the balrug.
You puncture the balrug!
The balrug is moderately wounded.
You constrict the balrug! You block the balrug's attack.
You block the sun demon's attack. x2
You impale the balrug!!
The balrug is severely wounded.
You constrict the balrug. The balrug gestures at you.
The bolt of fire misses you.
The sun demon hits you but does no damage.
You block the sun demon's attack. The sun demon completely misses you.
You skewer the balrug like a kebab!!!
You kill the balrug!
Cheibriados thoroughly appreciates the change of pace.
You block the sun demon's attack. x3
You perforate the sun demon like a sieve!!!
You grab the sun demon.
The sun demon is almost dead.
You constrict the sun demon. The sun demon misses you.
You block the sun demon's attack.
You impale the sun demon!!
You kill the sun demon!
Cheibriados appreciates the change of pace.
You block the sun demon's attack. x2
You hit the sun demon. You grab the sun demon.
The sun demon is lightly wounded.
You constrict the sun demon. You block the sun demon's attack.
You impale the sun demon!!
The sun demon is severely wounded.
You constrict the sun demon. You block the sun demon's attack. x2
You impale the sun demon!!
You kill the sun demon!
Cheibriados thoroughly appreciates the change of pace.
You block the sun demon's attack.
You impale the sun demon!! You grab the sun demon.
The sun demon is heavily wounded.
You constrict the sun demon. You block the sun demon's attack.
You impale the sun demon!!
The sun demon is almost dead.
You constrict the sun demon.
You kill the sun demon!
Cheibriados thoroughly appreciates the change of pace.
No target in view!
(D) Dungeon (T) Temple (L) Lair (S) Swamp (P) Snake Pit (M) Slime Pits (O) Orcish Mines (E) Elven Halls (V) Vaults (C) Crypt (W) Tomb (U) Depths (H) Hell (I) Dis (G) Gehenna (X) Cocytus (Y) Tartarus (Z) Zot
Where to? (Enter - D:1 @ (x,y), ? - help)
What level of the Dungeon? (default 1, ? - help) HP restored.
An orange demon comes into view.
You reach to attack!
You impale the orange demon!! You burn the orange demon.
The orange demon is severely wounded.
You block the orange demon's attack.
You reach to attack!
You spit the orange demon like a pig!!! You burn the orange demon.
You kill the orange demon!
Cheibriados thoroughly appreciates the change of pace.
There is a stone staircase leading up here.
You fly upwards.
There is a stone staircase leading down here.
There is an open door here.
A reaper comes into view.
It is wielding a +0 scythe of distortion.
You see here a +0 ring mail.
You impale the reaper!! You burn the reaper! Your grab misses the reaper.
The reaper is moderately wounded.
You puncture the reaper! You burn the reaper. You grab the reaper.
The reaper is heavily wounded.
You constrict the reaper. You impale the reaper!! You burn the reaper.
The reaper is almost dead.
You constrict the reaper. The reaper hits you but does no damage.
Space warps horribly around you!!
You barely miss the reaper.
The reaper is almost dead.
You constrict the reaper. You hit the reaper. You burn the reaper.
You kill the reaper!
Cheibriados appreciates the change of pace.
An Executioner comes into view.
There is a staircase leading out of the dungeon here.
Unknown command.
You have escaped!

Skill      XL: |  1  2  3  4  5  6  7  8  9 10 11 12 13 14 15 16 17 18 19 20 21 22 23 24 25 26 27 |
---------------+----------------------------------------------------------------------------------+-----
Fighting       | 1 2 3 5 6 7 8 9 10 11 13 14 15 26 | 26.0
Stealth        | 4 5 6 8 10 12 16 18 20 21 22 23 26 | 26.0
Ice Magic      | 5 6 7 8 9 10 12 14 15 18 | 18.0
Spellcasting   | 3 4 5 6 7 8 9 10 11 12 13 14 15 16 23 | 23.0
Conjurations   | 2 3 |  3.0
Invocations    | 1 3 6 7 8 9 10 11 12 13 14 15 18 | 18.0
Armour         | 2 3 5 6 8 9 10 11 12 13 18 | 18.0
Dodging        | 2 4 5 6 7 8 9 10 12 13 14 15 25 | 25.2
Polearms       | 3 5 6 7 9 10 11 12 13 14 18 | 18.0
Poison Magic   | 3 |  3.0
Air Magic      | 3 |  3.0
Summonings     | 3 4 5 6 8 11 12 27 | 27.0
Shields        | 2 4 5 7 8 9 10 11 21 | 21.0
Evocations     | 1 4 6 8 9 18 | 18.0
Necromancy     | 2 5 7 8 9 10 11 12 | 12.0
Earth Magic    | 2 5 7 8 |  8.0
Throwing       | 20 | 20.0
Fire Magic     | 18 | 18.0

Action                     |  1- 3 |  4- 6 |  7- 9 | 10-12 | 13-15 | 16-18 | 19-21 | 22-24 | 25-27 || total
---------------------------+-------+-------+-------+-------+-------+-------+-------+-------+-------++-------
  Melee: Unarmed           |     7 |       |       |       |       |       |       |       |       ||     7
         Dagger            |     2 |       |    16 |       |       |       |       |       |       ||    18
         Short sword       |    38 |    29 |    13 |       |       |       |       |       |       ||    80
         Trident           |       |       |     9 |       |   561 |   126 |   168 |       |       ||   864
         Spear             |       |       |     3 |   332 |   329 |       |       |       |       ||   664
         Punch             |       |       |       |     4 |       |       |       |       |       ||     4
         Constrict         |       |       |       |       |   208 |    31 |    88 |   152 |  1113 ||  1592
         Staff             |       |       |       |       |       |    22 |    79 |     4 |    45 ||   150
         Demon trident     |       |       |       |       |       |       |   223 |  1193 |  7874 ||  9290
         Headbutt          |       |       |       |       |       |       |       |       |    36 ||    36
   Fire: Shortbow          |       |       |   136 |   148 |       |       |       |       |       ||   284
         Sling             |       |       |       |       |    67 |       |       |       |       ||    67
  Throw: Stone             |     5 |     1 |       |       |       |       |       |       |       ||     6
         Throwing net      |       |       |     1 |       |     1 |       |       |       |    12 ||    14
         Boomerang         |       |       |       |     2 |       |       |       |       |   520 ||   522
         Dart              |       |       |       |     4 |    34 |       |     2 |     6 |   108 ||   154
         Javelin           |       |       |       |       |     2 |       |       |       |    62 ||    64
   Cast: Freeze            |    21 |    33 |     9 |       |       |       |       |       |       ||    63
         Frozen Ramparts   |       |     4 |    35 |    80 |    84 |    18 |     2 |     1 |       ||   224
         Ozocubu's Armour  |       |     1 |    18 |    49 |    94 |    22 |    34 |    54 |   152 ||   424
         Hailstorm         |       |       |     8 |     5 |    50 |    25 |    91 |    27 |    19 ||   225
         Summon Ice Beast  |       |       |       |       |    27 |    22 |     9 |     1 |       ||    59
         Mephitic Cloud    |       |       |       |       |     4 |       |       |       |       ||     4
         Ozocubu's Refrige |       |       |       |       |    34 |   347 |   244 |   173 |   893 ||  1691
         Sublimation of Bl |       |       |       |       |       |       |    12 |    18 |    90 ||   120
         Freezing Cloud    |       |       |       |       |       |       |     3 |       |    30 ||    33
         Animate Armour    |       |       |       |       |       |       |    19 |    36 |     5 ||    60
         Borgnjor's Vile C |       |       |       |       |       |       |     2 |    33 |    45 ||    80
         Lee's Rapid Decon |       |       |       |       |       |       |       |    17 |    54 ||    71
         Apportation       |       |       |       |       |       |       |       |     9 |   146 ||   155
         Animate Dead      |       |       |       |       |       |       |       |     1 |    15 ||    16
         Death Channel     |       |       |       |       |       |       |       |     1 |     4 ||     5
         Ignition          |       |       |       |       |       |       |       |       |   196 ||   196
         Summon Horrible T |       |       |       |       |       |       |       |       |    60 ||    60
         Dragon's Call     |       |       |       |       |       |       |       |       |    37 ||    37
         Vhi's Electric Ch |       |       |       |       |       |       |       |       |    30 ||    30
         Blink             |       |       |       |       |       |       |       |       |     3 ||     3
         Fireball          |       |       |       |       |       |       |       |       |     2 ||     2
 Invoke: Slouch            |       |       |       |     3 |     1 |     1 |     1 |       |    19 ||    25
         Step From Time    |       |       |       |     1 |       |       |       |       |     6 ||     7
Ability: Spit Poison       |    27 |    36 |    16 |     1 |       |       |       |       |       ||    80
  Evoke: Wand              |       |       |       |     9 |    11 |       |     1 |     3 |    25 ||    49
         Phantom mirror    |       |       |       |       |     1 |     1 |       |     1 |     5 ||     8
         Lightning rod     |       |       |       |       |       |       |     2 |     7 |     6 ||    15
         Condenser vane    |       |       |       |       |       |       |       |     1 |       ||     1
         Tin of tremorston |       |       |       |       |       |       |       |       |     2 ||     2
    Use: Scroll            |       |       |     4 |     7 |    11 |     9 |    14 |     9 |    59 ||   113
         Potion            |       |       |     1 |       |     1 |     3 |     2 |     4 |    85 ||    96
   Stab: Sleeping          |       |     1 |       |     1 |     4 |       |     9 |    24 |    81 ||   120
         Distracted        |       |       |       |       |     5 |     2 |     5 |    11 |   208 ||   231
         Confused          |       |       |       |       |     3 |       |       |       |       ||     3
         Held in net/web   |       |       |       |       |     2 |       |       |       |    10 ||    12
         Invisible         |       |       |       |       |       |       |     3 |       |     1 ||     4
 Armour: Robe              |    18 |    17 |    77 |     1 |       |       |       |       |       ||   113
         Chain mail        |       |       |       |   152 |       |       |       |       |       ||   152
         Troll leather arm |       |       |       |   122 |   179 |       |       |       |       ||   301
         Leather armour    |       |       |       |       |    41 |     4 |       |       |       ||    45
         Fire dragon scale |       |       |       |       |       |    88 |   148 |   323 |   115 ||   674
         Ring mail         |       |       |       |       |       |       |       |       |    81 ||    81
         Scale mail        |       |       |       |       |       |       |       |       |  1348 ||  1348
         Ice dragon scales |       |       |       |       |       |       |       |       |    73 ||    73
         Skin              |       |       |       |       |       |       |       |       |     8 ||     8
  Dodge: Dodged            |    26 |    23 |    92 |   245 |   321 |    99 |   199 |   467 |  2963 ||  4435
  Block: Buckler           |       |       |       |    18 |   348 |    69 |   130 |   507 |  3748 ||  4820
         Reflection        |       |       |       |       |    16 |       |     5 |    10 |   155 ||   186
         Tower shield      |       |       |       |       |       |       |       |       |   557 ||   557

Levels and vault maps discovered:
D:1:      dpeg_arrival_boxorama, layout_basic
D:2:      kennysheep_the_goblin_king, layout_basic,
          hellmonk_ecumenical_altar_crossroads, serial_undead, serial_undead_d,
          serial_undead_a, serial_undead_a, serial_undead_d, minivault_11
D:3:      minmay_skewed_foursquare, layout_basic, old_standard_altar,
          minmay_fractal_squares_diagonal_5, uniq_grinder
D:4:      minmay_diamond_boxcup, layout_basic, mainiacjoe_overflow_catwalk,
          nicolae_overflow_crystal_walls, chequers_arboretum
D:5:      layout_loops_corners, minmay_temple_entry_trees, serial_shops, shop,
          nicolae_shop_real_fake_doors, grunt_ministairs_6, st_stairs_13,
          uniq_edmund
D:6:      layout_loops_ring, overflow_temple_1_default
D:7:      layout_loops_ring, nicolae_elyvilon_peaceful_grove,
          nicolae_shop_firing_range, uniq_crazy_yiuf_cottage
D:8:      layout_cave_pools, mainiacjoe_overflow_boulevard, enter_bailey_2
D:9:      layout_roguey, mainiacjoe_overflow_surrounded_room,
          vehumet_altar_wand_db, due_lair_maze_entry_diamond,
          hangedman_tell_no_tales
D:10:     layout_cave_pools, mainiacjoe_overflow_catch_the_wave, orc_0_dummy,
          hangedman_misty_isle, uniq_lodul, uniq_snorg
D:11:     layout_loops_cross
D:12:     minmay_strange_plus, layout_basic, uniq_gastronok
D:13:     layout_irregular_city, lightli_vaults_fourway_checkpoint, tgw_sif
D:14:     layout_roguey, ashenzari_conservatory_becter
D:15:     grunt_enter_depths_giant_problem, layout_rooms,
          nicolae_gozag_seed_capital
Temple:   minmay_temple_forest_path
Lair:1:   layout_loops_ring
Lair:2:   layout_concentric_octagons, portal_ice_cave_entry_ice_simulacra,
          infiniplex_staircase_pool, grunt_megastairs_2
Lair:3:   layout_misc_corridors, minmay_swamp_entry_worms,
          minmay_snake_entry_guardpost_small, eino_house_with_fridge
Lair:4:   layout_long_grid, slime_entry_1, wad_woods_river_01,
          infiniplex_staircase_pool_2, uniq_rupert
Lair:5:   minmay_lair_end_enchanted_forest, layout_regular_city
Swamp:1:  layout_falls_marsh, nicolae_swamp_dense_foliage
Swamp:2:  layout_basic_swamp, nicolae_swamp_ascending_descending
Swamp:3:  layout_basic_swamp, evilmike_swamp_ruin_house_1
Swamp:4:  swamp_basic_johnstein, layout_basic_swamp
Snake:1:  gammafunk_sealed_library, layout_rooms, uniq_mlioglotl
Snake:2:  layout_rooms, uniq_roxanne
Snake:3:  layout_layer_cave, nicolae_snake_gridmaze_zigzag, uniq_aizul
Snake:4:  minmay_snake_end_coiled, layout_basic, basic_altar, serial_shops,
          shop, st_stairs_11, serial_bayou_shore_a
Slime:1:  layout_caves
Slime:2:  nicolae_slime_infinislime, layout_caves
Slime:3:  cheibrodos_slime_lost_civilization_9, layout_caves
Slime:4:  layout_caves
Slime:5:  uniq_donald
Orc:1:    dreamdust_under_siege, layout_caves, uniq_erolcha
Orc:2:    st_orc_mages, layout_diamond_mine, serial_shops, shop
Elf:1:    layout_loops_corners, serial_shops, shop, evilmike_minifort
Elf:2:    nicolae_elf_blades_crystal_corner, layout_loops_corners
Elf:3:    minmay_elf_hall_spiked, layout_geoelf_castle,
          nicolae_trove_entry_crossroad, serial_shops, shop,
          small_chamber_with_monster, nrook_uturn, minmay_fountain_box
Vaults:1: v_misc_24, nicolae_vaults_double_plus_1,
          nicolae_vaults_sesquioval_fish, v_alt_pattern_1,
          nicolae_vaults_inception_statues, vaults_room_fours, v_misc_22,
          hangedman_vaults_slice, nicolae_vaults_closet_pinwheel_3, v_misc_4,
          layout_vaults_omnibox, serial_shops, shop
Vaults:2: hangedman_vaults_maws, grunt_vaults_diagonal,
          nicolae_vaults_closet_pinwheel_2, nicolae_vaults_house_3, v_pattern_4,
          nicolae_vaults_border_crossing, layout_vaults_omnigrid, serial_shops,
          shop, shop, nicolae_shop_hallway_plus,
          nicolae_shop_pleasant_corner_grove, uniq_margery, uniq_boris
Vaults:3: nicolae_vaults_shrinking_rooms_2, vaults_room_door_ring,
          grunt_vaults_hallway_short, nicolae_vaults_triangles,
          minmay_crypt_entry_vampire_xt, vaults_mumra_hex,
          hangedman_vaults_nails, layout_vaults_chaotic_city
Vaults:4: nicolae_vaults_offset_grid_hallway_2, nicolae_vaults_network_s,
          nicolae_vaults_little_squares_1, nicolae_vaults_trapezoid_3,
          nicolae_vaults_fighting_squares, vaults_room_semicircle, v_misc_16,
          nicolae_vaults_two_Ls, nicolae_vaults_mini_display_case,
          nicolae_vaults_network_periphery, nicolae_vaults_diamond_1,
          nicolae_vaults_variable_pillar_hall, nicolae_vaults_trapezoid_layered,
          v_misc_1, nicolae_vaults_wine_cellar, nicolae_vaults_tangram_1,
          layout_vaults_ring, uniq_zenata
Vaults:5
Crypt:1:  layout_basic
Crypt:2:  layout_regular_city
Crypt:3:  lightli_unholy_cathedral, layout_chaotic_city,
          tomb_entry_simple_bobbens
Tomb:1
Tomb:2
Tomb:3
Depths:1: layout_long_grid, abyss_entry, hell_entry,
          nicolae_uskayaw_murder_on_the_dancefloor, minmay_st_funbox,
          st_stairs_3, minmay_shop_grid_forest, serial_sigils_hangedman_quiver,
          kb_rosetta, serial_bayou_shore_b, uniq_saint_roka
Depths:2: minmay_the_grid_4x2 [minmay_the_grid_dragon_b,
          minmay_the_grid_plusring, minmay_the_grid_rooms,
          minmay_the_grid_medium_cups, minmay_the_grid_minigrid_small_alt,
          minmay_the_grid_minigrid_large, minmay_the_grid_tiny_cups,
          minmay_the_grid_prize_four_corners_diamond_b], layout_cave_pools,
          enter_ziggurat_b, hell_entry, hangedman_abyss_or_decor_clamps,
          grunt_pan_entry_sceptre, abyss_entry, uniq_enchantress, uniq_mara
Depths:3: cheibrodos_cascadia, layout_cave_shapes, pf_dread_powers_of_hell,
          abyss_entry_small_statue_room, hangedman_abyss_or_decor_passed,
          rand_demon_pan_entry_1, minmay_shop_mayhem,
          kennysheep_cross_bottleneck
Depths:4: grunt_zot_entry_gee_three, layout_small_grid, hell_entry, pan_entry,
          minmay_misc_feat_square, st_stairs_13, uniq_xtahua
Hell
Dis:1:    layout_subdivisions
Dis:2:    layout_jigsaw, hangedman_dis_decor_tower, glass_columns_a
Dis:3:    layout_gridville
Dis:4:    layout_overlapping_boxes, nicolae_dis_distal_crystal
Dis:5:    layout_regular_city, nicolae_dis_big_boring_drill
Dis:6:    layout_regular_city
Dis:7:    dis_grunt_layers
Geh:1:    layout_gehenna_pools_box
Geh:2:    layout_gehenna_pools_triple, nicolae_geh_sunburst,
          lemuel_flamethrower_3
Geh:3:    layout_gehenna_pools_box
Geh:4:    nicolae_hells_demon_pit, layout_gehenna_pools_basic,
          nicolae_hells_leichenhalle
Geh:5:    layout_gehenna_pools_triple
Geh:6:    layout_gehenna_pools_box
Geh:7:    geh_mu
Coc:1:    layout_cocytus_delve
Coc:2:    layout_ice_bergs
Coc:3:    layout_cocytus_water_paths
Coc:4:    layout_cocytus_water_paths
Coc:5:    layout_ice_bergs
Coc:6:    layout_ice_bergs, serial_ice, serial_ice_b, serial_ice_h
Coc:7:    coc_old
Tar:1:    layout_grid_maze
Tar:2:    layout_cathedral_of_symmetry, nicolae_hells_hurtin_island
Tar:3:    layout_cathedral_of_symmetry, nicolae_hells_seeping_fissure
Tar:4:    layout_grid_maze
Tar:5:    layout_cathedral_of_symmetry
Tar:6:    layout_cathedral_of_symmetry, nicolae_tar_windowcombs
Tar:7:    tar_old
Zot:1:    dreamdust_zin_vs_xom, layout_cathedral_of_symmetry,
          grunt_megastairs_5, uniq_vv
Zot:2:    lemuel_draconian_sentries_small, layout_gridlike
Zot:3:    layout_basic
Zot:4:    layout_cellular_growth
Zot:5:    layout_onion

Notes
Turn   | Place    | Note
-------+----------+-------------------------------------------
     0 | D:1      | scionoferis the Naga Ice Elementalist began the quest for
                  | the Orb.
     0 | D:1      | Reached XP level 1. HP: 15/15 MP: 3/3
   270 | D:1      | Reached XP level 2. HP: 15/24 MP: 3/5
   419 | D:1      | Reached XP level 3. HP: 30/30 MP: 4/6
   423 | D:1      | Learned a level 3 spell: Frozen Ramparts
   521 | D:1      | Reached skill level 1 in Fighting
  1197 | D:2      | Identified the +0 ring mail of Xanobriatua {rElec}
  1540 | D:2      | Found a faded altar of an unknown god.
  1741 | D:2      | Reached XP level 4. HP: 38/38 MP: 7/7
  2270 | D:3      | Learned a level 3 spell: Ozocubu's Armour
  2285 | D:3      | Reached skill level 4 in Stealth
  2445 | D:3      | Reached skill level 5 in Ice Magic
  2494 | D:3      | Reached XP level 5. HP: 45/45 MP: 8/8
  2658 | D:3      | Noticed Grinder
  2880 | D:4      | Reached skill level 2 in Fighting
  3039 | D:4      | Reached skill level 3 in Spellcasting
  3309 | D:4      | Noticed a black bear
  3313 | D:4      | Reached XP level 6. HP: 48/52 MP: 3/10
  3317 | D:4      | Killed a black bear
  3318 | D:4      | Reached skill level 5 in Stealth
  3505 | D:4      | Found an ancient bone altar of Kikubaaqudgha.
  3516 | D:4      | Found a shimmering blue altar of Sif Muna.
  3666 | D:5      | Entered Level 5 of the Dungeon
  3676 | D:5      | Reached skill level 6 in Ice Magic
  3687 | D:5      | Reached XP level 7. HP: 45/61 MP: 3/12
  3843 | D:5      | Reached skill level 3 in Fighting
  4041 | D:5      | Found a staircase to the Ecumenical Temple.
  4055 | Temple   | Entered the Ecumenical Temple
  4419 | Temple   | Became a worshipper of Cheibriados the Contemplative
  4462 | Temple   | Learned a level 3 spell: Hailstorm
  4493 | D:5      | Reached skill level 1 in Conjurations
  4493 | D:5      | Reached skill level 1 in Invocations
  4677 | D:5      | Reached skill level 4 in Spellcasting
  4677 | D:5      | Reached skill level 2 in Conjurations
  4763 | D:5      | Found Aphont's Book Boutique.
  4975 | D:5      | Reached XP level 8. HP: 70/70 MP: 9/14
  5132 | D:5      | Noticed Edmund
  5138 | D:5      | Killed Edmund
  5250 | D:5      | Reached * piety under Cheibriados
  5251 | D:5      | Reached skill level 2 in Invocations
  5258 | D:5      | Found Ribliy's General Store.
  5264 | D:5      | Bought a scroll of teleportation for 36 gold pieces
  5264 | D:5      | Bought a scroll of identify for 24 gold pieces
  5434 | D:6      | Reached skill level 4 in Fighting
  5451 | D:6      | Reached skill level 3 in Conjurations
  5480 | D:6      | Reached skill level 7 in Ice Magic
  5642 | D:6      | Reached skill level 3 in Invocations
  5765 | D:6      | Found a hazy altar of Hepliaklqana.
  6329 | D:7      | Reached skill level 5 in Fighting
  6329 | D:7      | Reached skill level 5 in Spellcasting
  6329 | D:7      | Reached XP level 9. HP: 26/81 MP: 9/16
  6482 | D:7      | Reached ** piety under Cheibriados
  6483 | D:7      | Reached skill level 4 in Invocations
  6586 | D:7      | Identified a scroll of acquirement
  6634 | D:7      | Found a white marble altar of Elyvilon.
  6735 | D:7      | Noticed a troll
  6742 | D:7      | Killed a troll
  6835 | D:7      | Reached skill level 8 in Ice Magic
  6955 | D:7      | Reached skill level 5 in Invocations
  6983 | D:7      | Found Melo's Firing Range.
  6999 | D:7      | Reached *** piety under Cheibriados
  7103 | D:7      | Found a runed translucent door.
  7104 | D:7      | Noticed Crazy Yiuf
  7303 | D:7      | Killed Crazy Yiuf
  7358 | D:8      | Found a flagged portal.
  7371 | D:8      | Reached skill level 6 in Fighting
  7463 | Bailey   | Entered a bailey
  7534 | Bailey   | Reached skill level 6 in Spellcasting
  7535 | Bailey   | Noticed an orc knight
  7548 | Bailey   | Killed an orc knight
  7549 | Bailey   | Reached skill level 6 in Invocations
  7549 | Bailey   | Reached XP level 10. HP: 21/92 MP: 11/19
  7861 | Bailey   | Found a large runed translucent door.
  7861 | Bailey   | Found a large runed translucent door.
  7886 | Bailey   | Noticed a deep elf pyromancer
  7910 | Bailey   | Killed a deep elf pyromancer
  8122 | D:8      | Reached skill level 9 in Ice Magic
  8158 | D:8      | Found a hide-covered altar of Uskayaw.
  8189 | D:8      | Reached **** piety under Cheibriados
  8190 | D:8      | Reached skill level 7 in Fighting
  8829 | D:3      | Found a burning altar of Makhleb.
  8971 | D:3      | Paralysed by Grinder for 4 turns
  8993 | D:3      | Killed Grinder
  8994 | D:3      | Reached skill level 1 in Armour
  8994 | D:3      | Reached skill level 2 in Dodging
  9114 | D:7      | Bought 3 curare-tipped darts for 43 gold pieces
  9169 | D:9      | Reached skill level 7 in Spellcasting
  9176 | D:9      | Reached skill level 7 in Invocations
  9435 | D:9      | Noticed a two-headed ogre
  9445 | D:8      | Reached skill level 2 in Armour
  9493 | D:9      | Found a staircase to the Lair.
  9508 | D:9      | Reached XP level 11. HP: 65/100 MP: 18/21
  9512 | D:9      | Killed a two-headed ogre
  9513 | D:9      | Reached skill level 3 in Dodging
  9711 | D:9      | Reached ***** piety under Cheibriados
  9885 | D:9      | Found a radiant altar of Vehumet.
 10087 | D:9      | Noticed a two-headed ogre
 10094 | D:9      | Killed a two-headed ogre
 10095 | D:9      | Reached skill level 8 in Fighting
 10095 | D:9      | Reached skill level 1 in Polearms
 10095 | D:9      | Reached skill level 3 in Armour
 10256 | D:9      | Noticed a two-headed ogre
 10262 | D:9      | Killed a two-headed ogre
 10403 | D:9      | Found a sacrificial altar of Ru.
 10718 | D:10     | Entered Level 10 of the Dungeon
 10718 | D:10     | Found a staircase to the Orcish Mines.
 10759 | D:10     | Noticed a two-headed ogre
 10769 | D:10     | Killed a two-headed ogre
 10770 | D:10     | Reached skill level 8 in Invocations
 10896 | D:10     | Found a stormy altar of Qazlal.
 11165 | D:10     | Reached skill level 2 in Polearms
 11356 | D:10     | Reached skill level 4 in Dodging
 11380 | D:10     | Reached skill level 10 in Ice Magic
 11483 | D:10     | Noticed Snorg
 11493 | D:10     | Killed Snorg
 11494 | D:10     | Reached skill level 8 in Spellcasting
 11510 | D:10     | Noticed Lodul
 11990 | D:10     | Reached skill level 3 in Polearms
 11990 | D:10     | Reached XP level 12. HP: 108/112 MP: 16/24
 11992 | D:10     | Killed Lodul
 12148 | D:10     | Found an opulent altar of Gozag.
 12213 | D:10     | Reached skill level 4 in Armour
 12905 | D:11     | Reached skill level 4 in Polearms
 12905 | D:11     | Reached skill level 9 in Invocations
 12974 | D:11     | Reached skill level 9 in Fighting
 13058 | D:11     | Reached skill level 5 in Dodging
 13267 | D:12     | Noticed a two-headed ogre
 13279 | D:12     | Killed a two-headed ogre
 13488 | D:12     | Noticed a centaur warrior
 13532 | D:12     | Noticed a yaktaur captain
 13543 | D:12     | Killed a yaktaur captain
 13620 | D:12     | Killed a centaur warrior
 13621 | D:12     | Reached skill level 5 in Armour
 13786 | D:12     | Noticed a centaur warrior
 13799 | D:12     | Killed a centaur warrior
 13800 | D:12     | Reached skill level 5 in Polearms
 13861 | D:12     | Noticed a six-headed hydra
 13863 | D:12     | Noticed a storm dragon
 13970 | D:12     | Noticed Gastronok
 13975 | D:12     | Noticed a fire dragon
 14059 | Lair:1   | Entered Level 1 of the Lair of Beasts
 14414 | D:9      | Learned a level 4 spell: Summon Ice Beast
 14418 | D:9      | Learned a level 3 spell: Mephitic Cloud
 14906 | Lair:2   | Noticed a skyshark
 14920 | Lair:2   | Killed a skyshark
 14921 | Lair:2   | Reached skill level 6 in Stealth
 14921 | Lair:2   | Gained mutation: You can use your snake-like lower body to
                  | constrict enemies. [Naga growth]
 14921 | Lair:2   | Reached XP level 13. HP: 99/122 MP: 20/25
 14954 | Lair:2   | Reached skill level 1 in Poison Magic
 14978 | Lair:2   | Reached skill level 1 in Air Magic
 14993 | Lair:2   | Found a frozen archway.
 15004 | Lair:2   | Reached skill level 1 in Summonings
 15026 | IceCv    | Entered an ice cave
 15101 | IceCv    | Reached skill level 1 in Shields
 15163 | IceCv    | Reached skill level 10 in Invocations
 15474 | IceCv    | Reached ****** piety under Cheibriados
 15649 | IceCv    | Reached skill level 6 in Dodging
 15688 | IceCv    | Reached skill level 2 in Poison Magic
 15809 | IceCv    | Identified the +5 arbalest of Fragile Peace {drain, Int+3}
 15814 | IceCv    | Identified a +1 leather armour of resistance
 15822 | IceCv    | Identified a +0 crystal plate armour of cold resistance
 16466 | D:9      | Learned a level 7 spell: Ozocubu's Refrigeration
 16519 | Lair:2   | Reached skill level 2 in Air Magic
 16665 | Lair:2   | Reached skill level 2 in Summonings
 16805 | Lair:2   | Reached skill level 6 in Polearms
 17050 | Lair:2   | Reached skill level 7 in Stealth
 17050 | Lair:2   | Reached skill level 2 in Shields
 17053 | Lair:2   | Reached skill level 10 in Fighting
 17054 | Lair:2   | Reached skill level 3 in Poison Magic
 17839 | Lair:3   | Found a staircase to the Swamp.
 18228 | Lair:3   | Found a staircase to the Snake Pit.
 18695 | Lair:4   | Noticed Rupert
 18721 | Lair:4   | Reached skill level 3 in Air Magic
 18911 | Lair:4   | Reached skill level 3 in Summonings
 19069 | Lair:4   | Found a staircase to the Slime Pits.
 19141 | Lair:4   | Reached skill level 8 in Stealth
 19141 | Lair:4   | Reached XP level 14. HP: 111/132 MP: 20/26
 19209 | Lair:4   | Reached skill level 3 in Shields
 19304 | Lair:4   | You fall into a shaft and drop 1 floor!
 19304 | Lair:5   | Entered Level 5 of the Lair of Beasts
 19350 | Lair:5   | Reached skill level 11 in Ice Magic
 20236 | Lair:5   | Reached skill level 9 in Stealth
 20484 | Lair:5   | Reached skill level 7 in Polearms
 20627 | Lair:5   | Reached skill level 9 in Spellcasting
 20632 | Lair:5   | Reached skill level 7 in Dodging
 20732 | Lair:5   | Reached skill level 11 in Invocations
 20910 | Lair:5   | Reached skill level 4 in Shields
 21881 | Orc:1    | Entered Level 1 of the Orcish Mines
 21912 | Orc:1    | Noticed Erolcha
 21963 | D:12     | Killed Gastronok
 22263 | Orc:1    | Killed Erolcha
 22851 | Orc:2    | Entered Level 2 of the Orcish Mines
 22860 | Orc:2    | Reached skill level 12 in Ice Magic
 23161 | Orc:2    | Found a staircase to the Elven Halls.
 23165 | Orc:2    | Noticed an orc warlord
 23180 | Orc:2    | Reached skill level 10 in Stealth
 23185 | Orc:2    | Reached XP level 15. HP: 138/138 MP: 11/28
 23189 | Orc:2    | Killed an orc warlord
 23318 | Orc:2    | Found Salitoc's Magic Scroll Shoppe.
 23329 | Orc:2    | Bought a scroll of poison for 52 gold pieces
 23329 | Orc:2    | Bought a scroll of vulnerability for 52 gold pieces
 23329 | Orc:2    | Bought a scroll of identify for 26 gold pieces
 23329 | Orc:2    | Bought a scroll of identify for 26 gold pieces
 23772 | Orc:2    | Reached skill level 5 in Shields
 24024 | Orc:2    | Upgraded the game from 0.31-a0-7-g51783674b7 to
                  | 0.31-a0-8-gd14b0f4ee2
 24332 | Orc:2    | Identified a +0 robe of the Archmagi
 24619 | Orc:2    | Found Jekanopi's Antique Weapon Emporium.
 24619 | Orc:2    | Found Vel Zest's Magic Scroll Emporium.
 24619 | Orc:2    | Found Lirei's Assorted Antiques.
 24622 | Orc:2    | Found Elu Gis's Antique Armour Shoppe.
 24659 | Orc:2    | Bought a scroll of identify for 26 gold pieces
 24661 | Orc:2    | Bought a smouldering chain mail for 256 gold pieces
 24661 | Orc:2    | Identified the +0 chain mail of the Invisible Hand {rC+
                  | Str+3} (You bought it in a shop on level 2 of the Orcish
                  | Mines)
 24667 | Orc:2    | Bought a runed glass ring for 120 gold pieces
 24713 | Orc:2    | Bought a grey potion for 21 gold pieces
 25154 | D:12     | Reached skill level 13 in Ice Magic
 25278 | D:12     | Killed a storm dragon
 25615 | D:13     | Reached skill level 10 in Spellcasting
 25847 | D:13     | Found a shimmering blue altar of Sif Muna.
 26055 | D:13     | Found a gate to the Vaults.
 27197 | D:14     | Reached skill level 14 in Ice Magic
 27253 | D:14     | Identified 4 potions of resistance
 27399 | D:14     | Reached skill level 6 in Armour
 27799 | D:14     | Found a broken altar of Ashenzari.
 27846 | D:15     | Entered Level 15 of the Dungeon
 27991 | D:15     | Found a staircase to the Depths.
 28192 | D:15     | Reached skill level 1 in Evocations
 28192 | D:15     | Reached XP level 16. HP: 146/146 MP: 15/30
 28747 | D:15     | Found an opulent altar of Gozag.
 29032 | Lair:4   | Killed Rupert
 29305 | Swamp:1  | Entered Level 1 of the Swamp
 29309 | Swamp:1  | Reached skill level 2 in Evocations
 29751 | Swamp:1  | Reached skill level 11 in Spellcasting
 30334 | Swamp:1  | Reached skill level 3 in Evocations
 30550 | Swamp:2  | Reached skill level 15 in Ice Magic
 30606 | Swamp:2  | Noticed a thorn hunter
 30609 | Swamp:2  | Killed a thorn hunter
 30610 | Swamp:2  | Reached skill level 7 in Armour
 30731 | Swamp:2  | Reached skill level 8 in Dodging
 31208 | Swamp:3  | Reached skill level 12 in Invocations
 31253 | Swamp:3  | Noticed a fenstrider witch
 31265 | Swamp:3  | Killed a fenstrider witch
 31527 | Swamp:3  | Reached skill level 4 in Evocations
 31556 | Swamp:3  | Noticed a fenstrider witch
 31558 | Swamp:3  | Killed a fenstrider witch
 31828 | Swamp:4  | Entered Level 4 of the Swamp
 32235 | Swamp:4  | Identified the +7 flail "Widowermaker" {antimagic, rF+ rC++
                  | Dex-4}
 32486 | Swamp:4  | Reached skill level 8 in Armour
 32486 | Swamp:4  | Reached XP level 17. HP: 143/153 MP: 12/32
 32968 | Swamp:4  | Reached skill level 8 in Polearms
 33059 | Swamp:4  | Reached skill level 11 in Stealth
 33059 | Swamp:4  | Reached skill level 5 in Evocations
 33516 | Swamp:4  | Got a decaying rune of Zot
 33670 | Snake:1  | Entered Level 1 of the Snake Pit
 34027 | Snake:1  | Identified the ring of Qazlal's Reproof {Fire Fly Will-
                  | Str+6 Int-4 Stlth+}
 34143 | Snake:1  | Noticed Mlioglotl
 34296 | Snake:1  | Found a radiant altar of Vehumet.
 34309 | Snake:1  | Found a transporter.
 34329 | Snake:1  | Killed Mlioglotl
 34502 | Snake:1  | Reached skill level 9 in Armour
 34831 | Snake:1  | Reached skill level 9 in Dodging
 34833 | Snake:1  | Reached skill level 12 in Stealth
 34843 | Snake:1  | Reached skill level 12 in Spellcasting
 34845 | Snake:1  | Reached skill level 6 in Evocations
 35005 | Snake:1  | Identified the +2 pair of gloves of Lesser Demons {Dex+3}
 35034 | Snake:1  | Found a transporter.
 35037 | Snake:1  | Identified the +11 mace "Pegubek" {flame, Stlth+}
 35317 | Snake:2  | Identified Roxanne's Quarto of Grit
 35317 | Snake:2  | Noticed Roxanne
 35709 | Snake:2  | Reached skill level 9 in Polearms
 35753 | Snake:2  | Reached XP level 18. HP: 160/160 MP: 26/34
 36196 | Snake:3  | Reached skill level 13 in Stealth
 36508 | Snake:3  | Noticed Aizul
 36514 | Snake:3  | Killed Aizul
 36536 | Snake:3  | Reached skill level 10 in Armour
 37654 | Snake:4  | Entered Level 4 of the Snake Pit
 37664 | Snake:3  | Reached skill level 14 in Stealth
 37717 | Snake:4  | Reached skill level 7 in Evocations
 38037 | Snake:4  | Found Bauxixzips's Distillery.
 38037 | Snake:4  | Found a sacrificial altar of Ru.
 38200 | Snake:4  | Identified the ring "Iceasch" {rN+ rCorr}
 38726 | Snake:4  | Reached skill level 15 in Stealth
 39063 | Snake:4  | Reached skill level 10 in Polearms
 39242 | Snake:4  | Got a serpentine rune of Zot
 40003 | D:5      | Bought a manual of Dodging for 960 gold pieces
 40010 | D:5      | Learned a level 5 spell: Freezing Cloud
 40142 | Elf:1    | Entered Level 1 of the Elven Halls
 40265 | Elf:1    | Reached skill level 10 in Dodging
 40444 | Elf:1    | Found Dariet's Assorted Antiques.
 40622 | Elf:1    | Reached skill level 16 in Stealth
 40622 | Elf:1    | Reached skill level 8 in Evocations
 41385 | Elf:1    | Paralysed by an air elemental for 1 turns
 41564 | Elf:1    | Reached XP level 19. HP: 168/168 MP: 21/35
 41923 | Elf:2    | Reached skill level 13 in Spellcasting
 42204 | Elf:2    | Reached skill level 17 in Stealth
 42283 | Elf:2    | Found a runed translucent gate.
 42284 | Elf:2    | Found a runed translucent gate.
 42284 | Elf:2    | Found a runed translucent gate.
 42666 | Elf:2    | Reached skill level 11 in Dodging
 42876 | Elf:3    | Entered Level 3 of the Elven Halls
 43133 | Elf:3    | Got the Compendium of Flashy Malisons
 43191 | Elf:3    | Found Zuel's Antique Armour Shoppe.
 43191 | Elf:3    | Identified the +2 robe of the Hippo {Rampage rPois rF+}
 43284 | Elf:3    | Bought an ichor-stained ring mail for 261 gold pieces
 43284 | Elf:3    | Identified the +2 ring mail of Manna {-Tele rN+ Int+2
                  | Dex+2} (You bought it in a shop on level 3 of the Elven
                  | Halls)
 43480 | Elf:3    | Found a portal to a secret trove of treasure.
 43542 | Elf:3    | Reached skill level 18 in Stealth
 43543 | Elf:3    | Reached skill level 9 in Evocations
 43544 | Elf:3    | Reached skill level 11 in Polearms
 43862 | Elf:3    | Identified the +1 leather armour of Watchfulness {+Inv
                  | Dex+9}
 44356 | Elf:3    | Upgraded the game from 0.31-a0-8-gd14b0f4ee2 to
                  | 0.31-a0-14-gc80a10f4b6
 44360 | Elf:3    | Learned a level 2 spell: Sublimation of Blood
 44365 | Elf:3    | Learned a level 4 spell: Animate Armour
 44401 | Elf:3    | Identified the ring "Citroo" {rElec MP+9 Int-4 Dex+2}
 44404 | Elf:3    | Reached skill level 1 in Necromancy
 44406 | Elf:3    | Reached skill level 1 in Earth Magic
 44632 | Elf:3    | Identified a +1 robe of resistance
 44638 | Elf:3    | Reached skill level 2 in Necromancy
 44643 | Elf:3    | Reached skill level 2 in Earth Magic
 44869 | Elf:3    | Identified the +5 bardiche of Beaneud {venom, Will+ Dex+5}
 44869 | Elf:3    | Identified the ring "Nieskec" {rF++ rC- Will++ SInv}
 44872 | Elf:3    | Reached skill level 4 in Summonings
 45020 | Elf:3    | Found the +8 longbow "Zephyr" {speed, Dex+3 SInv}
 45024 | Elf:3    | Got the Directory of the New World
 45087 | Elf:3    | Reached skill level 12 in Dodging
 45145 | Elf:3    | Identified the +5 great sword "Wydwudi" {holy, rPois Will-
                  | Str+7}
 45150 | Elf:3    | Identified the +4 trident "Couhot" {venom, rPois Int+2}
 46231 | Elf:2    | Reached XP level 20. HP: 156/177 MP: 32/37
 46276 | Elf:2    | Reached skill level 19 in Stealth
 46287 | Elf:2    | Reached skill level 3 in Necromancy
 46460 | Elf:2    | Reached skill level 3 in Earth Magic
 47130 | Vaults:1 | Entered Level 1 of the Vaults
 47337 | Vaults:1 | Found Fazonozi's Jewellery Boutique.
 47446 | Vaults:1 | Reached skill level 5 in Summonings
 47476 | Vaults:1 | Reached skill level 4 in Necromancy
 47783 | Vaults:1 | Reached skill level 4 in Earth Magic
 47799 | Vaults:1 | Reached skill level 14 in Spellcasting
 47816 | Vaults:1 | Reached skill level 20 in Stealth
 47974 | Vaults:1 | Reached skill level 12 in Polearms
 48233 | Vaults:1 | Learned a level 1 spell: Apportation
 48240 | Vaults:1 | Reached skill level 11 in Fighting
 48780 | D:9      | Acquired 717 gold pieces
 48785 | D:9      | Acquired the +4 barding of Noon {rCorr Str+3}
 48876 | Vaults:2 | Noticed Margery
 48960 | Vaults:2 | Reached skill level 5 in Necromancy
 48961 | Vaults:2 | Reached skill level 5 in Earth Magic
 48984 | Vaults:2 | Killed Margery
 49669 | Orc:2    | Bought a condenser vane for 960 gold pieces
 49982 | Vaults:2 | Reached XP level 21. HP: 189/189 MP: 17/39
 50366 | Vaults:2 | Reached skill level 12 in Fighting
 50576 | Vaults:2 | Reached skill level 13 in Polearms
 50810 | Vaults:2 | Found Bac Xeuqygg's Distillery.
 51019 | Vaults:2 | Found Rixep's Jewellery Boutique.
 51023 | Vaults:2 | Bought the amulet of Geuwep {Reflect *Corrode rElec rPois
                  | rC+ SH+5} for 694 gold pieces
 51255 | Vaults:2 | Found Ycviuc's Book Shop.
 51255 | Vaults:2 | Noticed Boris
 51264 | Vaults:2 | Killed Boris
 51318 | Vaults:2 | Found Pemyitiag's General Store.
 51565 | Vaults:3 | Reached skill level 15 in Spellcasting
 52669 | Vaults:3 | You fall into a shaft and drop 1 floor!
 52700 | Vaults:3 | Reached skill level 21 in Stealth
 53027 | Vaults:3 | Identified the +1 ring mail of Wu Jian's Castigation {rF+}
 53153 | Vaults:3 | Found a staircase to the Crypt.
 54333 | Vaults:4 | Learned a level 4 spell: Animate Dead
 54339 | Vaults:4 | Learned a level 5 spell: Borgnjor's Vile Clutch
 54450 | Vaults:4 | Noticed Zenata
 54462 | Vaults:4 | Killed Zenata
 54988 | Vaults:4 | Reached skill level 13 in Fighting
 55004 | Vaults:4 | Reached skill level 13 in Dodging
 55006 | Vaults:4 | Reached XP level 22. HP: 176/202 MP: 8/41
 55684 | Vaults:4 | Reached skill level 6 in Shields
 55970 | Vaults:4 | Reached skill level 22 in Stealth
 56303 | Depths:1 | Entered Level 1 of the Depths
 56303 | Depths:1 | Found a one-way gate to the infinite horrors of the Abyss.
 56306 | Depths:1 | Reached skill level 14 in Polearms
 56546 | Depths:1 | Found a hide-covered altar of Uskayaw.
 56707 | Depths:1 | Reached skill level 6 in Earth Magic
 56759 | Depths:1 | Found a gateway to Hell.
 56767 | Depths:1 | Found a runed translucent door.
 56768 | Depths:1 | Noticed a caustic shrike
 56782 | Depths:1 | Reached skill level 6 in Necromancy
 57204 | Depths:1 | Found Tumotoda's Antique Weapon Emporium.
 57205 | Depths:1 | Found Amuify's Book Emporium.
 57207 | Depths:1 | Found Owasoanu's General Store.
 57208 | Depths:1 | Found Remmuj's Jewellery Emporium.
 57367 | Depths:1 | Reached skill level 11 in Armour
 57436 | Depths:1 | Noticed Saint Roka
 57450 | Depths:1 | Killed Saint Roka
 58234 | Depths:1 | Paralysed by a floating eye for 2 turns
 58239 | Depths:1 | Killed a caustic shrike
 58871 | Depths:2 | Noticed Mara
 58875 | Depths:2 | Noticed scionoferis's illusion
 58876 | Depths:2 | Killed Mara
 59013 | Depths:2 | Found a one-way gateway to a ziggurat.
 59192 | Depths:2 | Reached skill level 7 in Shields
 59408 | Depths:2 | Identified the +1 ring mail "Vunosih" {Stlth+}
 60102 | Depths:2 | Noticed a golden dragon
 60124 | Depths:2 | Reached skill level 7 in Earth Magic
 60126 | Depths:2 | Killed a golden dragon
 60127 | Depths:2 | Reached skill level 7 in Necromancy
 60127 | Depths:2 | Reached skill level 13 in Invocations
 60191 | Depths:2 | Reached skill level 14 in Dodging
 60191 | Depths:2 | Reached XP level 23. HP: 158/212 MP: 42/42
 60307 | Depths:2 | Identified the +0 pair of boots of Hetudell {rElec rCorr
                  | Int-5 Dex+7}
 60413 | Depths:2 | Got the Secrets of Tephra and Ensorcelling
 61068 | Depths:2 | Noticed the Enchantress
 61083 | Depths:2 | Killed the Enchantress
 61471 | Depths:2 | Found a one-way gate leading to the halls of Pandemonium.
 62085 | Depths:3 | Reached skill level 14 in Fighting
 62214 | Depths:3 | Found Vodalyi's Mayhem Merchandise.
 62243 | Depths:3 | Reached skill level 23 in Stealth
 62422 | Depths:3 | Reached skill level 8 in Shields
 62945 | Depths:3 | You fall into a shaft and drop 1 floor!
 62945 | Depths:4 | Entered Level 4 of the Depths
 63036 | Depths:3 | Identified the +3 falchion of the Jester {holy, rPois Str+3
                  | Dex+3 Stlth+}
 63499 | Depths:3 | Learned a level 5 spell: Lee's Rapid Deconstruction
 63516 | Depths:3 | Noticed an ancient lich
 63521 | Depths:3 | Identified the +4 buckler of Ruattovu {rPois Int+5}
 63611 | Depths:3 | Identified the staff of air "Afevyu" {rElec rC+ rN+ Dex+3
                  | SInv}
 63672 | Depths:3 | Killed an ancient lich
 63673 | Depths:3 | Reached skill level 8 in Necromancy
 63673 | Depths:3 | Reached skill level 8 in Earth Magic
 64387 | Depths:4 | Noticed a golden dragon
 64847 | Elf:3    | You paid a toll of +3 storm dragon scales to enter a
                  | treasure trove
 64848 | Trove    | Entered a treasure trove
 64891 | Trove    | Identified the ring "Kipiaweh" {rPois Int+6}
 64894 | Trove    | Identified the +9 bardiche "Xilafrah" {heavy, rF+ Str+3
                  | Dex-3}
 64907 | Trove    | Identified the ring of Divemma {rC+ Dex+6}
 64917 | Trove    | Identified the staff of fire "Ekiuxuca" {rF+ Str+2 Dex-4
                  | SInv}
 64938 | Trove    | Identified the +7 whip "Mann" {vamp, *Noise rPois Str-3
                  | Int+8}
 65948 | Depths:4 | Noticed Xtahua
 65965 | Depths:4 | Killed Xtahua
 65966 | Depths:4 | Reached skill level 6 in Summonings
 66093 | Depths:4 | Killed a golden dragon
 66299 | Depths:4 | Reached XP level 24. HP: 223/223 MP: 28/42
 66802 | Depths:4 | Reached skill level 12 in Armour
 66898 | Depths:4 | Found a gate to the Realm of Zot.
 67414 | Snake:2  | Killed Roxanne
 67664 | Crypt:1  | Entered Level 1 of the Crypt
 67748 | Crypt:1  | Upgraded the game from 0.31-a0-14-gc80a10f4b6 to
                  | 0.31-a0-16-g6d2539766c
 67943 | Crypt:1  | Reached skill level 14 in Invocations
 68541 | Crypt:1  | Reached skill level 7 in Summonings
 69133 | Crypt:2  | Reached skill level 9 in Necromancy
 69360 | Crypt:2  | Reached skill level 9 in Shields
 69860 | Crypt:3  | Entered Level 3 of the Crypt
 70018 | Crypt:3  | Noticed a curse skull
 70031 | Crypt:3  | Killed a curse skull
 70186 | Crypt:3  | Reached skill level 8 in Summonings
 70203 | Crypt:3  | Noticed a curse skull
 70207 | Crypt:3  | Killed a curse skull
 70513 | Crypt:3  | Found a staircase to the Tomb.
 70862 | Crypt:3  | Reached skill level 15 in Fighting
 70862 | Crypt:3  | Reached skill level 15 in Dodging
 71341 | Crypt:3  | Identified the +7 plate armour "Goetsaarch" {Dex+5}
 71341 | Crypt:3  | Identified the amulet of Attitude {Reflect rC+ rN++ Str-4
                  | SH+5 SInv}
 71554 | Crypt:3  | Identified the ring of Nororph {rElec rN+ Str+5 Int-3
                  | Dex+3}
 72062 | Crypt:3  | Found an ancient bone altar of Kikubaaqudgha.
 72077 | Crypt:3  | Found a basalt altar of Yredelemnul.
 72116 | Crypt:3  | Found the +8 demon blade "Leech" {evervamp, Harm Drain rN+}
 72122 | Crypt:3  | Identified the ring of the King {rC- rN+ Str+3 Dex+2}
 72131 | Crypt:3  | Identified the staff of death "Duukeheh" {rPois rN+}
 72561 | D:9      | Learned a level 6 spell: Death Channel
 72818 | Vaults:5 | Entered Level 5 of the Vaults
 72824 | Vaults:5 | Reached XP level 25. HP: 186/232 MP: 26/42
 72831 | Vaults:5 | Reached skill level 9 in Summonings
 73179 | Vaults:5 | Reached skill level 10 in Necromancy
 73188 | Vaults:5 | Reached skill level 16 in Spellcasting
 73203 | Vaults:4 | Reached skill level 15 in Invocations
 73735 | Vaults:5 | Reached skill level 10 in Shields
 73735 | Vaults:5 | Reached skill level 10 in Summonings
 74103 | Vaults:5 | Noticed an ancient lich
 74376 | Vaults:5 | Killed an ancient lich
 75160 | Vaults:5 | Identified the +7 battleaxe of the Blushing Gnat {venom,
                  | rPois rF- Will++ Str+2}
 75188 | Vaults:5 | Reached skill level 13 in Armour
 75192 | Vaults:5 | Identified the ring "Urirch" {Wiz rElec}
 75254 | Vaults:5 | Got the Textbook on the Nimbus
 75478 | Vaults:5 | Identified the +4 dire flail "Hyth" {venom, *Noise rElec
                  | Will- rCorr}
 75498 | Vaults:5 | Reached skill level 11 in Summonings
 75751 | Vaults:5 | Identified a potion of experience
 75760 | Vaults:5 | Reached XP level 26. HP: 241/241 MP: 43/43
 75822 | Vaults:5 | Identified the +3 morningstar "Seagurghi" {freeze, Dex+4}
 75832 | Vaults:5 | Identified the ring "Qifikh" {rPois AC+4}
 76431 | Vaults:5 | Identified the +7 plate armour of Acwarchent {Harm Drain
                  | +Inv rElec}
 76970 | Vaults:5 | Got a silver rune of Zot
 77495 | Slime:1  | Entered Level 1 of the Pits of Slime
 77774 | Slime:1  | Reached skill level 12 in Summonings
 77879 | Slime:1  | Learned a level 8 spell: Summon Horrible Things
 79342 | Slime:3  | Reached skill level 11 in Necromancy
 79387 | Slime:3  | Reached skill level 11 in Shields
 80132 | Slime:4  | Reached XP level 27. HP: 248/248 MP: 29/43
 81181 | Slime:5  | Entered Level 5 of the Pits of Slime
 81181 | Slime:5  | Noticed Donald
 81193 | Slime:5  | Killed Donald
 81652 | Slime:5  | Noticed the Royal Jelly
 81653 | Slime:5  | Found a viscous altar of Jiyva.
 82122 | Slime:5  | Killed the Royal Jelly
 82496 | Slime:5  | Found the +4 skin of Zhor {*Englaciate rC+++ SInv}
 82502 | Slime:5  | Got a slimy rune of Zot
 82506 | Slime:5  | Identified the +3 scale mail "Nearyic" {rCorr}
 82524 | Slime:5  | Identified the +8 shortbow "Vupedar" {freeze, rElec Int+3
                  | Dex+6}
 82586 | Slime:5  | Identified the +9 scale mail "Zamp" {rF+++ Dex+5 SInv}
 82848 | Slime:5  | Reached skill level 13 in Summonings
 83457 | Zot:1    | Entered Level 1 of the Realm of Zot
 83571 | Zot:1    | Noticed an orb of fire
 84139 | Zot:1    | Gained mutation: Your magical capacity is low. (-10% MP)
                  | [an orb of fire]
 84149 | Zot:1    | Killed an orb of fire
 84763 | Zot:1    | Noticed an electric golem
 84788 | Zot:1    | Killed an electric golem
 84800 | Zot:1    | Reached skill level 14 in Armour
 84800 | Zot:1    | Reached skill level 17 in Spellcasting
 84965 | Zot:1    | Noticed Vv
 85085 | Zot:1    | Reached skill level 12 in Necromancy
 85142 | Zot:1    | Found a shimmering altar of Xom.
 85143 | Zot:1    | Found a shimmering altar of Xom.
 85143 | Zot:1    | Found a shimmering altar of Xom.
 85143 | Zot:1    | Found a glowing silver altar of Zin.
 85143 | Zot:1    | Found a shimmering altar of Xom.
 85153 | Zot:1    | Reached skill level 14 in Summonings
 86021 | Zot:1    | Killed Vv
 86313 | Zot:2    | Reached skill level 12 in Shields
 88314 | Zot:3    | Reached skill level 15 in Summonings
 88459 | Zot:3    | You fall into a shaft and drop 1 floor!
 89791 | D:13     | Acquired 927 gold pieces
 91298 | Zot:5    | Entered Level 5 of the Realm of Zot
 91507 | Hell     | Entered the Vestibule of Hell
 91544 | Hell     | Reached skill level 16 in Summonings
 91556 | Hell     | Noticed Geryon
 91814 | Hell     | Noticed Murray
 91848 | Depths:1 | Reached skill level 13 in Shields
 92112 | Depths:1 | Killed Murray
 92415 | Hell     | Killed Geryon
 92925 | Depths:1 | Reached skill level 15 in Armour
 93178 | Hell     | Reached skill level 18 in Spellcasting
 93410 | Hell     | Found a gateway to the ashen valley of Gehenna.
 93542 | Hell     | Found a gateway to the decaying netherworld of Tartarus.
 93621 | Hell     | Found a gateway to the freezing wastes of Cocytus.
 93792 | Hell     | Found a gateway to the Iron City of Dis.
 93985 | Depths:2 | Learned a level 9 spell: Dragon's Call
 93995 | Zig:1    | Entered Level 1 of a ziggurat
 94058 | Zig:2    | Entered Level 2 of a ziggurat
 94058 | Zig:2    | Noticed a juggernaut
 94071 | Zig:2    | Killed a juggernaut
 94188 | Zig:3    | Entered Level 3 of a ziggurat
 94188 | Zig:3    | Noticed a curse toe
 94191 | Zig:3    | Noticed a curse toe
 94193 | Zig:3    | Noticed Jeklifit's ghost (legendary FoFi)
 94199 | Zig:3    | Reached skill level 17 in Summonings
 94206 | Zig:3    | Killed a curse toe
 94451 | Zig:4    | Entered Level 4 of a ziggurat
 94572 | Zig:4    | Got the Compendium of Doomed Intoxication
 94574 | Zig:4    | Identified the +0 pair of gloves of Demons {Slay+6}
 94584 | Zig:5    | Entered Level 5 of a ziggurat
 94764 | Zig:6    | Entered Level 6 of a ziggurat
 94912 | Zig:6    | Got Advanced Steps in Gnosis
 94927 | Zig:7    | Entered Level 7 of a ziggurat
 95300 | Zig:8    | Entered Level 8 of a ziggurat
 95593 | Zig:8    | Identified the +7 sling of Liem {freeze, rElec rN+ Str+3
                  | SInv}
 95597 | Zig:8    | Identified the staff of air "Yretz" {rElec Int+4 Dex-2}
 95608 | Zig:8    | Got Wych's Grimoire of Support and Shifting
 95610 | Zig:8    | Identified the staff of fire "Teshe" {rPois rF+}
 95631 | Zig:9    | Entered Level 9 of a ziggurat
 95640 | Zig:9    | Found the amulet of Vitality {RegenMP++ Regen++}
 95640 | Zig:9    | Paralysed by a wendigo for 1 turns
 95739 | Zig:9    | Identified the +3 flail "Hielep" {flame, MP+9 Int+3}
 95740 | Zig:9    | Identified the ring "Xaum" {Str+6 Int+6}
 95748 | Zig:9    | Identified the +0 demon whip of Eternal Vigilance {freeze,
                  | MP-9 Str+3 Dex+4 Stlth+}
 95749 | Zig:9    | Identified the +6 sling "Raykhla" {flame, Int+6 Dex+2}
 95941 | Zig:10   | Entered Level 10 of a ziggurat
 95954 | Zig:10   | Noticed Edwuwuemm the pandemonium lord
 95955 | Zig:10   | Noticed Omemey Zilick the pandemonium lord
 95971 | Zig:10   | Killed Omemey Zilick the pandemonium lord
 95972 | Zig:10   | Reached skill level 14 in Shields
 95972 | Zig:10   | Reached skill level 18 in Summonings
 95978 | Zig:10   | Killed Edwuwuemm the pandemonium lord
 96137 | Zig:10   | Identified the staff of fire "Fosytof" {rF+ Int+3 Stlth+}
 96160 | Zig:10   | Identified the ring "Noun" {rN+ Str+3 Stlth+}
 96201 | Zig:11   | Entered Level 11 of a ziggurat
 96221 | Zig:11   | Noticed an ancient lich
 96223 | Zig:11   | Noticed a dread lich
 96226 | Zig:11   | Noticed a dread lich
 96235 | Zig:11   | Killed a dread lich
 96236 | Zig:11   | Killed an ancient lich
 96236 | Zig:11   | Killed a dread lich
 96553 | Zig:11   | Acquired 1145 gold pieces
 96567 | Zig:12   | Entered Level 12 of a ziggurat
 96598 | Zig:12   | Reached skill level 19 in Summonings
 96836 | Zig:12   | Identified the +5 arbalest "Alosi" {flame, Will+ rCorr}
 96859 | Zig:13   | Entered Level 13 of a ziggurat
 96880 | Zig:13   | Noticed Dafyuve the pandemonium lord
 96883 | Zig:13   | Noticed Tuoxti the pandemonium lord
 96894 | Zig:13   | Killed Dafyuve the pandemonium lord
 96905 | Zig:13   | Reached skill level 19 in Spellcasting
 96907 | Zig:13   | Killed Tuoxti the pandemonium lord
 97156 | Zig:13   | Identified the staff of poison "Xachod" {*Slow rPois Will+
                  | Int+3}
 97179 | Zig:13   | Identified the +4 glaive of the Vanishing Mystics {venom,
                  | Int+4 Dex+5}
 97209 | Zig:14   | Entered Level 14 of a ziggurat
 97214 | Zig:14   | Noticed a juggernaut
 97230 | Zig:14   | Killed a juggernaut
 97235 | Zig:14   | Noticed a juggernaut
 97241 | Zig:14   | Killed a juggernaut
 97266 | Zig:14   | Reached skill level 15 in Shields
 97563 | Zig:14   | Reached skill level 20 in Summonings
 97564 | Zig:14   | Identified the +0 pair of gloves of Xidute {rPois rF+
                  | Will+}
 97579 | Zig:14   | Identified the +7 long sword "scionoferis's Curse" {vamp,
                  | rPois Will++ rCorr MP-9}
 97585 | Zig:14   | Reached skill level 3 in Throwing
 97614 | Zig:15   | Entered Level 15 of a ziggurat
 97821 | Zig:15   | Identified the +8 lajatang of False Accusations {freeze,
                  | *Corrode Str+4 Dex+2}
 97824 | Zig:15   | Identified the +2 chain mail of Qotzox {Harm *Slow rPois
                  | rN+}
 97829 | Zig:15   | Identified the +4 broad axe of Ekkiocwo {flame, +Blink rF+
                  | rCorr Dex+6}
 97833 | Zig:15   | Identified the +4 arbalest of Conflict {elec, rPois rF+
                  | MP-9}
 97847 | Zig:15   | Identified the +5 falchion "Azouta" {drain, rF+ rC- Str+7
                  | Int-4}
 97849 | Zig:15   | Got the Information on Sickening Correspondence
 98213 | Zot:5    | Reached skill level 4 in Throwing
 99078 | Zot:5    | Noticed an orb of fire
 99088 | Zot:5    | Killed an orb of fire
 99287 | Zot:5    | Noticed an electric golem
 99288 | Zot:5    | Noticed an orb of fire
 99293 | Zot:5    | Reached skill level 5 in Throwing
 99293 | Zot:5    | Noticed an orb of fire
 99294 | Zot:5    | Noticed an orb of fire
 99294 | Zot:5    | Noticed an orb of fire
 99295 | Zot:5    | Killed an electric golem
 99296 | Zot:5    | Gained mutation: You have a pair of small horns on your
                  | head. [an orb of fire]
 99297 | Zot:5    | Reached skill level 16 in Fighting
 99298 | Zot:5    | Killed an orb of fire
 99298 | Zot:5    | Killed an orb of fire
 99298 | Zot:5    | Killed an orb of fire
 99299 | Zot:5    | Reached skill level 21 in Summonings
 99299 | Zot:5    | Noticed a dread lich
 99302 | Zot:5    | Noticed an orb of fire
 99304 | Zot:5    | Noticed an ancient lich
 99304 | Zot:5    | Killed an orb of fire
 99304 | Zot:5    | Noticed a dread lich
 99305 | Zot:5    | Noticed a dread lich
 99305 | Zot:5    | Noticed an ancient lich
 99306 | Zot:5    | Reached skill level 20 in Spellcasting
 99306 | Zot:5    | Killed an orb of fire
 99308 | Zot:5    | Killed an ancient lich
 99308 | Zot:5    | Noticed an ancient lich
 99308 | Zot:5    | Killed a dread lich
 99309 | Zot:5    | Reached skill level 6 in Throwing
 99311 | Zot:5    | Killed an ancient lich
 99311 | Zot:5    | Noticed an ancient lich
 99324 | Zot:5    | HP: 25/253 [Executioner[a dread lich] (5)]
 99325 | Zot:5    | Killed an ancient lich
 99917 | Zot:5    | Killed an ancient lich
 99948 | Zot:5    | Killed a dread lich
100080 | Zot:5    | Killed a dread lich
100272 | Zot:5    | Noticed an electric golem
100290 | Zot:5    | Killed an electric golem
100719 | Zot:5    | Reached skill level 7 in Throwing
100863 | Zot:5    | Lost mutation: You have a pair of small horns on your head.
                  | [potion of mutation]
100863 | Zot:5    | Lost mutation: Your magical capacity is low. (-10% MP)
                  | [potion of mutation]
100863 | Zot:5    | Gained mutation: Your natural rate of healing is unusually
                  | fast. [potion of mutation]
100863 | Zot:5    | Gained mutation: You are frail. (-10% HP) [potion of
                  | mutation]
100864 | Zot:5    | Lost mutation: Your natural rate of healing is unusually
                  | fast. [potion of mutation]
100864 | Zot:5    | Lost mutation: You are frail. (-10% HP) [potion of
                  | mutation]
100864 | Zot:5    | Gained mutation: Your flesh is cold resistant. (rC+)
                  | [potion of mutation]
100864 | Zot:5    | Gained mutation: You expend magic power (3 MP) to
                  | strengthen your wands. [potion of mutation]
101693 | Snake:4  | Bought a potion of mutation for 96 gold pieces
101693 | Snake:4  | Bought a potion of brilliance for 48 gold pieces
101693 | Snake:4  | Bought a potion of might for 48 gold pieces
101693 | Snake:4  | Bought a potion of heal wounds for 60 gold pieces
101693 | Snake:4  | Bought a potion of heal wounds for 60 gold pieces
101693 | Snake:4  | Bought a potion of heal wounds for 60 gold pieces
101693 | Snake:4  | Bought a potion of heal wounds for 60 gold pieces
101693 | Snake:4  | Bought a potion of curing for 36 gold pieces
101693 | Snake:4  | Bought a potion of heal wounds for 60 gold pieces
101957 | Vaults:2 | Bought a potion of invisibility for 128 gold pieces
102011 | Vaults:2 | Bought a potion of invisibility for 136 gold pieces
102011 | Vaults:2 | Bought a potion of heal wounds for 85 gold pieces
102011 | Vaults:2 | Bought a potion of curing for 51 gold pieces
102202 | Geh:1    | Entered Level 1 of Gehenna
102880 | Geh:2    | Reached skill level 17 in Fighting
103152 | Geh:2    | Reached skill level 8 in Throwing
104097 | Geh:4    | Reached skill level 22 in Summonings
104118 | Geh:4    | Noticed an ancient lich
104134 | Geh:4    | Killed an ancient lich
104151 | Geh:4    | Reached skill level 9 in Throwing
104198 | Geh:4    | Noticed an ancient lich
104202 | Geh:4    | Noticed an ancient lich
104211 | Geh:4    | Killed an ancient lich
104238 | Geh:4    | Noticed a dread lich
104401 | Geh:4    | Noticed an ancient lich
104407 | Geh:4    | Killed an ancient lich
104410 | Geh:4    | Noticed an ancient lich
104413 | Geh:4    | Killed an ancient lich
104414 | Geh:4    | Killed a dread lich
104422 | Geh:4    | Killed an ancient lich
104555 | Geh:4    | Reached skill level 18 in Fighting
105262 | Geh:5    | Reached skill level 10 in Throwing
105958 | Geh:7    | Entered Level 7 of Gehenna
106426 | Geh:7    | Got an obsidian rune of Zot
106435 | Geh:7    | Identified the ring "Ibboanir" {Fire rPois Will+ Int-4
                  | Dex+2}
106437 | Geh:7    | Identified the +2 leather armour "Nomigev" {rF+ Int+5}
106446 | Geh:7    | Identified a +0 crystal plate armour
106458 | Geh:7    | Identified the +0 leather armour of the Meadowlark {rPois}
106465 | Geh:7    | Identified the +3 whip of Megalomania {speed, rPois rC+
                  | Dex+3}
106510 | Geh:7    | Found the +13 sceptre of Asmodeus
106510 | Geh:7    | Noticed Asmodeus
106528 | Geh:7    | Killed Asmodeus
107031 | Geh:7    | Reached skill level 11 in Throwing
107107 | Geh:7    | Noticed the Serpent of Hell
107446 | Geh:7    | Reached skill level 21 in Spellcasting
107614 | Geh:7    | Reached skill level 19 in Fighting
108128 | Geh:7    | Identified the amulet "Fiskouq" {Acrobat *Slow rPois rCorr
                  | Str-3}
108561 | Geh:7    | Killed the Serpent of Hell
108563 | Geh:7    | Reached skill level 12 in Throwing
109135 | D:7      | Bought a throwing net for 36 gold pieces
109135 | D:7      | Bought a manual of Throwing for 960 gold pieces
109135 | D:7      | Bought 4 boomerangs for 96 gold pieces
109182 | D:5      | Bought a manual of Fire Magic for 960 gold pieces
109229 | D:5      | Bought 6 javelins for 216 gold pieces
109437 | Depths:1 | Learned a level 5 spell: Fireball
109438 | Depths:1 | Voluntarily entered the Abyss.
109458 | Abyss:1  | Found a corrupted altar of Lugonu.
109551 | Abyss:1  | Found a corrupted altar of Lugonu.
109678 | Abyss:2  | Reached skill level 1 in Fire Magic
110021 | Abyss:3  | Reached skill level 2 in Fire Magic
110246 | Abyss:3  | Upgraded the game from 0.31-a0-16-g6d2539766c to
                  | 0.31-a0-18-gea43df2a32
110349 | Abyss:3  | Reached skill level 3 in Fire Magic
110418 | Abyss:3  | Reached skill level 13 in Throwing
110486 | Abyss:3  | Reached skill level 4 in Fire Magic
110579 | Depths:1 | You pass through the gate.
110579 | Depths:1 | Escaped the Abyss
110639 | Depths:1 | Voluntarily entered the Abyss.
110639 | Abyss:3  | Found a corrupted altar of Lugonu.
110780 | Abyss:3  | Got an abyssal rune of Zot
110793 | Abyss:3  | Reached skill level 5 in Fire Magic
111080 | Abyss:3  | Reached skill level 14 in Throwing
111149 | Abyss:3  | Found a corrupted altar of Lugonu.
111181 | Depths:1 | You pass through the gate.
111181 | Depths:1 | Escaped the Abyss
111230 | Depths:1 | Voluntarily entered the Abyss.
111300 | Abyss:3  | Found a corrupted altar of Lugonu.
111350 | Abyss:3  | Reached skill level 6 in Fire Magic
111470 | Abyss:3  | Reached skill level 10 in Evocations
111718 | Abyss:3  | Reached skill level 7 in Fire Magic
111834 | Abyss:3  | Noticed a dread lich
111860 | Abyss:3  | Killed a dread lich
111882 | Depths:1 | You pass through the gate.
111882 | Depths:1 | Escaped the Abyss
112201 | Depths:1 | Voluntarily entered the Abyss.
112227 | Abyss:3  | Reached skill level 8 in Fire Magic
112270 | Abyss:3  | Reached skill level 15 in Throwing
112792 | Abyss:3  | Found a corrupted altar of Lugonu.
112825 | Abyss:3  | Reached skill level 20 in Fighting
112825 | Abyss:3  | Reached skill level 9 in Fire Magic
112859 | Depths:1 | You pass through the gate.
112859 | Depths:1 | Escaped the Abyss
113082 | Depths:1 | Voluntarily entered the Abyss.
113089 | Abyss:3  | Found a corrupted altar of Lugonu.
113453 | Abyss:3  | Found a corrupted altar of Lugonu.
113579 | Abyss:3  | Reached skill level 10 in Fire Magic
113675 | Abyss:3  | Found a corrupted altar of Lugonu.
113690 | Abyss:3  | Reached skill level 16 in Throwing
113833 | Abyss:4  | Found a corrupted altar of Lugonu.
113881 | Depths:1 | You pass through the gate.
113881 | Depths:1 | Escaped the Abyss
113961 | Pan      | Entered Pandemonium
113979 | Pan      | Found an exit through the horrors of the Abyss.
114115 | Pan      | Reached skill level 11 in Fire Magic
114251 | Pan      | Noticed Wawung the pandemonium lord
114282 | Pan      | Killed Wawung the pandemonium lord
114283 | Pan      | Reached skill level 11 in Evocations
114321 | Pan      | Gained mutation: You are occasionally teleported next to
                  | monsters. [a cacodemon]
114323 | Pan      | Lost mutation: You expend magic power (3 MP) to strengthen
                  | your wands. [potion of mutation]
114323 | Pan      | Lost mutation: You are occasionally teleported next to
                  | monsters. [potion of mutation]
114323 | Pan      | Gained mutation: Your magical capacity is low. (-10% MP)
                  | [potion of mutation]
114323 | Pan      | Gained mutation: You sometimes lose your temper in combat.
                  | [potion of mutation]
114323 | Pan      | Gained mutation: Your spells are a little harder to cast,
                  | but a little more powerful. [potion of mutation]
114324 | Pan      | Lost mutation: Your flesh is cold resistant. (rC+) [potion
                  | of mutation]
114324 | Pan      | Lost mutation: Your magical capacity is low. (-10% MP)
                  | [potion of mutation]
114324 | Pan      | Lost mutation: Your spells are a little harder to cast, but
                  | a little more powerful. [potion of mutation]
114324 | Pan      | Gained mutation: You can exhale a cloud of poison. [potion
                  | of mutation]
114324 | Pan      | Gained mutation: Your muscles are strong. (Str +4, Int/Dex
                  | -1) [potion of mutation]
114324 | Pan      | Gained mutation: Your flesh is heat resistant. (rF+)
                  | [potion of mutation]
114325 | Pan      | Lost mutation: You can exhale a cloud of poison. [potion of
                  | mutation]
114325 | Pan      | Lost mutation: You sometimes lose your temper in combat.
                  | [potion of mutation]
114325 | Pan      | Gained mutation: You are frail. (-10% HP) [potion of
                  | mutation]
114325 | Pan      | Lost mutation: Your flesh is heat resistant. (rF+) [potion
                  | of mutation]
114325 | Pan      | Gained mutation: You have a pair of small horns on your
                  | head. [potion of mutation]
114326 | Pan      | Lost mutation: Your muscles are strong. (Str +4, Int/Dex
                  | -1) [potion of mutation]
114326 | Pan      | Lost mutation: You have a pair of small horns on your head.
                  | [potion of mutation]
114326 | Pan      | Lost mutation: You are frail. (-10% HP) [potion of
                  | mutation]
114326 | Pan      | Gained mutation: You do not regenerate when monsters are
                  | visible. [potion of mutation]
114326 | Pan      | Gained mutation: You are weak. (Str -2) [potion of
                  | mutation]
114377 | Pan      | Lost mutation: You are weak. (Str -2) [potion of mutation]
114377 | Pan      | Lost mutation: You do not regenerate when monsters are
                  | visible. [potion of mutation]
114377 | Pan      | Gained mutation: You possess an exceptional clarity of
                  | mind. [potion of mutation]
114377 | Pan      | Gained mutation: Your muscles are strong. (Str +4, Int/Dex
                  | -1) [potion of mutation]
114377 | Pan      | Gained mutation: You have a pair of small antennae on your
                  | head. [potion of mutation]
114377 | Pan      | Gained mutation: You are agile. (Dex +4, Str/Int -1)
                  | [potion of mutation]
114447 | Pan      | Reached skill level 12 in Fire Magic
114712 | Pan      | Reached skill level 16 in Dodging
115344 | Pan      | Reached skill level 13 in Fire Magic
115672 | Pan      | Learned a level 8 spell: Ignition
115931 | Pan      | Found a runed translucent door.
116423 | Pan      | Reached skill level 14 in Fire Magic
116657 | Pan      | Noticed Coyfea the pandemonium lord
116669 | Pan      | Killed Coyfea the pandemonium lord
116693 | Depths:2 | You pass through the gate.
116693 | Depths:2 | Escaped Pandemonium
117654 | Pan      | Entered Pandemonium
117763 | Pan      | Reached skill level 12 in Evocations
118000 | Pan      | Noticed Quolef the pandemonium lord
118012 | Pan      | Killed Quolef the pandemonium lord
118271 | Pan      | Noticed Ignacio
118285 | Pan      | HP: 16/272 [Ignacio/+8 executioner's axe of pain (19)]
118286 | Pan      | Killed Ignacio
119167 | Pan      | Identified the +4 trident of the Uplifting Gods {drain,
                  | Str+3}
119521 | Pan      | Noticed Offecaes the pandemonium lord
119644 | Pan      | Got a demonic rune of Zot
119653 | Pan      | Reached skill level 21 in Fighting
120409 | Pan      | Killed Offecaes the pandemonium lord
120503 | Pan      | Reached skill level 15 in Fire Magic
121304 | Pan      | Reached skill level 13 in Evocations
121309 | Pan      | Noticed Icups the pandemonium lord
121332 | Pan      | Killed Icups the pandemonium lord
121518 | Pan      | Identified the +10 sling "Votsyk" {drain, Str+4 Dex+5}
121930 | Pan      | Reached skill level 17 in Throwing
122047 | Pan      | Found an exit through the horrors of the Abyss.
122284 | Pan      | Entered the realm of Cerebov.
122284 | Pan      | Found an exit through the horrors of the Abyss.
122409 | Pan      | Reached skill level 17 in Dodging
123150 | Pan      | Identified the staff of air "Zoxano" {rElec rC++ rN+ Int+3}
123583 | Pan      | Got Sif Muna's Directory of Planar Calling
123588 | Pan      | Learned a level 3 spell: Vhi's Electric Charge
123729 | Pan      | Reached skill level 14 in Evocations
123924 | Pan      | Identified the +5 dagger of Irozy {holy, rCorr Stlth+}
123925 | Pan      | Identified the +3 chain mail of the Eternal Fruit {rN+
                  | Str+2}
124039 | Pan      | Reached skill level 16 in Fire Magic
124095 | Pan      | Reached skill level 22 in Spellcasting
124147 | Pan      | Found the +6 sword of Cerebov {flame}
124147 | Pan      | Noticed Cerebov
124177 | Pan      | Killed Cerebov
124468 | Pan      | Got a fiery rune of Zot
125008 | Pan      | Reached skill level 15 in Evocations
125177 | Pan      | Identified the +5 ring mail "Wintuhar" {Str+4 Dex+3}
125213 | Pan      | Gained mutation: You occasionally shout uncontrollably at
                  | your foes. [a cacodemon]
125216 | Pan      | Reached skill level 18 in Dodging
125786 | Pan      | Found an exit through the horrors of the Abyss.
125913 | Pan      | Noticed Fism the pandemonium lord
125926 | Pan      | Killed Fism the pandemonium lord
126245 | Pan      | Lost mutation: You occasionally shout uncontrollably at
                  | your foes. [a cacodemon]
126253 | Pan      | Reached skill level 23 in Spellcasting
126570 | Pan      | Found an exit through the horrors of the Abyss.
126812 | Pan      | Gained mutation: Your magical capacity is low. (-10% MP) [a
                  | cacodemon]
127017 | Pan      | Noticed Atyticismoa the pandemonium lord
127025 | Pan      | Killed Atyticismoa the pandemonium lord
127832 | Depths:2 | You pass through the gate.
127832 | Depths:2 | Escaped Pandemonium
127844 | Pan      | Entered Pandemonium
128205 | Pan      | Found a transporter.
128220 | Pan      | Reached skill level 19 in Dodging
128563 | Pan      | Found a transporter.
128857 | Pan      | Gained mutation: You occasionally lose the ability to drink
                  | potions when taking damage. [a cacodemon]
129255 | Pan      | Identified the ring of Fipnirr {Will+ Int+4}
129261 | Pan      | Identified the amulet "Raevup" {Acrobat Harm}
129279 | Pan      | Identified the amulet of Isosk {Reflect *Slow rN+ Will+
                  | Slay+3 SH+5}
130138 | Pan      | Entered the realm of Lom Lobon.
130138 | Pan      | Noticed Lom Lobon
130157 | Pan      | Killed Lom Lobon
130179 | Pan      | Got a magical rune of Zot
131044 | Pan      | Reached skill level 16 in Invocations
131376 | Pan      | Found an exit through the horrors of the Abyss.
132156 | Pan      | Reached skill level 16 in Evocations
133450 | Pan      | Reached skill level 16 in Ice Magic
133490 | Pan      | Noticed Emafumoi the pandemonium lord
133508 | Pan      | Killed Emafumoi the pandemonium lord
133655 | Pan      | Learned a level 2 spell: Lesser Beckoning
133803 | Pan      | Found an exit through the horrors of the Abyss.
134122 | Pan      | Reached skill level 17 in Fire Magic
134608 | Pan      | Noticed Suurroakk the pandemonium lord
134615 | Pan      | Killed Suurroakk the pandemonium lord
134875 | Pan      | Identified a +1 robe of the Archmagi
134952 | Pan      | Lost mutation: You possess an exceptional clarity of mind.
                  | [a neqoxec]
135147 | Pan      | Reached skill level 20 in Dodging
135486 | Pan      | Reached skill level 18 in Throwing
135553 | Pan      | Reached skill level 16 in Armour
135608 | Pan      | Identified the ring of Trepidation {Fly SInv}
135959 | Pan      | Identified the +3 leather armour "Mor Lifi" {-Tele Rampage
                  | rElec rPois}
136735 | Pan      | Reached skill level 22 in Fighting
138207 | Pan      | Found a runed translucent door.
138405 | Pan      | Reached skill level 17 in Invocations
138811 | Depths:2 | You pass through the gate.
138811 | Depths:2 | Escaped Pandemonium
139253 | Pan      | Entered Pandemonium
139433 | Pan      | Noticed Doppupp the pandemonium lord
139486 | Pan      | Killed Doppupp the pandemonium lord
139872 | Pan      | Gained mutation: You are dopey. (Int -2) [a cacodemon]
140045 | Pan      | Reached skill level 17 in Evocations
140447 | Pan      | Entered the realm of Mnoleg.
140671 | Pan      | Gained mutation: You are frail. (-10% HP) [a neqoxec]
140735 | Pan      | Identified the +4 arbalest of Ceifack {heavy, Int+5 Dex-2}
140828 | Pan      | Noticed Mennas
140842 | Pan      | Killed Mennas
140927 | Pan      | Identified the +1 robe of Pride {*Slow rElec rPois Dex+6}
141462 | Pan      | Reached skill level 17 in Ice Magic
141470 | Pan      | Noticed Mnoleg
141482 | Pan      | Killed Mnoleg
141576 | Pan      | Gained mutation: You have hidden genetic defects. [a
                  | neqoxec]
141595 | Pan      | Lost mutation: Your muscles are strong. (Str +4, Int/Dex
                  | -1) [potion of mutation]
141595 | Pan      | Lost mutation: You are dopey. (Int -2) [potion of mutation]
141595 | Pan      | Gained mutation: You are strong-willed. (Will+) [potion of
                  | mutation]
141595 | Pan      | Lost mutation: You have hidden genetic defects. [potion of
                  | mutation]
141595 | Pan      | Gained mutation: You are dopey. (Int -2) [potion of
                  | mutation]
141654 | Pan      | Got a glowing rune of Zot
141742 | Pan      | Lost mutation: You are agile. (Dex +4, Str/Int -1) [potion
                  | of mutation]
141742 | Pan      | Lost mutation: You are dopey. (Int -2) [potion of mutation]
141742 | Pan      | Lost mutation: You are frail. (-10% HP) [potion of
                  | mutation]
141742 | Pan      | Gained mutation: You expend magic power (3 MP) to
                  | strengthen your wands. [potion of mutation]
141742 | Pan      | Gained mutation: You are highly strong-willed. (Will++)
                  | [potion of mutation]
141742 | Pan      | Gained mutation: Your body sometimes deteriorates upon
                  | taking damage. [potion of mutation]
141788 | Pan      | Entered the realm of Gloorx Vloq.
142315 | Pan      | Reached skill level 21 in Dodging
142400 | Pan      | Reached skill level 18 in Fire Magic
142513 | Pan      | Noticed a curse skull
142516 | Pan      | Killed a curse skull
142516 | Pan      | Noticed a curse skull
142517 | Pan      | Killed a curse skull
142544 | Pan      | Noticed Gloorx Vloq
142563 | Pan      | Killed Gloorx Vloq
142583 | Pan      | Got a dark rune of Zot
142885 | Pan      | Identified +0 pearl dragon scales
142885 | Pan      | Noticed a seraph
142885 | Pan      | Found a glowing golden altar of the Shining One.
142893 | Pan      | Killed a seraph
142927 | Pan      | Identified the +1 robe of Action {rF+ Int+2}
143017 | Pan      | Got Sif Muna's Teachings on Distance
143018 | Pan      | Identified the +4 cloak of the Trees {Fly Dex+4}
143033 | Pan      | Identified the +7 quarterstaff of Balance {venom, rF- Str+4
                  | Int+3}
144120 | Pan      | Found a glowing silver altar of Zin.
144275 | Pan      | Reached skill level 18 in Invocations
144882 | Pan      | Reached skill level 15 in Polearms
144922 | Pan      | Reached skill level 17 in Armour
145130 | Pan      | Found a white marble altar of Elyvilon.
145580 | Pan      | Reached skill level 18 in Evocations
146092 | Pan      | Identified a +1 robe of the Archmagi
146133 | Pan      | Identified the +6 tower shield of Inviolability {rC+ Int+4
                  | SInv}
146224 | Depths:2 | You pass through the gate.
146224 | Depths:2 | Escaped Pandemonium
146257 | Depths:2 | Lost mutation: You expend magic power (3 MP) to strengthen
                  | your wands. [potion of mutation]
146257 | Depths:2 | Lost mutation: You are highly strong-willed. (Will++)
                  | [potion of mutation]
146257 | Depths:2 | Gained mutation: You occasionally lose the ability to read
                  | scrolls when taking damage. [potion of mutation]
146257 | Depths:2 | Gained mutation: Your muscles are strong. (Str +4, Int/Dex
                  | -1) [potion of mutation]
146258 | Depths:2 | Lost mutation: Your body sometimes deteriorates upon taking
                  | damage. [potion of mutation]
146258 | Depths:2 | Lost mutation: You are strong-willed. (Will+) [potion of
                  | mutation]
146258 | Depths:2 | Gained mutation: You are clumsy. (Dex -2) [potion of
                  | mutation]
146258 | Depths:2 | Gained mutation: You are vulnerable to cold. (rC-) [potion
                  | of mutation]
146258 | Depths:2 | Gained mutation: Your skin changes colour to match your
                  | surroundings (Stealth+). [potion of mutation]
146258 | Depths:2 | Gained mutation: Your natural rate of healing is unusually
                  | fast. [potion of mutation]
146259 | Depths:2 | Lost mutation: Your magical capacity is low. (-10% MP)
                  | [potion of mutation]
146259 | Depths:2 | Lost mutation: Your muscles are strong. (Str +4, Int/Dex
                  | -1) [potion of mutation]
146259 | Depths:2 | Lost mutation: You have a pair of small antennae on your
                  | head. [potion of mutation]
146259 | Depths:2 | Lost mutation: You occasionally lose the ability to read
                  | scrolls when taking damage. [potion of mutation]
146260 | Depths:2 | Lost mutation: You occasionally lose the ability to drink
                  | potions when taking damage. [potion of mutation]
146260 | Depths:2 | Lost mutation: You are clumsy. (Dex -2) [potion of
                  | mutation]
146260 | Depths:2 | Gained mutation: You are occasionally teleported next to
                  | monsters. [potion of mutation]
146260 | Depths:2 | Gained mutation: You possess an exceptional clarity of
                  | mind. [potion of mutation]
146260 | Depths:2 | Gained mutation: You are partially covered in iridescent
                  | scales. (AC +2) [potion of mutation]
146261 | Depths:2 | Lost mutation: You are vulnerable to cold. (rC-) [potion of
                  | mutation]
146261 | Depths:2 | Lost mutation: You are occasionally teleported next to
                  | monsters. [potion of mutation]
146261 | Depths:2 | Lost mutation: Your natural rate of healing is unusually
                  | fast. [potion of mutation]
146261 | Depths:2 | Gained mutation: Your tail ends in a venomous barb. [potion
                  | of mutation]
146261 | Depths:2 | Gained mutation: You have sharp fingernails. [potion of
                  | mutation]
147191 | Orc:2    | Bought a scroll of teleportation for 39 gold pieces
147191 | Orc:2    | Bought a scroll of enchant armour for 97 gold pieces
147651 | Coc:1    | Entered Level 1 of Cocytus
147669 | Coc:1    | Reached skill level 23 in Fighting
147722 | Coc:1    | Reached skill level 18 in Ice Magic
147867 | Coc:2    | Reached skill level 22 in Dodging
149087 | Coc:5    | Reached skill level 19 in Throwing
149126 | Coc:5    | Paralysed by a wendigo for 1 turns
149237 | Coc:5    | Reached skill level 16 in Polearms
149892 | Coc:7    | Entered Level 7 of Cocytus
149894 | Coc:7    | Paralysed by a wendigo for 1 turns
150181 | Coc:7    | Paralysed by a wendigo for 1 turns
150523 | Coc:7    | Reached skill level 16 in Shields
150524 | Coc:7    | Paralysed by a wendigo for 1 turns
150528 | Coc:7    | Paralysed by a wendigo for 1 turns
150627 | Coc:7    | Reached skill level 18 in Armour
150627 | Coc:7    | Reached skill level 23 in Dodging
151245 | Coc:7    | Noticed Antaeus
151249 | Coc:7    | Reached skill level 17 in Polearms
151672 | Coc:7    | Killed Antaeus
151686 | Coc:7    | Got an icy rune of Zot
151786 | Coc:7    | Identified the staff of earth "Boumifal" {rCorr MP+9}
152069 | Tar:1    | Entered Level 1 of Tartarus
152300 | Tar:1    | Reached skill level 20 in Throwing
152422 | Tar:2    | Reached skill level 17 in Shields
152869 | Tar:3    | Noticed a dread lich
152891 | Tar:3    | Killed a dread lich
153091 | Tar:3    | Reached skill level 18 in Polearms
154026 | Tar:5    | Reached skill level 18 in Shields
154458 | Tar:6    | Noticed a dread lich
154460 | Tar:6    | Noticed an ancient lich
154464 | Tar:6    | Killed an ancient lich
154465 | Tar:6    | Killed a dread lich
154961 | Tar:7    | Entered Level 7 of Tartarus
154977 | Tar:7    | Reached skill level 19 in Shields
155549 | Tar:7    | Noticed an ancient lich
155559 | Tar:7    | Killed an ancient lich
155898 | Tar:7    | Reached skill level 20 in Shields
156259 | Tar:7    | Noticed an ancient lich
156265 | Tar:7    | Killed an ancient lich
156608 | Tar:7    | Identified the ring of Wiox {Will+ Str+6}
157137 | Tar:7    | Identified the +0 robe "Vugol" {rN+ Str+8 Int-5}
157139 | Tar:7    | Identified the staff of earth "Enoo" {rF+ Str+2}
157147 | Tar:7    | Reached skill level 21 in Shields
157272 | Tar:7    | Learned a level 2 spell: Blink
157328 | Tar:7    | Reached skill level 24 in Stealth
157735 | Tar:7    | Reached skill level 25 in Stealth
157823 | Tar:7    | Identified the +0 plate armour of Huoraja {Str+4}
157825 | Tar:7    | Identified the ring of Starshine {rN+ EV+5 Int+2 Dex-2}
157863 | Tar:7    | Noticed a dread lich
157877 | Tar:7    | Killed a dread lich
158209 | Tar:7    | Noticed Ereshkigal
158226 | Tar:7    | Killed Ereshkigal
158227 | Tar:7    | Reached skill level 26 in Stealth
158442 | Tar:7    | Got a bone rune of Zot
158862 | Tomb:1   | Entered Level 1 of the Tomb of the Ancients
159672 | Tomb:1   | Noticed a royal mummy
159682 | Tomb:1   | Killed a royal mummy
159924 | Tomb:1   | Reached skill level 23 in Summonings
159925 | Tomb:1   | Noticed a royal mummy
159928 | Tomb:1   | Killed a royal mummy
160724 | Tomb:2   | Noticed a royal mummy
160726 | Tomb:2   | Noticed a royal mummy
160726 | Tomb:2   | Noticed a royal mummy
160728 | Tomb:2   | Noticed a royal mummy
160731 | Tomb:2   | HP: 22/275 [??? (12)]
160749 | Tomb:1   | Noticed a royal mummy
160753 | Tomb:1   | Killed a royal mummy
160858 | Tomb:1   | Noticed a royal mummy
160866 | Tomb:1   | Killed a royal mummy
160867 | Tomb:1   | Noticed a royal mummy
160870 | Tomb:1   | Killed a royal mummy
161058 | Tomb:1   | Noticed a royal mummy
161062 | Tomb:1   | Killed a royal mummy
161106 | Tomb:1   | Noticed a royal mummy
161111 | Tomb:1   | Killed a royal mummy
161112 | Tomb:1   | Reached skill level 24 in Summonings
161150 | Tomb:1   | Noticed a royal mummy
161161 | Tomb:1   | Killed a royal mummy
161521 | Tomb:1   | Noticed a royal mummy
161524 | Tomb:1   | Killed a royal mummy
161546 | Tomb:1   | Noticed a royal mummy
161546 | Tomb:1   | Noticed a royal mummy
161549 | Tomb:1   | Killed a royal mummy
161550 | Tomb:1   | Killed a royal mummy
161826 | Tomb:1   | Noticed a royal mummy
161832 | Tomb:1   | Killed a royal mummy
161991 | Tomb:1   | Noticed a royal mummy
161998 | Tomb:1   | Killed a royal mummy
162015 | Tomb:1   | Noticed a royal mummy
162025 | Tomb:1   | Killed a royal mummy
162071 | Tomb:1   | Noticed a royal mummy
162078 | Tomb:1   | Killed a royal mummy
162427 | Tomb:1   | Noticed a royal mummy
162439 | Tomb:1   | Killed a royal mummy
162488 | Tomb:1   | Noticed a royal mummy
162494 | Tomb:1   | Killed a royal mummy
162500 | Tomb:1   | Noticed a royal mummy
162504 | Tomb:1   | Killed a royal mummy
162508 | Tomb:1   | Noticed a royal mummy
162516 | Tomb:1   | Killed a royal mummy
162534 | Tomb:1   | Noticed a royal mummy
162539 | Tomb:1   | Killed a royal mummy
162540 | Tomb:1   | Reached skill level 25 in Summonings
163071 | Tomb:3   | Entered Level 3 of the Tomb of the Ancients
163096 | Tomb:3   | HP: 26/272 [something (13)]
163452 | Tomb:3   | Noticed a royal mummy
163454 | Tomb:3   | Noticed a royal mummy
163455 | Tomb:3   | Killed a royal mummy
163456 | Tomb:3   | Noticed a royal mummy
163457 | Tomb:3   | Killed a royal mummy
163460 | Tomb:3   | Killed a royal mummy
163462 | Tomb:3   | Reached skill level 26 in Summonings
163463 | Tomb:3   | Noticed a royal mummy
163463 | Tomb:3   | Noticed a royal mummy
163471 | Tomb:3   | Killed a royal mummy
163886 | Tomb:3   | Killed a royal mummy
163891 | Tomb:3   | Noticed a royal mummy
163894 | Tomb:3   | Killed a royal mummy
163895 | Tomb:3   | Noticed a royal mummy
163900 | Tomb:3   | Killed a royal mummy
163979 | Tomb:3   | Identified the staff of poison "Qunicwa" {rPois rN+}
163981 | Tomb:3   | Identified the staff of poison "Kalecl Uhiti" {+Blink rElec
                  | rPois Will+ Dex-2}
163982 | Tomb:3   | Identified the +0 buckler of the Little Devil {Contam MP+9
                  | Str+2 Slay+6}
163991 | Tomb:3   | Identified the +12 great sword "Viqod" {freeze, Fragile
                  | Will+++ Int+4}
163993 | Tomb:3   | Identified the +0 chain mail of Entitlement {rC- Will+
                  | Regen+ Int+7}
164005 | Tomb:3   | Identified the +0 chain mail of Yesterday {rPois rF+ rN++}
164021 | Tomb:3   | Identified the +0 ring mail of Boredom {SInv}
164024 | Tomb:3   | Identified the ring "Uxtahil" {Fly rC++}
164041 | Tomb:3   | Identified the +11 sling "Qimar" {drain, Fly rF+ Will+}
164151 | Tomb:3   | Noticed a royal mummy
164163 | Tomb:3   | Killed a royal mummy
164476 | Tomb:3   | Got a golden rune of Zot
164576 | Tomb:2   | Killed a royal mummy
164581 | Tomb:2   | Killed a royal mummy
164584 | Tomb:2   | Killed a royal mummy
164586 | Tomb:2   | Killed a royal mummy
165592 | Dis:1    | Entered Level 1 of the Iron City of Dis
165601 | Dis:1    | Reached skill level 27 in Summonings
166171 | Dis:3    | Noticed a caustic shrike
166171 | Dis:3    | Noticed a caustic shrike
166171 | Dis:3    | Noticed a caustic shrike
166171 | Dis:3    | Noticed a caustic shrike
166171 | Dis:3    | Noticed a caustic shrike
166171 | Dis:3    | Noticed a caustic shrike
166172 | Dis:3    | Noticed a caustic shrike
166172 | Dis:3    | Noticed a caustic shrike
166173 | Dis:3    | Noticed a caustic shrike
166175 | Dis:3    | Killed a caustic shrike
166175 | Dis:3    | Killed a caustic shrike
166175 | Dis:3    | Killed a caustic shrike
166175 | Dis:3    | Killed a caustic shrike
166175 | Dis:3    | Killed a caustic shrike
166175 | Dis:3    | Killed a caustic shrike
166175 | Dis:3    | Killed a caustic shrike
166176 | Dis:3    | Killed a caustic shrike
166177 | Dis:3    | Killed a caustic shrike
166412 | Dis:4    | Noticed a caustic shrike
166412 | Dis:4    | Noticed a caustic shrike
166412 | Dis:4    | Noticed a caustic shrike
166412 | Dis:4    | Noticed a caustic shrike
166412 | Dis:4    | Noticed a caustic shrike
166436 | Dis:4    | Killed a caustic shrike
166436 | Dis:4    | Killed a caustic shrike
166437 | Dis:4    | Killed a caustic shrike
166437 | Dis:4    | Killed a caustic shrike
166437 | Dis:4    | Killed a caustic shrike
166453 | Dis:4    | Reached skill level 24 in Fighting
166929 | Dis:5    | Noticed a dread lich
166938 | Dis:5    | Killed a dread lich
167595 | Dis:7    | Entered Level 7 of the Iron City of Dis
167595 | Dis:7    | Noticed a caustic shrike
167602 | Dis:7    | Killed a caustic shrike
167794 | Dis:7    | Noticed a caustic shrike
167801 | Dis:7    | Killed a caustic shrike
167845 | Dis:7    | Noticed a caustic shrike
167870 | Dis:7    | Killed a caustic shrike
168166 | Dis:7    | Noticed a caustic shrike
168173 | Dis:7    | Killed a caustic shrike
168174 | Dis:7    | Reached skill level 25 in Fighting
168203 | Dis:7    | Noticed a juggernaut
168222 | Dis:7    | Killed a juggernaut
168223 | Dis:7    | Noticed a juggernaut
168237 | Dis:7    | Killed a juggernaut
168241 | Dis:7    | Noticed a caustic shrike
168269 | Dis:7    | Killed a caustic shrike
168379 | Dis:7    | Found the ring of Shadows {Umbra +Inv Stlth+}
168386 | Dis:7    | Identified the ring "Elotut" {Will+ Slay+3}
168550 | Dis:7    | Noticed a caustic shrike
168561 | Dis:7    | Killed a caustic shrike
168569 | Dis:7    | Noticed a caustic shrike
168580 | Dis:7    | Killed a caustic shrike
168590 | Dis:7    | Noticed a caustic shrike
168594 | Dis:7    | Killed a caustic shrike
168595 | Dis:7    | Reached skill level 24 in Dodging
168828 | Dis:7    | Noticed a caustic shrike
168830 | Dis:7    | Noticed a caustic shrike
168831 | Dis:7    | Noticed a caustic shrike
168831 | Dis:7    | Noticed a caustic shrike
168842 | Dis:7    | Killed a caustic shrike
168844 | Dis:7    | Killed a caustic shrike
168846 | Dis:7    | Killed a caustic shrike
168848 | Dis:7    | Killed a caustic shrike
168909 | Dis:7    | Reached skill level 26 in Fighting
168931 | Dis:7    | Noticed a caustic shrike
168934 | Dis:7    | Killed a caustic shrike
169067 | Dis:7    | Noticed a juggernaut
169083 | Dis:7    | Killed a juggernaut
169459 | Dis:7    | Noticed Dispater
169515 | Dis:7    | Killed Dispater
169527 | Dis:7    | Identified the +0 helmet of the Game Afoot {rPois rC- Int+6
                  | Dex+3}
169528 | Dis:7    | Found the +10 dark maul {heavy}
169535 | Dis:7    | Got an iron rune of Zot
169910 | Zot:5    | Got the Orb of Zot
170147 | D:15     | Noticed Ruhuqigo the pandemonium lord
170161 | D:15     | Killed Ruhuqigo the pandemonium lord
170162 | D:15     | Reached skill level 25 in Dodging
170259 | D:8      | Noticed Boris
170464 | D:$      | Escaped with the Orb!

Vanquished Creatures
  Asmodeus (Geh:7)
  the Royal Jelly (Slime:5)
  Ignacio (Pan)
  Ereshkigal (Tar:7)
  the Serpent of Hell (Geh:7)
  Lom Lobon (Pan)
  Gloorx Vloq (Pan)
  Mnoleg (Pan)
  10 ancient liches (Depths:3 Vaults:5 Zig:11 Geh:4 Tar:7)
  Mara (Depths:2)
  5 dread liches (Zot:5 Geh:4 Abyss:3 Tar:6 Tar:7)
  5 orbs of fire (Zot:5)
  5 juggernauts (Zig:2 Zig:14 Dis:7)
  23 royal mummies (Tomb:1 Tomb:3 Tomb:2)
  Margery (Vaults:2)
  Vv (Zot:1)
  7 pandemonium lords (Zig:10 Pan)
  26 shard shrikes (Zig:9 Coc:1 Coc:3 Coc:5 Coc:6)
  7 Killer Klowns (Zot:1 Zot:4 Zig:13 Zot:5)
  22 caustic shrikes (Depths:1 Dis:3 Dis:4 Dis:7)
  Geryon (Hell)
  Xtahua (Depths:4)
  5 golden dragons (Depths:2 Depths:4 Zot:1 Zig:6 Zot:5)
  A curse toe (Zig:3)
  22 bone dragons (Depths:4 Abyss:3 Tar:2 Tar:5 Tar:7)
  2 pearl dragons (Pan)
  11 profane servitors (Crypt:3 Abyss:2 Abyss:3 Tar:3 Tar:4)
  the Enchantress (Depths:2)
  3 iron giants (Dis:5 Dis:7)
  11 doom hounds (Tar:1 Tar:2 Tar:3 Tar:4 Tar:6)
  26 Brimstone Fiends (Geh:2 Geh:4 Geh:6 Geh:7 Pan)
  10 tentacled monstrosities (Zot:1 Zot:2 Zot:4 Zot:5 Abyss:3)
  3 spectral shard shrikes (Tar:1 Tar:5 Tar:7)
  14 Hell Sentinels (Abyss:3 Pan Dis:4 Dis:6 Dis:7)
  23 hellephants (Geh:1 Geh:2 Geh:5 Geh:6 Geh:7)
  3 electric golems (Zot:1 Zot:5)
  19 Tzitzimimeh (Pan Tar:2 Tar:3 Tar:4 Tar:5)
  Rupert (Lair:4)
  11 tainted leviathans (Tar:1 Tar:3 Tar:5 Tar:7)
  Zenata (Vaults:4)
  7 liches (Depths:3 Crypt:3 Hell Abyss:3 Tomb:3)
  21 titans (Depths:4 Vaults:5 Vaults:4 Pan Coc:2)
  5 quicksilver dragons (Vaults:5 Zot:1 Zot:2 Zot:4)
  38 Ice Fiends (Zig:9 Pan Coc:2 Coc:3 Coc:4)
  24 Orb Guardians (Zot:5 Zot:4 D:4)
  A shard shrike skeleton (Tar:7)
  A walking earthen tome (Depths:2)
  A walking frostbound tome (Depths:4)
  A deep elf master archer (Elf:3)
  Gastronok (D:12)
  2 deep elf blademasters (Elf:3 Elf:2)
  9 searing wretches (Geh:3 Geh:5 Geh:6 Geh:7)
  35 ancient champions (Crypt:2 Crypt:3 Depths:1 Hell Tomb:1)
  14 tentacled starspawn (Abyss:3)
  An eldritch tentacle (Pan)
  19 Executioners (Abyss:3 Pan)
  29 acid blobs (Slime:1 Slime:2 Slime:3 Slime:4 Slime:5)
  15 sphinxes (Vaults:3 Depths:2 Crypt:3 Vaults:4 Zig:11)
  6 death cobs (Zot:1 Zot:2 Zot:3 Zot:5)
  Murray (Depths:1)
  4 shadow dragons (Depths:2 Vaults:5 Zot:3)
  7 revenants (Crypt:1 Crypt:2 Zig:3 Tomb:1 Tomb:3)
  A thorn hunter (Swamp:2)
  13 azure jellies (Slime:1 Slime:5 Zig:12 Zig:15 Coc:4)
  5 tengu reavers (Vaults:4 Vaults:5)
  12 storm dragons (Depths:4 Vaults:5 Zot:1 Zot:2 Zot:4)
  2 fenstrider witches (Swamp:3)
  Roxanne (Snake:2)
  6 nagarajas (Snake:1 Snake:3 Snake:4)
  13 rockslimes (Slime:1 Slime:4 Slime:5 Zig:12 Zig:15)
  2 draconian monks (Zot:1 Zot:5)
  9 quicksilver elementals (Dis:2 Dis:4 Dis:6 Dis:7)
  Donald (Slime:5)
  4 draconian knights (Zot:1 Zot:3 Zot:4)
  9 iron dragons (Depths:2 Vaults:5 Hell Dis:1 Dis:7)
  22 daevas (Pan)
  18 demonspawn warmongers (Pan)
  25 fire giants (Vaults:4 Depths:1 Depths:2 Depths:4 Vaults:5)
  16 frost giants (Depths:1 Depths:2 Depths:3 Vaults:5 Coc:4)
  65 balrugs (Depths:3 Geh:1 Geh:2 Geh:4 Geh:5)
  10 narguns (Coc:1 Coc:2 Coc:4 Coc:5 Coc:6)
  10 draconian scorchers (Zot:1 Zot:2 Zot:3 Zot:4)
  10 deep elf sorcerers (Elf:3 Zig:11)
  11 ghost moths (Zot:4 Abyss:3 Pan)
  15 vault wardens (Vaults:1 Vaults:2 Vaults:3 Vaults:4 Vaults:5)
  4 draconian shifters (Depths:4 Zot:2 Zot:4)
  A frost giant (shapeshifter) (Zig:10)
  10 shard shrike simulacra (Coc:1 Coc:2 Coc:3 Coc:5 Coc:6)
  A spectral juggernaut (Tar:5)
  Aizul (Snake:3)
  6 deep elf elementalists (Elf:2 Elf:3)
  16 ironbound preservers (Vaults:2 Vaults:3 Vaults:4 Vaults:5)
  41 angels (Zot:1 Pan)
  14 stone giants (D:15 Depths:1 Depths:2 Depths:4 Vaults:5)
  4 curse skulls (Crypt:3 Pan)
  6 orc warlords (Orc:2 Vaults:4 Zig:14)
  5 draconian stormcallers (Depths:4 Zot:2 Zot:4)
  10 draconian annihilators (Zot:1 Zot:3 Zot:4 Pan)
  24 demonspawn corrupters (Pan D:5)
  3 spriggan defenders (Depths:2)
  36 cacodemons (Hell Pan)
  11 ghouls (Crypt:1 Crypt:2 Crypt:3)
  40 war gargoyles (Vaults:2 Vaults:4 Vaults:5 Hell Zig:11)
  11 quicksilver oozes (Slime:1 Slime:5 Zig:4 Zig:15)
  2 ironbound thunderhulks (Vaults:3)
  26 very ugly things (Vaults:3 Vaults:4 Depths:2 Depths:3 Depths:4)
  19 ophanim (Abyss:3 Pan)
  4 juggernaut skeletons (Crypt:3 Hell Pan Tar:7)
  9 deep elf demonologists (Elf:1 Elf:3 Vaults:5)
  9 putrid mouths (Tar:1 Tar:3 Tar:5 Tar:7)
  13 bennus (Tomb:1 Tomb:2)
  8 deep elf annihilators (Elf:3 Vaults:5 Pan)
  4 vampire knights (Depths:2 Crypt:2 Crypt:3)
  25 demonspawn blood saints (Pan)
  5 caustic shrike skeletons (Crypt:1 Crypt:2 Pan Tar:7)
  47 lorocyprocas (Zig:13 Pan)
  9 black draconians (Depths:4 Zot:1 Zot:3 Zot:4 Zot:5)
  13 green draconians (Depths:4 Zot:1 Zot:2 Zot:4 Zot:5)
  43 apis (Pan)
  An eleionoma (Zig:6)
  13 demonspawn black suns (Pan)
  38 reapers (Depths:3 Crypt:2 Hell Geh:4 Abyss:3)
  26 elemental wellsprings (Coc:3 Coc:4 Coc:5 Coc:6 Coc:7)
  18 yellow draconians (Depths:4 Zot:1 Zot:2 Zot:3 Zot:4)
  9 dire elephants (Vaults:1 Vaults:4)
  9 white draconians (Depths:4 Zot:1 Zot:2 Zot:4)
  16 spark wasps (Depths:1 Depths:2 Depths:4)
  2 spectral titans (Tar:2 Tar:4)
  15 red draconians (Zot:1 Zot:3 Zot:4 Zot:5 Abyss:3)
  4 bunyips (Swamp:1 Swamp:2 Swamp:4)
  5 purple draconians (Zot:1 Zot:2 Zot:3 Zot:4)
  24 wendigos (Zig:9 Coc:1 Coc:2 Coc:4 Coc:5)
  4 crystal guardians (Vaults:2 Vaults:4 Dis:4)
  8 eidola (Crypt:2 Crypt:3 Abyss:3 Tar:7)
  34 blizzard demons (Depths:3 Depths:1 Abyss:3 Pan)
  14 iron golems (Hell Dis:1 Dis:4 Dis:5 Dis:6)
  18 ettins (Depths:1 Depths:2 Depths:3 Vaults:5)
  17 green deaths (Hell Abyss:3 Pan)
  12 jiangshi (Crypt:1 Crypt:2 Crypt:3)
  Snorg (D:10)
  21 yaktaur captains (D:12 Vaults:1 Vaults:2 Vaults:3 Vaults:4)
  A spectral quicksilver dragon (Tar:2)
  A quicksilver dragon zombie (Crypt:1)
  12 deep elf death magi (Elf:2 Elf:3 Crypt:3 Vaults:5)
  19 mummy priests (Crypt:3 Zig:7 Tomb:1 Tomb:2 Tomb:3)
  4 deep elf high priests (Elf:3 Vaults:5)
  A merfolk javelineer (Zig:5)
  13 great orbs of eyes (Vaults:3 Vaults:4 Slime:2 Slime:3 Slime:5)
  7 fire dragons (D:12 Depths:1 Depths:2 Depths:4)
  20 ice dragons (Depths:1 Depths:2 Depths:3 Depths:4 Coc:6)
  A shambling mangrove (Swamp:4)
  2 spectral spriggans (Tar:3 Tar:4)
  3 spriggan zombies (Crypt:1 Crypt:2 Tar:7)
  Erolcha (Orc:1)
  25 vault guards (D:13 Vaults:2 Vaults:3 Vaults:5)
  20 caustic shrike simulacra (Abyss:3 Coc:2 Coc:3 Coc:4 Coc:5)
  6 hell beasts (Hell Geh:4 Pan)
  A fenstrider witch zombie (Crypt:1)
  26 hydras (Lair:2 Lair:3 Lair:5 D:12 D:13)
  5 juggernaut simulacra (Coc:3 Coc:5 Coc:7)
  4 peacekeepers (Vaults:2 Vaults:4)
  2 ogre magi (Vaults:5)
  7 spriggan air magi (Depths:2)
  8 rakshasas (Depths:1 Depths:2 Abyss:3 Pan)
  21 centaur warriors (D:12 D:13 D:14 D:15 Vaults:1)
  2 ghost crabs (Swamp:1 Swamp:4)
  A catoblepas (Abyss:3)
  2 boulder beetles (D:15 Vaults:1)
  An anaconda (shapeshifter) (Zig:13)
  3 death knights (D:14 Crypt:2 Crypt:3)
  4 anacondas (Snake:1 Snake:3)
  16 salamander tyrants (Snake:1 Snake:4 Zig:8 Geh:1 Geh:2)
  22 dancing weapons (Elf:1 Elf:2 Elf:3 Abyss:3 Pan)
  7 two-headed ogres (D:9 D:10 D:12 D:13)
  5 death yaks (Lair:4 Lair:5)
  10 ironbound frosthearts (Vaults:1 Vaults:3 Vaults:4)
  7 stokers (Geh:1 Geh:2 Geh:5 Geh:6 Geh:7)
  9 deep troll earth magi (Depths:1 Depths:2 Depths:3 Depths:4 Vaults:5)
  16 naga warriors (Snake:2 Snake:3 Snake:4 Zig:8 Abyss:3)
  15 death scarabs (Zig:7 Tomb:1)
  6 tengu warriors (D:14 D:15 Depths:1 Depths:2)
  47 hell hogs (Hell Geh:1 Geh:2 Geh:3 Geh:4)
  9 deep troll shamans (Depths:1 Depths:3 Depths:4)
  2 spectral dire elephants (Tar:3 Tar:7)
  3 orc high priests (Orc:2 Zig:14)
  15 naga sharpshooters (Snake:1 Snake:3 Snake:4 Zig:8)
  14 thrashing horrors (Abyss:3)
  8 alligators (Swamp:1 Swamp:2 Swamp:3 Zig:6)
  11 vampire magi (Vaults:3 Depths:2 Crypt:1 Crypt:2 Crypt:3)
  5 spriggan berserkers (Swamp:4 Depths:4)
  51 soul eaters (Crypt:2 Depths:1 Hell Zig:3 Pan)
  21 deep elf knights (Elf:1 Elf:2 Elf:3 Vaults:5)
  19 hell knights (Vaults:1 Vaults:2 Depths:1 Depths:4 Hell)
  157 sun demons (Hell Depths:1 Abyss:3 Pan D:2)
  A titan skeleton (Tomb:1)
  9 shock serpents (Snake:1 Snake:2 Snake:3 Snake:4 Pan)
  22 skeletal warriors (Crypt:1 Crypt:2 Crypt:3 Tomb:1 Tomb:2)
  42 sixfirhies (Depths:3 Abyss:3 Pan)
  12 crystal echidnas (Dis:1 Dis:4 Dis:5 Dis:7)
  4 skysharks (Lair:2 Lair:5)
  Lodul (D:10)
  A bunyip zombie (Abyss:3)
  3 fire crabs (Lair:5 Abyss:3)
  4 salamander mystics (Snake:1)
  10 iron trolls (Depths:1 Depths:3 Depths:4 Hell)
  40 shadow wraiths (Crypt:3 Abyss:3 Pan Tar:7)
  2 spectral anacondas (Tar:2 Tar:3)
  3 spriggan druids (Swamp:1 Zig:6)
  15 cherubim (Pan)
  7 wretched stars (Abyss:3)
  3 quicksilver dragon simulacra (Coc:1 Coc:3 Coc:4)
  A sea snake (shapeshifter) (Zot:1)
  An orb spider (Abyss:3)
  A spark wasp zombie (Depths:3)
  5 goliath frogs (Swamp:1 Swamp:3 Swamp:4 Zig:6)
  An anaconda zombie (Crypt:1)
  A spatial maelstrom (Abyss:3)
  46 deep trolls (Vaults:2 Vaults:3 Depths:1 Depths:3 Depths:4)
  6 flayed ghosts (Depths:1 Depths:2 Crypt:3 Abyss:3)
  An iron giant skeleton (Crypt:2)
  2 sea snakes (Snake:4 Zig:5)
  An iron giant zombie (Abyss:3)
  7 orange crystal statues (Zig:3 Zig:6 Zig:8)
  3 lindwurms (Vaults:1)
  12 deep elf archers (Elf:1 Elf:2 Elf:3)
  8 glowing orange brains (Depths:2 Depths:4 Zig:15 Abyss:3)
  34 shadow demons (Depths:3 Geh:4 Pan D:13 D:5)
  29 deep elf pyromancers (Bailey D:13 D:14 Elf:1 Elf:2)
  16 wizards (Vaults:2 Vaults:3 Depths:3 Pan)
  15 swamp dragons (Swamp:1 Swamp:2 Swamp:4 Abyss:3)
  5 bog bodies (IceCv Swamp:4 Crypt:2)
  18 ironbound convokers (Vaults:1 Vaults:2 Vaults:3 Vaults:4 Vaults:5)
  2 bunyip skeletons (Crypt:3 Pan)
  9 orc knights (Bailey Orc:2 Vaults:4 Vaults:5 Zig:14)
  26 deep elf zephyrmancers (Elf:1 Elf:2 Elf:3 Vaults:5)
  7 naga ritualists (Snake:1 Snake:2 Snake:4)
  6 phantasmal warriors (Depths:2 Crypt:3 Vaults:5 Depths:1)
  3 obsidian statues (Zig:3 Zig:6 Zig:8)
  20 harpies (Vaults:1 Vaults:2 Zig:5)
  2 nameless horrors (Zot:1 Zig:14)
  13 necromancers (Lair:3 Orc:1 Vaults:1 Vaults:2 Vaults:3)
  6 mana vipers (Snake:1 Snake:2)
  2 anaconda skeletons (Pan Tar:7)
  A shadow dragon skeleton (Pan)
  8 orc sorcerers (Orc:2 Zig:14 Abyss:3)
  20 starcursed masses (Abyss:3)
  A wolf spider (D:15)
  A wolf spider zombie (Crypt:2)
  51 ugly things (IceCv D:14 D:15 Vaults:2 Vaults:3)
  3 manticores (D:11 D:13)
  7 shining eyes (Slime:3 Slime:5 Zig:1 Zig:12 Zig:15)
  6 cyclopes (D:11 D:14 D:15 Zig:5 Zig:14)
  A will-o-the-wisp (Swamp:1)
  3 worldbinders (Abyss:3)
  11 salamanders (Snake:1 Snake:2 Snake:3 Snake:4 Depths:3)
  A fire giant zombie (Crypt:1)
  20 moths of wrath (Zot:1 Zot:2 Zot:3 Zot:4 Zig:14)
  3 elephants (Lair:4 Lair:5)
  A frost giant skeleton (Depths:3)
  2 spectral centaurs (Tar:1)
  12 rust devils (Depths:2 Hell Depths:1 Pan)
  A stone giant skeleton (Abyss:3)
  An orc zombie (Orc:1)
  4 molten gargoyles (Hell)
  41 demonic crawlers (Hell Pan)
  3 apocalypse crabs (Abyss:3)
  6 ice statues (IceCv Depths:3 Zig:8 Abyss:3)
  13 vault sentinels (Vaults:1 Vaults:2 Vaults:3 Vaults:4 Vaults:5)
  23 black mambas (Lair:2 Lair:4 Lair:5 Snake:1 Snake:2)
  47 hellions (Hell Geh:3 Geh:4 Geh:7 Abyss:3)
  9 cane toads (Lair:2 Lair:4 Lair:5)
  4 centaur skeletons (Crypt:1 Pan)
  A gargoyle (D:12)
  23 naga magi (Snake:1 Snake:2 Snake:3 Snake:4 Zig:8)
  A torpor snail (Lair:4)
  2 cane toads (shapeshifter) (D:13)
  9 eyes of devastation (Slime:2 Slime:5 Zig:15 Abyss:2 Pan)
  59 orange demons (Hell Abyss:3 Abyss:4 Pan D:2)
  87 smoke demons (Hell Abyss:2 Abyss:3 Pan)
  3 guardian serpents (Snake:4 Zig:8 Abyss:3)
  13 titan simulacra (Hell Coc:1 Coc:2 Coc:3 Coc:4)
  A kobold demonologist (D:11)
  A dire elephant skeleton (Crypt:3)
  An unseen horror zombie (Crypt:2)
  28 efreet (D:13 D:15 Abyss:3 Pan D:4)
  4 unseen horrors (D:12 Abyss:2 Abyss:3)
  A minotaur zombie (Tomb:2)
  8 freezing wraiths (D:12 Depths:3 Crypt:1 Crypt:3 Vaults:4)
  50 tormentors (Geh:2 Geh:4 Abyss:3 Pan Coc:3)
  4 anaconda simulacra (Coc:1 Coc:2 Coc:5 Coc:6)
  9 ancient zymes (Abyss:1 Abyss:3)
  7 ice devils (IceCv Depths:3 Depths:1 Abyss:3 Pan)
  13 red devils (Pan)
  9 komodo dragons (D:11 Lair:2 Lair:3 Lair:4 Lair:5)
  44 yaktaurs (Vaults:1 Vaults:2 Vaults:3 Vaults:4)
  4 tengu conjurers (D:15 Depths:2)
  A bunyip simulacrum (Tomb:2)
  6 iron giant simulacra (Coc:3 Coc:5 Coc:7)
  3 spectral harpies (Tar:2 Tar:3 Tar:4)
  A death yak skeleton (Crypt:1)
  A spectral naga (Tar:4)
  A purple draconian skeleton (Crypt:3)
  A hydra zombie (Hell)
  51 guardian mummies (Crypt:3 Zig:7 Tomb:1 Tomb:2 Tomb:3)
  13 trolls (D:7 D:8 D:9 D:10 D:12)
  3 golden dragon simulacra (Coc:3 Coc:4 Coc:7)
  44 hellwings (Abyss:3 Pan D:13)
  A meliai (shapeshifter) (Elf:1)
  An unseen horror skeleton (Crypt:3)
  An iron troll skeleton (Crypt:1)
  A silent spectre (Tar:4)
  A wind drake (shapeshifter) (D:13)
  4 merfolk (Zig:5)
  5 polar bears (Lair:1 Lair:5)
  11 hornets (Lair:5 Swamp:1 Swamp:2 Swamp:3 Swamp:4)
  A tengu simulacrum (Depths:3)
  13 tyrant leeches (Lair:3 Swamp:1 Swamp:2 Swamp:3 Swamp:4)
  40 raiju (Abyss:1 Abyss:2 Abyss:3)
  A hydra skeleton (Crypt:3)
  13 blink frogs (Lair:1 Lair:2 Lair:3 Lair:4 Abyss:3)
  2 stone giant simulacra (Hell Coc:5)
  Grinder (D:3)
  9 dream sheep (Lair:5)
  4 iron dragon simulacra (Coc:3 Coc:4)
  A frost giant simulacrum (Zig:9)
  2 ice dragon zombies (Crypt:3 Abyss:1)
  116 large abominations (Abyss:1 Abyss:2 Abyss:3 Abyss:4 Pan)
  A death drake skeleton (Crypt:2)
  3 ettin zombies (Crypt:2 Crypt:3 Tomb:2)
  5 harpy skeletons (Crypt:3 Abyss:3 Pan Tar:7)
  A slime creature (shapeshifter) (Vaults:4)
  113 slime creatures (D:13 Vaults:1 Vaults:3 Vaults:4 Slime:1)
  36 flying skulls (Crypt:1 Crypt:2 Zig:7 Abyss:3 Tomb:1)
  3 shadows (D:9 Abyss:3)
  2 centaur simulacra (D:15 Coc:1)
  25 yaks (D:8 D:9 D:11 Lair:1 Lair:4)
  4 air elementals (Elf:1 Elf:2 Elf:3)
  A culicivora (shapeshifter) (Vaults:5)
  18 spriggans (Lair:5 Swamp:1 Swamp:2 Swamp:3 Depths:2)
  6 water elementals (Elf:3 Depths:2 Zig:5)
  9 dire elephant simulacra (IceCv Coc:1 Coc:2 Coc:4 Coc:5)
  22 ushabtiu (Crypt:3 Zig:7 Tomb:1 Tomb:2 Tomb:3)
  5 vampires (D:11 D:14 Vaults:3)
  7 wyverns (D:9 D:10 Lair:2 Lair:4)
  An alligator snapping turtle simulacrum (Coc:3)
  3 ettin skeletons (Crypt:1 Hell Tar:7)
  3 fire elementals (Elf:1 Elf:3 Abyss:3)
  3 golden eyes (Zig:12 Zot:1)
  8 wraiths (D:9 D:11 Crypt:1 Crypt:2 Crypt:3)
  2 elf zombies (Vaults:5)
  74 ynoxinuls (Abyss:3 Depths:1 Pan)
  A hog (shapeshifter) (Vaults:4)
  A redback (shapeshifter) (Zot:1)
  5 basilisks (Lair:1 Lair:3 Lair:5 Abyss:3)
  3 steam dragons (D:9 D:10)
  47 neqoxecs (Depths:3 Abyss:3 Pan)
  4 death yak simulacra (Lair:2 IceCv)
  104 chaos spawn (Zot:1 Zig:10 Abyss:3 Pan)
  An elf skeleton (Vaults:3)
  A glowing shapeshifter zombie (Crypt:1)
  49 nagas (Lair:3 Snake:1 Snake:2 Snake:3 Snake:4)
  A naga zombie (Tar:7)
  8 vampire mosquitoes (D:13 Swamp:1)
  24 harpy simulacra (Coc:1 Coc:2 Coc:3 Coc:4 Coc:5)
  16 swamp worms (Lair:3 Swamp:1 Swamp:2 Swamp:3 Swamp:4)
  Edmund (D:5)
  8 wargs (Orc:1 Depths:1 Zig:14)
  13 water moccasins (D:6 D:7 D:9 Lair:1 Lair:2)
  An acid dragon (D:10)
  5 floating eyes (Depths:1 Depths:2 Zig:12)
  3 hydra simulacra (Coc:1 Coc:5 Coc:6)
  A water moccasin (shapeshifter) (Zot:1)
  4 swamp drakes (Swamp:4)
  3 ice beasts (Abyss:3 Coc:6)
  3 sky beasts (D:10)
  48 orc warriors (Bailey D:10 Orc:1 Orc:2 Depths:1)
  2 elf simulacra (Vaults:3)
  4 ettin simulacra (Orc:1 Coc:2 Coc:6 Coc:7)
  7 black bears (D:4 D:9 Lair:5)
  18 wolves (Lair:4 Lair:5)
  A boggart (shapeshifter) (D:12)
  2 human zombies (Vaults:5)
  4 boggarts (Lair:5)
  2 black mamba simulacra (Coc:1 Coc:2)
  A dream sheep zombie (Crypt:1)
  15 ogres (D:5 D:6 D:10 D:9 Orc:1)
  A swamp dragon skeleton (Pan)
  A hog zombie (Crypt:1)
  15 centaurs (D:5 D:6 D:7 D:9 D:10)
  A centaur (shapeshifter) (Vaults:5)
  4 kobold brigands (D:7 D:8 D:9)
  17 bullfrogs (D:8 D:9 Lair:1 Lair:2 Lair:3)
  5 gnoll sergeants (D:7 D:8 D:11 D:12)
  5 scorpions (D:4 D:5 D:6)
  A necrophage (Crypt:1)
  20 small abominations (Abyss:1 Abyss:2 Abyss:3 Abyss:4)
  4 earth elementals (Elf:1 Elf:2 Elf:3)
  2 cane toad simulacra (IceCv)
  8 two-headed ogre simulacra (IceCv)
  3 wights (D:7)
  A warg skeleton (Orc:1)
  A yak zombie (Crypt:2)
  3 killer bees (D:9)
  A raiju skeleton (Crypt:3)
  An elephant simulacrum (IceCv)
  9 spriggan skeletons (D:9 Crypt:1 Abyss:3 Tomb:2)
  6 electric eels (Lair:2 Lair:4 Snake:4 Elf:3)
  3 howler monkeys (D:11)
  2 troll skeletons (D:9 Orc:1)
  10 crimson imps (Abyss:2 Abyss:3 Pan)
  A lava snake (Snake:4)
  6 quasits (Abyss:3)
  4 hounds (D:5 D:6)
  25 orc priests (D:3 D:5 D:6 D:8 D:10)
  Crazy Yiuf (D:7)
  3 iguanas (D:5 D:6)
  3 iron imps (Abyss:3)
  4 sleepcaps (D:4 D:6 D:7)
  A black bear skeleton (Crypt:2)
  An iguana (shapeshifter) (Vaults:5)
  36 orc wizards (D:5 D:6 D:8 D:10 D:11)
  A boggart skeleton (Crypt:2)
  6 polar bear simulacra (IceCv Lair:3)
  A yak simulacrum (Lair:3)
  5 troll simulacra (IceCv)
  9 wolf simulacra (IceCv Lair:3)
  16 spriggan simulacra (IceCv Crypt:2 Coc:1 Coc:2 Coc:3)
  A killer bee zombie (Crypt:1)
  An acid dragon zombie (Crypt:3)
  4 naga skeletons (Crypt:2 Pan)
  47 mummies (Zig:7 Tomb:1 Tomb:2 Tomb:3)
  5 adders (D:4 D:5)
  22 gnolls (D:1 D:5 D:7 D:8 D:11)
  9 naga simulacra (IceCv Coc:1 Coc:4 Coc:7)
  An orc skeleton (Orc:1)
  11 white imps (D:5 D:6 IceCv Abyss:3)
  5 ufetubi (D:7 IceCv Abyss:3)
  An orc simulacrum (Orc:1)
  An adder zombie (D:2)
  A jelly zombie (Crypt:1)
  2 adder skeletons (D:2)
  77 orcs (D:3 D:5 D:6 D:7 Bailey)
  3 bats (D:1 D:2 D:3)
  5 endoplasms (D:1 D:3 D:4)
  5 giant cockroaches (D:1 D:2 D:3 D:4)
  16 goblins (D:1 D:2 D:3 D:9)
  13 hobgoblins (D:1 D:2 D:3 D:4)
  2 quokkas (D:1 D:2)
  3 training dummies (D:7)
  10 ball pythons (D:1 D:3 D:4)
  A ball python skeleton (D:2)
  3 frilled lizards (D:1 D:3)
  A frilled lizard zombie (Crypt:3)
  A jackal skeleton (Crypt:3)
  A jackal zombie (D:2)
  23 kobolds (D:1 D:3 D:4 D:6 D:7)
  5 rats (D:1 D:3)
  A river rat simulacrum (Lair:3)
  6 creeping infernos (Geh:3 Geh:5 Geh:7)
  36 fire vortices (Geh:1 Geh:2 Geh:3 Geh:4 Geh:5)
  2 lurking horrors (Abyss:3)
  21 starspawn tentacles (Abyss:3)
5185 creatures vanquished.

Vanquished Creatures (collateral kills)
  Cerebov (Pan)
  Antaeus (Coc:7)
  A seraph (Pan)
  Dispater (Dis:7)
  6 dread liches (Zig:11 Zot:5 Tar:3 Dis:5)
  2 orbs of fire (Zot:1 Zot:5)
  Mennas (Pan)
  5 ancient liches (Zot:5 Tar:6)
  8 royal mummies (Tomb:1 Tomb:3)
  A juggernaut (Dis:7)
  Boris (Vaults:2)
  4 Killer Klowns (Zig:10 Zig:13 Zot:5)
  Saint Roka (Depths:1)
  6 caustic shrikes (Dis:4 Dis:7)
  2 golden dragons (Zot:5)
  5 bone dragons (Tar:5 Tar:7)
  A profane servitor (Tar:6)
  3 Tzitzimimeh (Tar:7)
  2 Brimstone Fiends (Geh:4 Pan)
  2 tentacled monstrosities (Vaults:5 Zot:5)
  3 Hell Sentinels (Dis:3 Dis:4 Dis:7)
  3 iron giants (Dis:5 Dis:7)
  4 tainted leviathans (Tar:6 Tar:7)
  Mlioglotl (Snake:1)
  An Ice Fiend (Pan)
  A searing wretch (Geh:7)
  3 Orb Guardians (Zot:5)
  4 liches (Depths:1 Crypt:3 Pan Tomb:1)
  A quicksilver dragon (shapeshifter) (Zig:13)
  5 ancient champions (Crypt:3 Dis:3 Dis:5 Dis:7)
  8 pandemonium lords (Zig:13 Pan D:15)
  2 tentacled starspawn (Abyss:3)
  3 Executioners (Pan)
  2 shadow dragons (Vaults:5)
  2 tengu reavers (Vaults:5 Vaults:4)
  3 storm dragons (D:12 Zot:1 Zot:5)
  2 daevas (Pan)
  A nagaraja (Abyss:3)
  2 fire giants (shapeshifter) (Zig:10)
  A rockslime (Zig:13)
  A demonspawn warmonger (Pan)
  4 vault wardens (Vaults:5 Zig:11)
  A frost giant (shapeshifter) (Zig:13)
  A ghost moth (Abyss:3)
  6 iron dragons (Dis:3 Dis:7)
  A draconian knight (Zot:5)
  2 quicksilver elementals (Dis:3 Dis:4)
  A deep elf sorcerer (Zig:11)
  3 balrugs (Hell Geh:4 Pan)
  A draconian shifter (Zot:4)
  2 demonspawn blood saints (Pan)
  5 war gargoyles (Dis:5 Dis:7)
  An angel (Pan)
  3 reapers (Pan)
  3 very ugly things (Vaults:5 Zig:11 Zig:13)
  A demonspawn corrupter (Pan)
  7 cacodemons (Pan)
  2 stone giants (Vaults:5 Vaults:4)
  An apis (Pan)
  3 ophanim (Pan)
  4 putrid mouths (Tar:6 Tar:7)
  2 green draconians (Zot:4)
  A red draconian (Zot:5)
  2 demonspawn black suns (Pan)
  9 bennus (Tomb:1 Tomb:2 Tomb:3)
  A dire elephant (Vaults:4)
  A lorocyproca (Pan)
  A dire elephant (shapeshifter) (Zig:13)
  A purple draconian (Zot:5)
  5 white draconians (Zot:4 Zot:5)
  2 ettins (Vaults:5)
  A deep elf death mage (Vaults:5)
  2 eidola (Crypt:2 Tar:7)
  4 iron golems (Dis:5)
  A blizzard demon (Pan)
  8 mummy priests (Zig:7 Tomb:1 Tomb:3)
  A jiangshi (Crypt:3)
  2 spectral quicksilver dragons (Tar:5)
  A spectral golden dragon (Tar:6)
  2 hydras (Swamp:4)
  A rakshasa (Pan)
  A hell beast (Pan)
  11 vault guards (Vaults:2 Vaults:5)
  3 ice dragons (Depths:1 Depths:3)
  A peacekeeper (Vaults:2)
  A salamander tyrant (Snake:1)
  2 ironbound frosthearts (Vaults:1 Vaults:2)
  A spriggan air mage (Depths:1)
  A centaur warrior (Vaults:1)
  9 death scarabs (Tomb:1)
  A satyr (Abyss:3)
  A deep troll shaman (Depths:3)
  A hell hog (Geh:4)
  A naga sharpshooter (Snake:1)
  A thrashing horror (Abyss:3)
  An alligator (Swamp:1)
  8 dancing weapons (Elf:2 Vaults:5)
  A shock serpent (Snake:3)
  4 soul eaters (Hell Pan)
  13 sun demons (Hell Pan)
  3 hell knights (Hell)
  3 sixfirhies (Hell Pan)
  2 wretched stars (Abyss:3)
  An iron troll (shapeshifter) (Zig:10)
  4 cherubim (Pan)
  2 shadow wraiths (Tar:5 Tar:7)
  2 deep trolls (Vaults:2 Depths:4)
  4 shadow demons (Pan)
  3 naga ritualists (Snake:1 Snake:2)
  4 bog bodies (Swamp:1 Swamp:2 Swamp:3 Swamp:4)
  2 phantasmal warriors (Vaults:5 Hell)
  A harpy (shapeshifter) (Zig:13)
  An ironbound convoker (Vaults:5)
  2 starcursed masses (Abyss:3)
  5 harpies (Vaults:5)
  A spectral ettin (Tar:5)
  2 necromancers (Hell)
  An ugly thing (Depths:1)
  A salamander (Snake:1)
  A shining eye (Slime:3)
  4 moths of wrath (Zig:14 Zot:5)
  A manticore (shapeshifter) (Zig:13)
  A cyclops (shapeshifter) (Zig:11)
  2 elephants (Lair:5)
  A water nymph (shapeshifter) (Zig:13)
  3 rust devils (Hell Pan)
  5 apocalypse crabs (Zig:10 Zig:13)
  A frost giant skeleton (Depths:3)
  A naga mage (Snake:3)
  5 orange demons (Pan)
  A demonic crawler (Pan)
  An elephant (shapeshifter) (Zig:13)
  6 smoke demons (Pan)
  2 hellions (Pan Dis:7)
  3 efreet (Pan)
  A freezing wraith (Depths:1)
  A nameless horror (Pan)
  3 tormentors (Pan Dis:3)
  6 guardian mummies (Tomb:1 Tomb:2 Tomb:3)
  9 hellwings (Pan)
  A tarantella (shapeshifter) (Zig:13)
  A dream sheep (Lair:5)
  2 blink frogs (Lair:2)
  3 flying skulls (Tomb:1 Tomb:3)
  A jumping spider (shapeshifter) (Zig:13)
  An ettin skeleton (Crypt:3)
  2 ynoxinuls (Pan)
  An ushabti (Tomb:1)
  3 chaos spawn (Zig:10 Pan)
  A basilisk (Lair:4)
  4 neqoxecs (Abyss:3 Pan)
  2 large abominations (Pan)
  A vampire mosquito (Swamp:1)
  A naga (Snake:3)
  A swamp worm (shapeshifter) (Zig:13)
  A water moccasin (Lair:4)
  An orc warrior (Zig:14)
  2 wolves (Lair:5)
  3 orc skeletons (Orc:1)
  A necrophage (Crypt:3)
  A two-headed ogre simulacrum (IceCv)
  An orc priest (Orc:2)
  An orc wizard (Orc:2)
  5 mummies (Tomb:1 Tomb:3)
  A white imp (IceCv)
  An orc (Orc:2)
  4 fire vortices (Geh:7 Pan)
  A lurking horror (Abyss:3)
  2 starspawn tentacles (Abyss:3)
421 creatures vanquished.

Vanquished Creatures (others)
  A royal mummy (Tomb:2)
  11 caustic shrike zombies (Dis:3 Dis:4 Dis:7)
  3 demonspawn blood saints (Pan)
  2 lorocyprocas (Pan)
  A rakshasa (Zot:2)
  2 bennu zombies (Tomb:2 Tomb:3)
  A titan zombie (Vaults:5)
  A wretched star (Abyss:3)
  A deep troll (Vaults:2)
  A salamander (Abyss:3)
  6 death scarab zombies (Tomb:1)
  A titan simulacrum (Coc:7)
  A storm dragon simulacrum (Zig:9)
  A hellion (Geh:7)
  An ice devil (Hell)
  A tormentor (Dis:3)
  11 human zombies (Vaults:5)
  3 bloated husks (Swamp:1 Swamp:4)
  4 harpy zombies (Vaults:5)
  A tengu simulacrum (Zig:9)
  A raiju (Abyss:3)
  2 flying skulls (Crypt:2)
  A ynoxinul (Pan)
  A dire elephant simulacrum (Coc:7)
  An ogre zombie (Vaults:5)
  A gnoll (D:12)
  4 orc zombies (Vaults:5)
  A butterfly (D:7)
  4 fire vortices (Geh:7 Pan)
  2 foxfires (Swamp:1)
  3 lurking horrors (Abyss:3)
  17 starspawn tentacles (Abyss:3)
92 creatures vanquished.

Grand Total: 5698 creatures vanquished

Table legend: (Time is in decaauts)
 A = Elapsed time spent in this place.
 B = Non-inter-level travel time spent in this place.
 C = Inter-level travel time spent in this place.
 D = Time resting spent in this place.
 E = Time spent auto-exploring this place.
 F = Levels seen in this place.
 G = Mean time per level.
                   A        B        C        D        E       F      G
               +--------+--------+--------+--------+--------+-----+--------+
         Total | 292386 | 240959 |  51427 |  60356 |  84902 | 130 | 2249.1 |
       Dungeon |  39844 |  26827 |  13017 |   5293 |  12915 |  15 | 2656.3 |
        Temple |    576 |    511 |     65 |      0 |    482 |   1 |  576.0 |
          Lair |  17824 |  11438 |   6386 |   1336 |   4978 |   5 | 3564.8 |
         Swamp |   7280 |   6485 |    795 |   1743 |   1840 |   4 | 1820.0 |
     Snake Pit |  11389 |   8939 |   2450 |   2480 |   1670 |   4 | 2847.2 |
    Slime Pits |   9790 |   8634 |   1156 |   1537 |   5562 |   5 | 1958.0 |
  Orcish Mines |   7873 |   4545 |   3328 |    747 |   1251 |   2 | 3936.5 |
   Elven Halls |  13173 |  10879 |   2294 |   2236 |   3909 |   3 | 4391.0 |
        Vaults |  24660 |  19505 |   5155 |   4958 |  11887 |   5 | 4932.0 |
         Crypt |   8873 |   7173 |   1700 |   1336 |   2847 |   3 | 2957.7 |
          Tomb |   9438 |   8331 |   1107 |   3961 |    565 |   3 | 3146.0 |
        Depths |  23062 |  16771 |   6291 |   6000 |   7188 |   4 | 5765.5 |
          Hell |   2441 |   1823 |    618 |    123 |   1082 |   1 | 2441.0 |
           Dis |   7161 |   6272 |    889 |    824 |   1497 |   7 | 1023.0 |
       Gehenna |  10975 |  10084 |    891 |   3002 |   3588 |   7 | 1567.9 |
       Cocytus |   7446 |   6676 |    770 |   1607 |   3015 |   7 | 1063.7 |
      Tartarus |  10172 |   9218 |    954 |   3384 |   2695 |   7 | 1453.1 |
           Zot |  19060 |  15505 |   3555 |   4367 |   6428 |   5 | 3812.0 |
         Abyss |   4712 |   4712 |      0 |    642 |   2106 |   8 |  589.0 |
   Pandemonium |  47521 |  47521 |      0 |  11796 |   8093 |  16 | 2970.1 |
      Ziggurat |   5407 |   5407 |      0 |   2275 |    439 |  15 |  360.5 |
         Trove |    573 |    573 |      0 |      0 |    302 |   1 |  573.0 |
        Bailey |    867 |    867 |      0 |    296 |    125 |   1 |  867.0 |
      Ice Cave |   2259 |   2259 |      0 |    404 |    428 |   1 | 2259.0 |
               +--------+--------+--------+--------+--------+-----+--------+

Top non-repeatable levels by time:
Depths:1: 7775 daAuts
Depths:2: 6679 daAuts
Vaults:4: 6082 daAuts
  Tomb:1: 5995 daAuts
   Elf:3: 5374 daAuts
    D:13: 5318 daAuts
Vaults:2: 5241 daAuts
   Orc:2: 5126 daAuts
   Tar:7: 5077 daAuts
Vaults:3: 4972 daAuts
     D:9: 4881 daAuts
   Geh:7: 4867 daAuts
   Zot:1: 4606 daAuts
Depths:4: 4337 daAuts
Vaults:1: 4306 daAuts

Table legend:
 A = Non-vault XP
 B = Vault XP
 C = Vault XP percentage of total XP
 D = Non-vault monster count
 E = Vault monster count
 F = Vault count percentage of total count
                 A         B        C        D         E       F
            +---------+---------+-------+---------+---------+-------
      Total | 2566329 | 1745898 |  40.5 |    3734 |    1768 |  32.1
            +---------+---------+-------+---------+---------+-------
        D:1 |      53 |       0 |   0.0 |      26 |       0 |   0.0
        D:2 |       9 |      32 |  78.0 |       5 |      12 |  70.6
        D:3 |      79 |     284 |  78.2 |      19 |      10 |  34.5
        D:4 |     129 |     149 |  53.6 |       4 |       8 |  66.7
        D:5 |     624 |     372 |  37.3 |      19 |      11 |  36.7
        D:6 |     869 |       0 |   0.0 |      16 |       0 |   0.0
        D:7 |    1345 |      46 |   3.3 |      29 |       4 |  12.1
        D:8 |     944 |     223 |  19.1 |      23 |       1 |   4.2
        D:9 |    5187 |    1741 |  25.1 |      23 |      19 |  45.2
       D:10 |    1819 |    3496 |  65.8 |      19 |      14 |  42.4
       D:11 |    4278 |       0 |   0.0 |      23 |       0 |   0.0
       D:12 |    3231 |    7788 |  70.7 |      19 |       9 |  32.1
       D:13 |    5476 |    7918 |  59.1 |      13 |      13 |  50.0
       D:14 |   13077 |       0 |   0.0 |      26 |       0 |   0.0
       D:15 |    8352 |    1136 |  12.0 |      15 |       1 |   6.2
     Lair:1 |    2777 |       0 |   0.0 |      14 |       0 |   0.0
     Lair:2 |    7024 |     581 |   7.6 |      21 |       2 |   8.7
     Lair:3 |    3427 |    2583 |  43.0 |      12 |      20 |  62.5
     Lair:4 |    5566 |    3370 |  37.7 |      23 |       6 |  20.7
     Lair:5 |   15122 |    7240 |  32.4 |      37 |      42 |  53.2
    Swamp:1 |   14932 |       0 |   0.0 |      33 |       0 |   0.0
    Swamp:2 |    9259 |       0 |   0.0 |      14 |       0 |   0.0
    Swamp:3 |   12338 |       0 |   0.0 |      20 |       0 |   0.0
    Swamp:4 |    6526 |   23676 |  78.4 |      14 |      33 |  70.2
    Snake:1 |   17186 |   14203 |  45.2 |      32 |      17 |  34.7
    Snake:2 |   11146 |    1345 |  10.8 |      23 |       1 |   4.2
    Snake:3 |   18180 |    1172 |   6.1 |      33 |       1 |   2.9
    Snake:4 |   14640 |   17878 |  55.0 |      34 |      33 |  49.3
    Slime:1 |    9372 |       0 |   0.0 |      10 |       0 |   0.0
    Slime:2 |    6665 |       0 |   0.0 |       6 |       0 |   0.0
    Slime:3 |   13696 |       0 |   0.0 |      44 |       0 |   0.0
    Slime:4 |    7439 |       0 |   0.0 |      17 |       0 |   0.0
    Slime:5 |    7033 |   28413 |  80.2 |      20 |      19 |  48.7
      Orc:1 |     697 |    3237 |  82.3 |      11 |      16 |  59.3
      Orc:2 |    6351 |    4757 |  42.8 |      49 |      41 |  45.6
      Elf:1 |   12523 |    8255 |  39.7 |      19 |      14 |  42.4
      Elf:2 |   15636 |   26866 |  63.2 |      24 |      34 |  58.6
      Elf:3 |   20956 |   36784 |  63.7 |      37 |      34 |  47.9
   Vaults:1 |   22518 |   14628 |  39.4 |      39 |      19 |  32.8
   Vaults:2 |   32622 |   29897 |  47.8 |      46 |      33 |  41.8
   Vaults:3 |   28688 |   18955 |  39.8 |      43 |      28 |  39.4
   Vaults:4 |   29534 |   28114 |  48.8 |      42 |      36 |  46.2
   Vaults:5 |   19397 |   89077 |  82.1 |      27 |      83 |  75.5
    Crypt:1 |   33173 |       0 |   0.0 |      51 |       0 |   0.0
    Crypt:2 |   27720 |       0 |   0.0 |      41 |       0 |   0.0
    Crypt:3 |   21167 |   31700 |  60.0 |      31 |      37 |  54.4
     Tomb:1 |   19179 |  116713 |  85.9 |      57 |      70 |  55.1
     Tomb:2 |    8964 |   36940 |  80.5 |      25 |      50 |  66.7
     Tomb:3 |    7204 |   52923 |  88.0 |      20 |      52 |  72.2
   Depths:1 |   37875 |   27102 |  41.7 |      48 |      36 |  42.9
   Depths:2 |   15950 |   53154 |  76.9 |      20 |      48 |  70.6
   Depths:3 |   27187 |   27358 |  50.2 |      34 |      32 |  48.5
   Depths:4 |   29847 |   24160 |  44.7 |      33 |      19 |  36.5
       Hell |   30424 |   25864 |  45.9 |      40 |      36 |  47.4
      Dis:1 |   14618 |       0 |   0.0 |      13 |       0 |   0.0
      Dis:2 |    6548 |       0 |   0.0 |       5 |       0 |   0.0
      Dis:3 |   31101 |       0 |   0.0 |      15 |       0 |   0.0
      Dis:4 |   25493 |    4018 |  13.6 |      15 |       5 |  25.0
      Dis:5 |   22454 |       0 |   0.0 |      15 |       0 |   0.0
      Dis:6 |   10710 |       0 |   0.0 |       9 |       0 |   0.0
      Dis:7 |   21090 |  131555 |  86.2 |      15 |      83 |  84.7
      Geh:1 |   15850 |       0 |   0.0 |      16 |       0 |   0.0
      Geh:2 |   26016 |       0 |   0.0 |      26 |       0 |   0.0
      Geh:3 |   10985 |       0 |   0.0 |      13 |       0 |   0.0
      Geh:4 |   17389 |   37062 |  68.1 |      19 |      16 |  45.7
      Geh:5 |    9202 |       0 |   0.0 |       6 |       0 |   0.0
      Geh:6 |   11413 |       0 |   0.0 |       7 |       0 |   0.0
      Geh:7 |   15795 |   70238 |  81.6 |      10 |      40 |  80.0
      Coc:1 |   14340 |       0 |   0.0 |      19 |       0 |   0.0
      Coc:2 |   19883 |       0 |   0.0 |      25 |       0 |   0.0
      Coc:3 |   22277 |       0 |   0.0 |      22 |       0 |   0.0
      Coc:4 |   20272 |       0 |   0.0 |      27 |       0 |   0.0
      Coc:5 |   31924 |       0 |   0.0 |      33 |       0 |   0.0
      Coc:6 |   39420 |    1459 |   3.6 |      29 |       4 |  12.1
      Coc:7 |   42629 |   68423 |  61.6 |      38 |      51 |  57.3
      Tar:1 |   10085 |       0 |   0.0 |       8 |       0 |   0.0
      Tar:2 |   14281 |    1879 |  11.6 |      11 |       5 |  31.2
      Tar:3 |   20860 |       0 |   0.0 |      13 |       0 |   0.0
      Tar:4 |   13677 |       0 |   0.0 |      11 |       0 |   0.0
      Tar:5 |   24692 |       0 |   0.0 |      17 |       0 |   0.0
      Tar:6 |   21875 |       0 |   0.0 |       9 |       0 |   0.0
      Tar:7 |   27671 |  122539 |  81.6 |      18 |      79 |  81.4
      Zot:1 |   49296 |   26240 |  34.7 |      40 |      18 |  31.0
      Zot:2 |   23816 |    4612 |  16.2 |      22 |       4 |  15.4
      Zot:3 |   16205 |       0 |   0.0 |      15 |       0 |   0.0
      Zot:4 |   51857 |    3506 |   6.3 |      46 |       2 |   4.2
      Zot:5 |   36942 |  107574 |  74.4 |      27 |      42 |  60.9
    Abyss:1 |    2083 |       0 |   0.0 |       9 |       0 |   0.0
    Abyss:2 |    6270 |       0 |   0.0 |      17 |       0 |   0.0
    Abyss:3 |  153617 |   16352 |   9.6 |     280 |      20 |   6.7
    Abyss:4 |    1304 |       0 |   0.0 |       3 |       0 |   0.0
        Pan |  808705 |  355609 |  30.5 |    1176 |     327 |  21.8
      Zig:1 |     767 |       0 |   0.0 |       2 |       0 |   0.0
      Zig:2 |    4307 |       0 |   0.0 |       3 |       0 |   0.0
      Zig:3 |    4370 |    2654 |  37.8 |       3 |       4 |  57.1
      Zig:4 |    4108 |       0 |   0.0 |       4 |       0 |   0.0
      Zig:5 |    7347 |       0 |   0.0 |      16 |       0 |   0.0
      Zig:6 |    7230 |    2709 |  27.3 |       8 |       4 |  33.3
      Zig:7 |    5570 |       0 |   0.0 |      20 |       0 |   0.0
      Zig:8 |    8816 |    2139 |  19.5 |      14 |       4 |  22.2
      Zig:9 |    9516 |       0 |   0.0 |      10 |       0 |   0.0
     Zig:10 |   19944 |       0 |   0.0 |      14 |       0 |   0.0
     Zig:11 |   26129 |       0 |   0.0 |      12 |       0 |   0.0
     Zig:12 |   10929 |       0 |   0.0 |      19 |       0 |   0.0
     Zig:13 |   24345 |       0 |   0.0 |      20 |       0 |   0.0
     Zig:14 |   22526 |       0 |   0.0 |      42 |       0 |   0.0
     Zig:15 |   22368 |       0 |   0.0 |      25 |       0 |   0.0
     Bailey |       0 |    2013 | 100.0 |       0 |      16 | 100.0
      IceCv |       0 |    5187 | 100.0 |       0 |      50 | 100.0
            +---------+---------+-------+---------+---------+-------
